Workbook
Name ___nit1: #REF!
Name ___nit1: #REF!
Name ___nit1: #REF!
Name ___nit1: #REF!
Name ___nit1: #REF!
Name __nit1: #REF!
Name __nit1: #REF!
Name __nit1: #REF!
Name _nit1: #REF!
Name _nit1: #REF!
Name _nit1: #REF!
Name A_2018: [1]Comprobacion!#REF!
Name A_2018: [1]Comprobacion!#REF!
Name A_impresión_IM: #REF!
Name A_impresión_IM: #REF!
Name A_impresión_IM: #REF!
Name A_impresión_IM: #REF!
Name A_impresión_IM: #REF!
Name aaa: MATCH(0.01,'26. solvencia - solidez'!End_Bal,-1)+1
Name aaa: MATCH(0.01,End_Bal,-1)+1
Name aaa: MATCH(0.01,End_Bal,-1)+1
Name aaa: MATCH(0.01,End_Bal,-1)+1
Name aaa: MATCH(0.01,End_Bal,-1)+1
Name aaa: MATCH(0.01,End_Bal,-1)+1
Name aaa: MATCH(0.01,'Plan de Continuidad'!End_Bal,-1)+1
Name aaa: MATCH(0.01,End_Bal,-1)+1
Name aaa: MATCH(0.01,End_Bal,-1)+1
Name agencias: [2]Listas!$U$2:$U$10
Name avvillas: #REF!
Name avvillas: #REF!
Name avvillas: #REF!
Name avvillas: #REF!
Name avvillas: #REF!
Name BANCOS: [3]BANCOS!$A$2:$A$25
Name BASE_DATOS_ESTUDIO_CRED: #REF!
Name BASE_DATOS_ESTUDIO_CRED: #REF!
Name BASE_DATOS_ESTUDIO_CRED: #REF!
Name BASE_DATOS_ESTUDIO_CRED: #REF!
Name BASE1F: #REF!
Name BASE1F: #REF!
Name BASE1F: #REF!
Name BASE1F: #REF!
Name Beg_Bal: #REF!
Name Beg_Bal: #REF!
Name Beg_Bal: #REF!
Name cartera: #REF!
Name cartera: #REF!
Name cartera: #REF!
Name clientes: #REF!
Name clientes: #REF!
Name clientes: #REF!
Name CODENTIDAD: '[4]+DATOS'!$F$52:$F$231
Name contador1: 5
Name contador2: 5
Name COOPERATIVAS: [5]COOPERATIVAS!$C$4:$C$191
Name COORDINACION: '[4]DATOS COORDINACION SEGUIMIENTO'!$O$4:$O$6
Name Data: #REF!
Name Data: #REF!
Name Data: #REF!
Name Data: #REF!

Sheet ANEXO 1 - Manual SIAR
A1: ANEXO MANUAL SIAR
A2: # | B2: Actividad | C2: Mes | D2: Nota
A3: SIAR: T IV Cap 1
A4: 1 | B4: Defina el empleado o área que integrará el Comité de Riesgos | C4: 44348 | D4: Jhony
A5: 2 | B5: Nombre el Comité de Riesgos: el empleado, un integrante del órgano permanente de administración y mínimo otro más (asociado, empleado, directivo, oficial de cumplimiento) | C5: 44348 | D5: Acta 07 de junio 2021
A6: 3 | B6: Adapte, ajuste el manual SIAR | C6: 44348 | D6: OK
A7: 4 | B7: Implemente los indicadores que le resulten aplicables del Titulo V (herramienta Excel) | C7: 44348 | D7: OK
A8: 5 | B8: Implemente los indicadores del SIAR propio con SCORING (herramienta Excel) | C8: 44348 | D8: OK
A9: 6 | B9: Apruebe manual SIAR Consejo de Administración | C9: 44378 | D9: Pendiente
A10: 6 | B10: Elabore la primera reunión y acta con el seguimiento a los 5 riesgos | C10: 44378
A11: 7 | B11: Revise la capacidad patrimonial que tiene la entidad de asumir los riesgos: | C11: Trimestral | D11: OK
B12: 200% del % máximo de cartera D y E (cartera >90 y CxC clientes > 180) de los ultimos 5 años menos deterioro constituido (general e individual) Si >0
A13: + | B13: Valor máximo de evento de riesgo operativo histórico presentado (actualizado SMLMV) x 3 o 5% del valor del activo menos valor de la póliza manejo si >0 + deducible
A14: + | B14: 20% del componente de efectivo como suceptible de robo menos el valor de la poliza mas el deducible
B15: 50% del componente del saldo de Bancos como suceptible de robo menos el valor de la poliza mas deducible
B16: 30% del componente de efectivo y equivalentes y de las inversiones de patrimonio que son susceptibles a variaciones de precios de mercado (acciones, cuotas o partes de interés social, fiducias, patrimonios autónomos, FIC, inversiones medidas a valor razonable)
A17: + | B17: 20% del Inventario como riesgo de desvalorización (mercado)
A18: + | B18: 20% del Inventario menos valor cubierto por la póliza + deducible como riesgo de destrucción, robo
A19: + | B19: 100% Valor neto contable de la PPE menos valor cubierto por la póliza + deducible
A20: + | B20: 100% Valor de los intangibles
A21: / | B21: Patrimonio sin aportes
A22: SARL
A23: 1 | B23: Elabore el formato de reporte de tesorería diario para presentar a la Gerencia | C23: Diario | D23: OK
A24: 2 | B24: Defina los otros indicadores de liquidez aplicables a su entidad: capital de trabajo, rotación de inventarios, rotación de cuentas por cobrar, rotación de cuentas por pagar. Etc. | C24: 44348 | D24: OK
A25: SARLAFT - CBJ Titulo V y anexos
A26: 1 | B26: Estadística de operaciones inusuales del mes | C26: 44348 | D26: OK
A27: 2 | B27: Estadística de operaciones sospechosas del mes y estado de reportes UIAF | C27: 44348 | D27: OK
A28: 3 | B28: Estadística de operaciones en efectivo del mes: individuales y en efectivo y estado reportes UIAF | C28: 44348 | D28: OK
A29: 4 | B29: Resultado del monitoreo al proceso de debida diligencia en la vinculación de contrapartes: diligenciamiento completo del formulario, firmas y huellas, documentación y verificación de información, consulta a listas vinculantes, conservación documentación | C29: 44378 | D29: OK
A30: 5 | B30: Resultado del monitoreo al proceso de actualización de datos: documentos y aplicativos | C30: 44378 | D30: OK
A31: 6 | B31: Capacitación, actualización y evaluación anual de empleados y directivos | C31: III Trim 2021 | D31: Pendiente
A32: 7 | B32: Resultado de la evaluación de la consolidación electrónica mensual de operaciones: análisis de los principales débitos y créditos por canal (caja, bancos, otros), producto (aportes, ahorros, desembolsos cartera, ventas, compras, convenios), contraparte (empleados, directivos, PEP´s y mayor riesgo, asociados, proveedores, clientes), Jurisdicción (por empresa, por zona geográfica). Segmentación: frecuencia, valor y dispersión de las transacciones consolidadas | C32: 44378 | D32: Excel y sistema
A33: 8 | B33: Nuevos Reportes UIAF: productos / investigar si es aplicable | C33: 44440 | D33: Productos
A34: SARC CBC T IV Cap II y anexos
A35: 1 | B35: Revise y Adapte el reglamento o politicas para Deudores comerciales | C35: 44348 | D35: OK
A36: 2 | B36: Defina y Calcule los indicadores de monitoreo y preséntelos con su análisis en el Comité de riesgos y órgano permanente de administración | C36: Mensual | D36: OK
A37: 3 | B37: Verifique el cumplimiento de los limites individuales y agregados aprobados e informe al comité de riesgos (prudenciales y propios) | C37: Mensual | D37: OK
A38: SARO CBC T IV Cap IV y anexos
A39: 1 | B39: Elabore, revise, analice o actualice su PLAN ESTRATEGICO o de DESARROLLO | C39: Año 2022 | D39: OK
A40: 2 | B40: Elabore el PESEM | C40: III Trim 2021 | D40: Pendiente
A41: 3 | B41: Elabore, revise, analice o actualice sus manuales de funciones y procedimientos y Organigrama | C41: Año 2021 | D41: OK
A42: 3 | B42: Elabore, revise, analice o actualice el Codigo de Buen Gobierno e incluya en el código de ética y politica manejo conflicto de interés | C42: Año 2021 | D42: OK
A43: 4 | B43: Elabore, revise, analice o actualice sus Reglamentos de servicio y funcionamiento | C43: Año 2021 | D43: OK
A44: 5 | B44: Con el comité de Riesgos y lideres de cada proceso evalúen los principales procesos de la entidad y sus riesgos tomando como guía el modelo de referencia anexo | C44: III Trim 2021 | D44: Pendiente
A45: 6 | B45: Construya la matriz de evaluación del riesgo SARO | C45: IV Trim 2021 | D45: Pendiente
A46: 8 | B46: Evalúe el estado de las pólizas con que cuenta la entidad: Manejo, inventarios, PPE, riesgos sustracción, transporte de valores, daños o destrucción por terceros o desastres y accidentes etc. | C46: Anual | D46: OK
A47: 9 | B47: Analice, comente, recomiende a partir de la lectura del Informe de Revisor Fiscal y/o Auditoria Int | C47: Trimestral | D47: OK
A48: 10 | B48: Analice, comente, recomiende a partir de requerimientos SES, DIAN otros | C48: Trimestral | D48: OK
A49: 11 | B49: Revise el estado de reportes a través del SICSES, control de legalidad reformas de estatutos, reporte de información impresa a la SES | C49: Trimestral | D49: OK
A50: 12 | B50: Efectúe la autoevaluación de desempeño de los órganos de administración y control | C50: Anual | D50: Diciembre
... A57: 20 | B57: Revisión cumplimiento y actualización estrategias y objetivos PLAN DE DESARROLLO, presupuesto | C57: Anual | D57: en noviembre
A58: SARM CBC Titulo IV Cap V
A59: 2 | B59: Defina una política de inversiones establezca limites: | C59: IV Trim 2021
B60: 2.1. Inversiones de capital (acciones, cuotas o partes de interés social) <= (Patrimonio - aportes - PPE e intangibles) | D60: Limite recomendado
B61: 2.2. Establezca las atribuciones y limites de la gerencia y demás funcionarios para la apertura de inversiones (verifique atribuciones del estatuto): que tipo de inversiones tiene permitido efectuar la entidad. | D61: Nada especulativo
B62: 2.3. Manejo de excedentes de tesorería: Concentración por tipo de inversión (instrumento), emisor, sector o grupo económico, | D62: Solo entidades vigiladas SF
B63: 2.4. Defina una política de inversión en activos fijos: Solo invertir con recursos de reservas y fondos patrimoniales. | D63: Inverso 2.1
A64: 5 | B64: Evaluación anual de la composición y rentabilidad del portafolio de inversiones vs tasas mercado | C64: Trimestral

Sheet Plan de Continuidad
A1: EVENTO | B1: DESCRIPCION ESTADO ACTUAL | C1: ACTIVIDADES A REALIZAR PARA RECUPERAR EL SERVICIO | D1: RESPONSABLE DE EJECUTAR EL PLAN | E1: TAREAS PENDIENTE DE REALIZAR | F1: TIEMPO DE RECUPERACIÓN | G1: MEJORAS AL SERVICIO
A2: INTERNET | B2: El canal principal es en FIBRA OPTICA y se tiene un canal para contigencias de BANDA ANCHA con otra empresa diferente. | C2: En caso de que se caiga la conexión por FIBRA OPTICA, se conecta automáticamente el CANAL de BANDA ANCHA. | D2: Automático. Asistente de Gerencia | E2: Ninguna | F2: Inmediato | G2: Ninguna
A3: SWICHT | B3: COOTRAUNION cuenta con dos equipos para esta función y un equipo de respaldo en caso de falla | C3: Si falla un equipo, se procede a la instalación inmediata del respaldo. El tiempo aproximado del reemplazo es 10 minutos. | D3: Asistente de Gerencia y Gerente. Ambos técnicos en sistemas y redes | E3: Ninguna | F3: 10 minutos | G3: Ninguna
A4: ENERGIA | B4: Se cuenta con UPS | C4: La UPS soporta hasta 2 horas de funcionamiento sin energía | D4: Automático. Asistente de Gerencia | E4: Ninguna | F4: AUTOMATICO
A5: DESTRUCCION DE LAS OFICINAS (incendio, terremoto, terrorismo, asonada) | B5: La oficina es propia, localizada en el Municipio de la ______. El municipio es de bajo riesgo en orden público, sísmico y de inundaciones y cuenta con alarmas contra incendio. | C5: FASE I: el Gerente con uno o dos empleados más puede conectarse con sus equipos portátiles a la RED para efectuar pagos y transferencias (retiros de ahorros o desembolsos). Aquellos que no tengan cuenta bancaria se les podrá girar cheque. FASE II: Arrendar LOCAL COMERCIAL y efectuar las adecuaciones físicas necesarias para los puestos de trabajo prioritarios de servicio CAJAS, la red (contratista usual) y los equipos (se compran). La información está en la "NUBE". Se requiere hacer publicidad para informar del evento y nuevo lugar de trabajo. | D5: Gerencia y Asitente de Gerencia | E5: Lograr que la mayoria de los asociados cuente con Tarjeta Débito para disponer de sus recursos a través de la red de cajeros automáticos o pago directo | F5: FASE I: 2 horas / FASE II: 48 horas. En caso de terremoto, la Fase I podría tardarse 48 horas y la Fase II una semana. | G5: Implementar CORRSPONSALES BANCARIOS e informar a todos los asociados las entidades que integral la RED Coopcentral
A6: FALLO DE EQUIPOS por daño físico | B6: Los equipos son propios (computadores, impresoras, telefonos) y tienen plan de mantenimiento, seguros. Se reponen por obsolescencia o daño. Se tiene sistema a tierra para evitar quema masiva por rayo | C6: Se cuenta con dos equipos portátiles de contingencia para atender daños imprevistos. | D6: Asistente de Gerencia y Gerente. Ambos técnicos en sistemas y redes | E6: Ninguna | F6: Inmediato | G6: Ninguna
A7: TELEFONO | B7: Se cuenta con 4 lineas FIJAS y 4 Celulares | C7: La lineas FIJAS son con la unica empresa que opera en el Municipio y las celulares con CLARO en caso de falla de las fijas se recurre a los telefonos celulares CLARO corporativos y los personales. En caso de que los celulares corporativos fallen, se tendría que comprar o habilitar un servicio con otro proveedor en los telefonos celulares personales | D7: Asistente de Gerencia | E7: Ninguna | F7: Inmediato | G7: Ninguna
A8: DATOS DE USUARIO y APLICATIVO | B8: La información de cada usuario se almacena en su equipos de computo y este a su vez se le efectúa backup en el SERVIDOR DE DOMINIO. La información informacion del aplicativo está en la NUBE en Datacenter replicado en otros 2 servidores, uno fuera del país. Se cuenta con seguridad contra ataques informáticos y captura de información por sofware malicioso | C8: Solicitar al Asistente de Gerencia el descargue de la información requerida del Backup. | D8: Asistente de Gerencia | E8: Automatizar backup de archivos de trabajo de usuarios en la NUBE o dispositivo fuera de las instalaciones de la Cooperativa | F8: 5 minutos | G8: Manejar toda la información laboral en una sola carpeta, que no este en mis documentos o el escritorio, ubicaciones mas vulnerables a perdida de información.
A9: PERSONAL CLAVE DE LA GERENCIA | B9: El gerente y asistente de Gerencia tienen firmas registradas en Bancos y la Secretaria de Gerencia es Representante Legal Suplente | C9: En caso de ausencia por cualquier motivo del personal CLAVE de la GERENCIA existen personas con firmas y atribuciones que permiten que la Cooperativa continue operando bajo condiciones normales. En caso de ausencia del Contador la Cooperativa no se paraliza y el Gerente está en capacidad de reemplazarlo temporalmente. | D9: Gerencia y Asitente de Gerencia | E9: Ninguna | F9: Inmediato | G9: Ninguna
B13: ELABORO | C13: APROBO
B17: FIRMA Y NOMBRE | C17: FIRMA Y NOMBRE

Sheet RIESGO INHERENTE 
A1: FACTORES DE RIESGO | B1: CASIFICACIÓN | C1: IDENTIFICACION DEL RIESGO | E1: EVALUACION DEL RIESGO INHERENTE | H1: EVALUACION DE LOS CONTROLES EXISTENTES | M1: RIESGO RESIDUAL | P1: TRATAMIENTO DEL RIESGO | S1: SEGUIMIENTO
B2: Código (FI: Fraude Interno, FE: Fraude Externo, RL: Relaciones Laborales, C: Clientes, DAF: Daños a Activos Físicos, FT: Fallas Tecnológicas, EAP: Ejecución y Administración de Procesos) | C2: Que puede suceder | D2: Por qué puede suceder | E2: Probabilidad (Improbable: 1, Raro: 2, Potencial: 3, Probable: 4, Casi Certeza: 5) | F2: Impacto: Insignificante: 1 Menor: 2 Moderado: 3 Mayor: 4 Catastrófico: 5 | G2: RIESGO INHERENTE | H2: Descripción del Control Existente | I2: Responsable de la ejecución del Control | J2: Frecuencia de la aplicación del Control (permanente, periódica, esporádica, anual, única) | K2: Tipo de Control (Detectivo / Preventivo) | L2: Efectividad (Alta, Media, Baja) | M2: Reducción de la Probabilidad (1, 2, 3, 4, 5) donde 1 casi no la reduce y 5 la reduce al maximo | N2: Reducción del Impacto (1, 2, 3, 4, 5) donde 1 casi no reduce el impacto y 5 lo reduce al máximo | O2: RIESGO RESIDUAL | P2: Descripcion del Control Requerido | Q2: Responsable del Diseño e implementación | R2: Prioridad (Alta, Media, Baja) | S2: Responsable del Seguimiento | T2: Fecha de Seguimiento | U2: Estado de implementación (Planeación, Diseño, Prueba, Implementación, Funcionamiento)
A3: Recurso Humano RH | B3: RL: Relaciones Laborales | C3: 1. Accidentes Laborales | D3: 1.1 Accidentes de tránsito por descuido del colaborador o de terceros cuando están por fuera los comerciales haciendo sus rutas, en desplazamientos a la oficina | E3: 5 | F3: 1 | G3: =VLOOKUP(E3*F3,'riesgo inherente-Anexo '!C4:D28,2,TRUE) -> Bajo | H3: Supernumerarios y personas que pueden hacer los reemplazos temporales de los empleados que falten por cualquier causa | I3: Recursos humanos | J3: Permanente | K3: Detectivo | L3: Media | M3: 1 | N3: 3 | O3: =VLOOKUP((E3*F3)-(M3*N3),'riesgo inherente-Anexo '!C2:D28,2,TRUE) -> Bajo | P3: Capacitación en riesgo público y tránsito | Q3: Recursos humanos | R3: Baja | S3: responsable de riesgos | T3: 44531 | U3: Planeación
D4: 1.2 Caídas por pisos húmedos y zapatos inadecuados, escalera | E4: 5 | F4: 3 | G4: =VLOOKUP(E4*F4,'riesgo inherente-Anexo '!C4:D28,2,TRUE) -> Alto | H4: Instalación de antideslizantes en el anden y pasillo principal del area de atención al público / Camilla, inmovilizador / Capacitación Primeros Auxilios con Bomberos / ARL / SGSST | I4: Secretaria de Gerencia | J4: Permanente | K4: Preventivo | L4: Alta | M4: 4 | N4: 5 | O4: =VLOOKUP((E4*F4)-(M4*N4),'riesgo inherente-Anexo '!C2:D28,2,TRUE) -> Bajo | P4: Capacitación al personal con BOMBEROS y Asesor en SGSST | Q4: Asistente de Gerencia | R4: Alta | S4: Asistente de Gerencia | T4: 43800 | U4: Implementación
D5: 1.3 Manejo de herramientas cortopunzantes (legajadores y ganchos, papel, bisturí) | E5: 1 | F5: 1 | G5: =VLOOKUP(E5*F5,'riesgo inherente-Anexo '!C4:D28,2,TRUE) -> Bajo | H5: No existen, los trabajadores no realizan operaciones que revistan gran peligrosidad en esta materia | I5: Secretaria de Gerencia | J5: Permanente | K5: Preventivo | L5: Media | M5: 4 | N5: 4 | O5: =VLOOKUP((E5*F5)-(M5*N5),'riesgo inherente-Anexo '!C2:D28,2,TRUE) -> Bajo | P5: Ninguno | Q5: Asistente de Gerencia | R5: Baja | S5: Asistente de Gerencia | T5: 43800 | U5: Implementación
B6: RL: Relaciones Laborales | C6: 2. Incapacidad por Enfermedades Generales | D6: Virosis | E6: 3 | F6: 3 | G6: =VLOOKUP(E6*F6,'riesgo inherente-Anexo '!C4:D28,2,TRUE) -> Moderado | H6: Afiliación al sistema general de salud en Colombia | I6: Secretaria de Gerencia | J6: Anual | K6: Preventivo | L6: Baja | M6: 1 | N6: 1 | O6: =VLOOKUP((E6*F6)-(M6*N6),'riesgo inherente-Anexo '!C2:D28,2,TRUE) -> Moderado | P6: Campaña de vacunación | Q6: Asistente de Gerencia | R6: Alta | S6: Asistente de Gerencia | T6: 43800 | U6: Implementación
B7: RL: Relaciones Laborales | C7: 3. Enfermedades Laborales | D7: Estrés, mala postura, iluminación inadecuada, movimientos repetitivos, tunel carpiano | E7: 3 | F7: 1 | G7: =VLOOKUP(E7*F7,'riesgo inherente-Anexo '!C4:D28,2,TRUE) -> Bajo | H7: Pausas activas, capacitación en Seguridad y Salud en el Trabajo, examen de salud ocupacional | I7: Secretaria de Gerencia | J7: Periódico | K7: Preventivo | L7: Alta | M7: 4 | N7: 4 | O7: =VLOOKUP((E7*F7)-(M7*N7),'riesgo inherente-Anexo '!C2:D28,2,TRUE) -> Bajo | P7: Subsidio parcial plan de medicina prepagada COOMEVA | Q7: Asistente de Gerencia | R7: Baja | S7: Asistente de Gerencia | T7: 43800 | U7: Implementación
B8: EAP: Ejecución y Administración de Procesos | C8: 4. Selección de personal inadecuado | D8: Por no cumplir con el protocolo establecido para selección de personal. | E8: 1 | F8: 5 | G8: =VLOOKUP(E8*F8,'riesgo inherente-Anexo '!C4:D28,2,TRUE) -> Bajo | H8: Se tiene procedimiento establecido para la contratación de personal / Prueba psicológica con empresa externa / Entrevista y Prueba técnica realizada por la administración / Verificación de referencias | I8: Gerencia | J8: Esporádico | K8: Preventivo | L8: Alta | M8: 4 | N8: 3 | O8: =VLOOKUP((E8*F8)-(M8*N8),'riesgo inherente-Anexo '!C2:D28,2,TRUE) -> Bajo | P8: Ninguno | Q8: Gerencia | R8: Baja | S8: Asistente de Gerencia | T8: 43800 | U8: Implementación
B9: EAP: Ejecución y Administración de Procesos | C9: 5. Desactualización | D9: Olvido del funcionario encargado de mantenerse actualizado en el area de conocimiento que le aplica a su puesto de trabajo | E9: 1 | F9: 5 | G9: =VLOOKUP(E9*F9,'riesgo inherente-Anexo '!C4:D28,2,TRUE) -> Bajo | H9: Capacitación anual en SARLAFT / Asistencia a Diplomados y seminarios de coyuntura del personal CLAVE: Contador, Gerente, Riesgos / capacitaciones para mejorar competencias del personal en temas relacionados con motivación, servicio al cliente etc. / Profesionalización de Directivos y Empleados | I9: Gerencia | J9: Periódico | K9: Preventivo | L9: Alta | M9: 5 | N9: 5 | O9: =VLOOKUP((E9*F9)-(M9*N9),'riesgo inherente-Anexo '!C2:D28,2,TRUE) -> Bajo | P9: No se requiere | Q9: Asistente de Gerencia | R9: Alta | S9: Asistente de Gerencia | T9: 43800 | U9: Implementación
B10: RL: Relaciones Laborales | C10: 6. Mal clima laboral | D10: Por intrigas, chismes, mala comunicación, presión laboral y estrés. | E10: 1 | F10: 1 | G10: =VLOOKUP(E10*F10,'riesgo inherente-Anexo '!C4:D28,2,TRUE) -> Bajo | H10: No existe | I10: Secretaria de Gerencia | J10: Anual | K10: Preventivo | L10: Alta | M10: 4 | N10: 4 | O10: =VLOOKUP((E10*F10)-(M10*N10),'riesgo inherente-Anexo '!C2:D28,2,TRUE) -> Bajo | P10: Taller individual diagnostico y plan de crecimiento personal | Q10: Asistente de Gerencia | R10: Baja | S10: Asistente de Gerencia | T10: 43800 | U10: Implementación
B11: FI: Fraude Interno | C11: 7. Robo o Fraude interno (sustracción de chequeras, robo de dinero, titulos valores, alteración de registros) | D11: Por falta de controles de acceso al área de Tesorería, falta de seguridad en el sitio dónde se guarden títulos valores. | E11: 1 | F11: 2 | G11: =VLOOKUP(E11*F11,'riesgo inherente-Anexo '!C4:D28,2,TRUE) -> Bajo | H11: Manejo de caja fuerte con camara y clave a cargo del Tesorero, camara de video en el área de Tesorería / Sistema de Alarmas para ingreso y salida de personal / Arqueo diario de Tesorero y Arqueo mensual sorpresivo al Tesorero / Inversiones en titulos desmaterializados y FIC | I11: Asistente de Gerencia | J11: Permanente | K11: Detectivo | L11: Alta | M11: 4 | N11: 4 | O11: =VLOOKUP((E11*F11)-(M11*N11),'riesgo inherente-Anexo '!C2:D28,2,TRUE) -> Bajo | P11: No se requiere | Q11: Gerencia | R11: Alta | S11: Asistente de Gerencia | T11: 43800 | U11: Implementación
B12: EAP: Ejecución y Administración de Procesos | C12: 8. Fuga de Conocimiento o capital humano clave con experiencia y formación | D12: Salarios que no compensan con el perfil de cargo y las responsabilidades, faltas de incentivos a los colaboradores y trato inadecuado, cargas laborales muy pesadas | E12: 1 | F12: 3 | G12: =VLOOKUP(E12*F12,'riesgo inherente-Anexo '!C4:D28,2,TRUE) -> Bajo | H12: Manuales de funciones y procedimientos | I12: Gerencia y Bienestar Social | J12: Esporádico | K12: Preventivo | L12: Media | M12: 3 | N12: 3 | O12: =VLOOKUP((E12*F12)-(M12*N12),'riesgo inherente-Anexo '!C2:D28,2,TRUE) -> Bajo | P12: Actualización de manuales de funciones y procedimientos | Q12: Gerencia | R12: Baja | S12: Asistente de Gerencia | T12: 43800 | U12: Implementación
B13: EAP: Ejecución y Administración de Procesos | C13: 9. Disminución de la Productividad | D13: Mal clima laboral, mala remuneración, sobrecarga laboral | E13: 1 | F13: 3 | G13: =VLOOKUP(E13*F13,'riesgo inherente-Anexo '!C4:D28,2,TRUE) -> Bajo | H13: Salarios fijos y capacitaciones motivacionales | I13: Gerencia | J13: Permanente | K13: Preventivo | L13: Alta | M13: 3 | N13: 3 | O13: =VLOOKUP((E13*F13)-(M13*N13),'riesgo inherente-Anexo '!C2:D28,2,TRUE) -> Bajo | P13: No se requiere | Q13: Asistente de Gerencia | R13: Baja | S13: Asistente de Gerencia | T13: 43800 | U13: Implementación
B14: RL: Relaciones Laborales | C14: 10. Demandas laborales | D14: Por incumplimiento de la normatividad laboral vigente. | E14: 1 | F14: 2 | G14: =VLOOKUP(E14*F14,'riesgo inherente-Anexo '!C4:D28,2,TRUE) -> Bajo | H14: Baja rotación de personal / los retiros han sido renuncias voluntarias | I14: Gerencia | J14: Esporádico | K14: Preventivo | L14: Alta | M14: 4 | N14: 3 | O14: =VLOOKUP((E14*F14)-(M14*N14),'riesgo inherente-Anexo '!C2:D28,2,TRUE) -> Bajo | P14: Asesoramiento legal en caso de terminación con justa causa / "Conciliación" laboral ante ministerio de trabajo por terminación potencialmente litigiosa | Q14: Gerencia | R14: Media | S14: Asistente de Gerencia | T14: 43800 | U14: Implementación
B15: RL: Relaciones Laborales | C15: 11. Concentración de funciones | D15: Por poco personal, por bajo presupuesto, por falta de una adecuada política y revisión de distribución de funciones de acuerdo al crecimiento de la Cooperativa | E15: 2 | F15: 2 | G15: =VLOOKUP(E15*F15,'riesgo inherente-Anexo '!C4:D28,2,TRUE) -> Bajo | H15: Manuales de funciones y procedimientos | I15: Gerencia | J15: Esporádico | K15: Detectivo | L15: Alta | M15: 4 | N15: 3 | O15: =VLOOKUP((E15*F15)-(M15*N15),'riesgo inherente-Anexo '!C2:D28,2,TRUE) -> Bajo | P15: Independizar el Area de Gestión de Riesgos de las labores operativas | Q15: Gerencia y Consejo | R15: Media | S15: Asistente de Gerencia | T15: 43800 | U15: Implementación
B16: EAP: Ejecución y Administración de Procesos | C16: 12. Acoso Sexual o laboral | D16: Por abuso de poder por parte de directivos | E16: 1 | F16: 5 | G16: =VLOOKUP(E16*F16,'riesgo inherente-Anexo '!C4:D28,2,TRUE) -> Bajo | H16: Contar con un canal de comunicación eficaz que le permita a todo el personal tener la posibilidad y la confianza para denunciar cualquier abuso o acoso / Capacitación anual sobre acoso laboral y sexual | I16: Gerencia | J16: Anual | K16: Preventivo | L16: Alta | M16: 2 | N16: 2 | O16: =VLOOKUP((E16*F16)-(M16*N16),'riesgo inherente-Anexo '!C2:D28,2,TRUE) -> Bajo | P16: No se requiere | Q16: Gerencia | R16: Media | S16: Asistente de Gerencia | T16: 43800 | U16: Implementación
A17: Procesos | B17: EAP: Ejecución y Administración de Procesos | C17: 1. No se ejecutan las politicas contenidas en los reglamentos | D17: El personal no está capacitado totalmente en el conocimiento de manuales y políticas internas, las personas encargadas de dar la capacitación no tienen experienca o tienen muy poco conocimientos de los cargos y funciones de los mismos, inexperiencia, conflictos de interés o favorecimiento de terceros | E17: 1 | F17: 3 | G17: =VLOOKUP(E17*F17,'riesgo inherente-Anexo '!C4:D28,2,TRUE) -> Bajo | H17: Las políticas de captación y colocación así como las condiciones de los productos se fijan por el Consejo de Administración y la Gerencia y los empleados deben aplicarlas sin interpretación o modificación / Entrenamiento al momento de la vinculación / Acceso a los manuales de funciones y procedimientos / parametrización del sistema que no puede ser manipulada por los empleados / Revisoría Fiscal | I17: Consejo, Gerencia, Riesgos | J17: Permanente | K17: Preventivo | L17: Alta | M17: 5 | N17: 5 | O17: =VLOOKUP((E17*F17)-(M17*N17),'riesgo inherente-Anexo '!C2:D28,2,TRUE) -> Bajo | P17: No se requiere | Q17: Asistente de Gerencia | R17: Media | S17: Asistente de Gerencia | T17: 43800 | U17: Implementación
B18: EAP: Ejecución y Administración de Procesos | C18: 2. Conflicto de intereses en la prestacion de servicios o contratación | D18: Por la no aplicación de las políticas existentes o desconocimiento de las mismas o porque las políticas actuales permiten que se presenten estos casos, por presión del Consejo de Administración. | E18: 1 | F18: 3 | G18: =VLOOKUP(E18*F18,'riesgo inherente-Anexo '!C4:D28,2,TRUE) -> Bajo | H18: Revisión de los reglamentos y políticas actuales con respecto de la normatividad vigente / Consejo de Administración solo evalúa excepciones / La entidad cuenta con código de buen Gobierno para el manejo de los conflictos de interés / La entidad tiene un comité de crédito plural e independiente del Consejo compuesto por asociados sin voto de los empleados | I18: Gerencia | J18: Permanente | K18: Preventivo | L18: Alta | M18: 5 | N18: 5 | O18: Bajo | P18: No se requiere | Q18: Gerencia | R18: Alta | S18: Asistente de Gerencia | T18: 43800 | U18: Implementación
B19: EAP: Ejecución y Administración de Procesos | C19: 3. Errores en la contabilización o registro de las operaciones | D19: Falta de capacitación del personal y experiencia, sobrecarga laboral, | E19: 3 | F19: 2 | G19: =VLOOKUP(E19*F19,'riesgo inherente-Anexo '!C4:D28,2,TRUE) -> Moderado | H19: Selección de personal con experiencia, revisión de manuales de funciones y procesos, revisión de las operaciones y conciliaciones, estados financieros por parte de Contabilidad y la Revisoría Fiscal / Automatización de procesos críticos de causación y registro contable que reducen los errores | I19: Contabilidad | J19: Periódico | K19: Detectivo | L19: Alta | M19: 4 | N19: 4 | O19: =VLOOKUP((E19*F19)-(M19*N19),'riesgo inherente-Anexo '!C2:D28,2,TRUE) -> Bajo | P19: No se requiere | Q19: Contabilidad | R19: Media | S19: Asistente de Gerencia | T19: 43800 | U19: Implementación
B20: EAP: Ejecución y Administración de Procesos | C20: 4. Fallas en el diligenciamiento de la documentación o titulos valores | D20: Falta de capacitación del personal y experiencia, sobrecarga laboral, / Títulos valores sin el lleno de los requisitos legales en su contenido | E20: 1 | F20: 3 | G20: =VLOOKUP(E20*F20,'riesgo inherente-Anexo '!C4:D28,2,TRUE) -> Bajo | H20: Selección de personal con experiencia, revisión de manuales de funciones y procesos, revisión de las operaciones por parte de Contabilidad y la Revisoría Fiscal / Revisión de documentación y actualización de formatos y pagarés por Abogados Especializados | I20: Contabilidad | J20: Permanente | K20: Detectivo | L20: Alta | M20: 4 | N20: 4 | O20: =VLOOKUP((E20*F20)-(M20*N20),'riesgo inherente-Anexo '!C2:D28,2,TRUE) -> Bajo | P20: Capacitación Formal en diligenciamiento de títulos valores | Q20: Contabilidad | R20: Media | S20: Asistente de Gerencia | T20: 43800 | U20: Implementación
B21: EAP: Ejecución y Administración de Procesos | C21: 5. Desconocimiento de los empleados respecto a sus funciones, roles y responsabilidades | D21: Falta de divulgación de manuales de funciones | E21: 1 | F21: 2 | G21: =VLOOKUP(E21*F21,'riesgo inherente-Anexo '!C4:D28,2,TRUE) -> Bajo | H21: Empleados con buen nivel de formación y experiencia, baja rotación, Actualización, difusión de manuales de funciones y procesos / Promociones de cargos vacantes con personal de la entidad que cumple el perfil para ser ascendido / Se cuenta con Supernumerario para reemplazos en vacaciones | I21: Gerencia | J21: Periódico | K21: Preventivo | L21: Alta | M21: 5 | N21: 5 | O21: =VLOOKUP((E21*F21)-(M21*N21),'riesgo inherente-Anexo '!C2:D28,2,TRUE) -> Bajo | P21: Capacitación, actualización y reentrenamiento | Q21: Gerencia | R21: Media | S21: Asistente de Gerencia | T21: 43800 | U21: Implementación
B22: EAP: Ejecución y Administración de Procesos | C22: 6. Falta de documentación de los procesos | D22: Inexistencia de manuales de funciones y procesos y formatos | E22: 1 | F22: 3 | G22: =VLOOKUP(E22*F22,'riesgo inherente-Anexo '!C4:D28,2,TRUE) -> Bajo | H22: Actualización, difusión de manuales de funciones y procesos | I22: Gerencia | J22: Periódico | K22: Preventivo | L22: Alta | M22: 3 | N22: 3 | O22: =VLOOKUP((E22*F22)-(M22*N22),'riesgo inherente-Anexo '!C2:D28,2,TRUE) -> Bajo | P22: Actualización de manuales de funciones y procedimientos de acuerdo a los ajustes que requiere el nuevo software | Q22: Gerencia | R22: Media | S22: Asistente de Gerencia | T22: 43800 | U22: Implementación
B23: DAF: Daños Activos Físicos | C23: 7. Pérdida o destrucción accidental de documentación de servicios o contable, o expedientes de asociados o pagarés | D23: Por no tener un procedimiento para el manejo de recibo y entrega de documentos de servicios o contables | E23: 2 | F23: 2 | G23: =VLOOKUP(E23*F23,'riesgo inherente-Anexo '!C4:D28,2,TRUE) -> Bajo | H23: Se manejan consecutivos para cada tipo de formatos y un control de los mismos por cada responsable de los procesos / Pagarés de la Cartera en la Bóveda | I23: Gerencia | J23: Permanente | K23: Detectivo | L23: Alta | M23: 4 | N23: 4 | O23: =VLOOKUP((E23*F23)-(M23*N23),'riesgo inherente-Anexo '!C2:D28,2,TRUE) -> Bajo | P23: Digitalización de documentación contable con SOFTWARE especializado / Pagaré Desmaterializado DECEVAL | Q23: Gerencia | R23: Alta | S23: Asistente de Gerencia | T23: 43800 | U23: Implementación
B24: EAP: Ejecución y Administración de Procesos | C24: 10. Mal funcionamiento de comités de riesgo | D24: Por falta de capacitación y desconocimiento de la norma o no cumplimiento del perfil por sus integrantes | E24: 2 | F24: 3 | G24: =VLOOKUP(E24*F24,'riesgo inherente-Anexo '!C4:D28,2,TRUE) -> Moderado | H24: Implementación de sistema integral de administración de riesgos (SIAR) / Comités integrados por Empleado de Riesgos con capacitación y experiencia + Directivos y Asociados | I24: Gerencia | J24: Periódico | K24: Preventivo | L24: Alta | M24: 3 | N24: 3 | O24: =VLOOKUP((E24*F24)-(M24*N24),'riesgo inherente-Anexo '!C2:D28,2,TRUE) -> Bajo | P24: Capacitación a integrantes de Comités / Evaluacion implementación software especializado en riesgos para el sector solidario | Q24: Gerencia | R24: Alta | S24: Asistente de Gerencia | T24: 43800 | U24: Implementación
B25: EAP: Ejecución y Administración de Procesos | C25: 11. Pérdida de imagen pública por difusión de información falsa, engañosa, incompleta o malintencionada | D25: Escandalos mediaticos relacionados con noticias sobre otras Cooperativas - Contagio / Comentarios mal intencionados de asociados o terceros que quieren dañar la credibilidad en la entidad o sus directivos para hacerse con el poder / Relacionamiento de la Cooperativa o sus directivos con entidades vinculadas a lavado de activos o con la clase política | E25: 1 | F25: 1 | G25: =VLOOKUP(E25*F25,'riesgo inherente-Anexo '!C4:D28,2,TRUE) -> Bajo | H25: Implementación de SARLAFT para conocimiento del cliente especialmente PEP´s y personas jurídicas proveedores, asociados o pagadurías / Los principios cooperativos implican igualdad, no discriminación y Universalidad, por lo que al interior de la entidad no se puede adelantar actividades proselitistas / Difusión de actividades o proyectos realizados a través de Canal Comunitario | I25: Gerencia | J25: Permanente | K25: Preventivo | L25: Alta | M25: 1 | N25: 1 | O25: =VLOOKUP((E25*F25)-(M25*N25),'riesgo inherente-Anexo '!C2:D28,2,TRUE) -> Bajo | P25: No se requiere | Q25: Asistente de Gerencia | R25: Baja | S25: Asistente de Gerencia | T25: 43800 | U25: Implementación
B26: EAP: Ejecución y Administración de Procesos | C26: 12. Errores o fraudes en el proceso de elección de delegados | D26: Debido a alteración manual de los resultados de votación física y al desconocimiento de las reglas de elección de los delegados o por ataques informaticos | E26: 1 | F26: 1 | G26: =VLOOKUP(E26*F26,'riesgo inherente-Anexo '!C4:D28,2,TRUE) -> Bajo | H26: Software especializado para la elección de delegados / Escrutinios efectuados por la Junta de Vigilancia y auditados por Revisoría Fiscal / Convocatoria pública a todos los asociados por SMS, Web y radio para elecciones / Usuario y contraseña personal para votación que cambia para cada elección / Protección efectiva contra ataques informáticos | I26: Gerencia, Consejo y Junta de Vigilancia | J26: Periódico | K26: Preventivo | L26: Alta | M26: 1 | N26: 1 | O26: =VLOOKUP((E26*F26)-(M26*N26),'riesgo inherente-Anexo '!C2:D28,2,TRUE) -> Bajo | P26: No se requiere | Q26: Asistente de Gerencia | R26: Baja | S26: Asistente de Gerencia | T26: 43800 | U26: Implementación
B27: EAP: Ejecución y Administración de Procesos | C27: 13. Decisiones ilegales, temerarias o negligentes del Consejo de Administración | D27: Falta de capacitación / Perfil no acorde con la responsabilidad y funciones del cargo / Conflictos de interés para beneficiarse en los servicios o en la contratación | E27: 1 | F27: 1 | G27: =VLOOKUP(E27*F27,'riesgo inherente-Anexo '!C4:D28,2,TRUE) -> Bajo | H27: Rigurosos requisitos para ser miembro del Consejo / Capacitación y Actualizacion obligatoria de los candidatos / Aprobación de créditos de directivos por las 4/5 partes del Consejo al igual que sus partes interesadas / Fogacoop y Supersolidaria hace seguimiento expreso a transacciones con directivos / Revelación de transacciones con partes relacionadas en los estados financieros. | I27: Consejo, Asamblea, Revisor | J27: Permanente | K27: Preventivo | L27: Alta | M27: 1 | N27: 1 | O27: =VLOOKUP((E27*F27)-(M27*N27),'riesgo inherente-Anexo '!C2:D28,2,TRUE) -> Bajo | Q27: Asistente de Gerencia | R27: Baja | S27: Asistente de Gerencia | T27: 43800 | U27: Implementación
B28: EAP: Ejecución y Administración de Procesos | C28: 14. Falta de pertenencia e identificación con el modelo Cooperativo de los asociados, empleados, directivos | D28: Falta de educación Cooperativa | E28: 1 | F28: 1 | G28: =VLOOKUP(E28*F28,'riesgo inherente-Anexo '!C4:D28,2,TRUE) -> Bajo | H28: Capacitaciones de inducción al Cooperativismo al que son convocados nuevos asociados | I28: Gerencia | J28: Permanente | K28: Preventivo | L28: Alta | M28: 1 | N28: 1 | O28: =VLOOKUP((E28*F28)-(M28*N28),'riesgo inherente-Anexo '!C2:D28,2,TRUE) -> Bajo | P28: Curso virtual de Cooperativismo - Desarrollo Propio | Q28: Bienestar Social | R28: Baja | S28: Asistente de Gerencia | T28: 43800 | U28: Implementación
B29: EAP: Ejecución y Administración de Procesos | C29: 15. Demanda por afectación vida - salud de grupo de asociados en evento de la entidad | D29: Accidente o evento catastrofico que afecta grupo de personas participantes de actividad programada por la entidad | E29: 1 | F29: 1 | G29: =VLOOKUP(E29*F29,'riesgo inherente-Anexo '!C4:D28,2,TRUE) -> Bajo | H29: Poliza de responsabilidad civil cuando se desarrollan evento masivos: Paseos, Celebraciones / Plan de contingencia para presentar en la Alcaldía / Organismos de Socorro disponibles en el evento | I29: Gerencia y Bienestar Social | J29: Permanente | K29: Preventivo | L29: Alta | M29: 1 | N29: 1 | O29: =VLOOKUP((E29*F29)-(M29*N29),'riesgo inherente-Anexo '!C2:D28,2,TRUE) -> Bajo | P29: No se requiere | Q29: Asistente de Gerencia | R29: Baja | S29: Asistente de Gerencia | T29: 43800 | U29: Implementación
B30: EAP: Ejecución y Administración de Procesos | C30: 16. Crisis de Gobernabilidad al interior del Consejo de Administración | D30: Conflictos de interes o de carácter personal al interior de los integrantes, es decir, luchas por el poder / Participación de empleados en el Gobierno Cooperativo | E30: 1 | F30: 5 | G30: =VLOOKUP(E30*F30,'riesgo inherente-Anexo '!C4:D28,2,TRUE) -> Bajo | H30: Rigurosos requisitos para ser miembro del Consejo / Capacitación y Actualizacion obligatoria de los candidatos / Código de Buen Gobierno / Posesión en la Supersolidaria | I30: Gerencia y Bienestar Social | J30: Permanente | K30: Preventivo | L30: Alta | M30: 1 | N30: 1 | O30: =VLOOKUP((E30*F30)-(M30*N30),'riesgo inherente-Anexo '!C2:D28,2,TRUE) -> Bajo | P30: Postulación previa a las elecciones, Hoja de Vida pública previa a las elecciones, rotación parcial de miembros, elecciones cada 2 años / Establecer restrucción para empleados como Delegados | Q30: Asistente de Gerencia | R30: Baja | S30: Asistente de Gerencia | T30: 43800 | U30: Implementación
B31: EAP: Ejecución y Administración de Procesos | C31: 17. Cobro inoportuno de la Cartera | D31: El sistema no genera reportes para cobranza o la información permanece desactualizada / No existe un área especializada en Cobranza | E31: 1 | F31: 2 | G31: =VLOOKUP(E31*F31,'riesgo inherente-Anexo '!C4:D28,2,TRUE) -> Bajo | H31: Una persona encargada de la cobranza especializada y capacitada / El sistema genera reportes de cartera vencida / Evaluación de cartera anual / Seguimiento mensual a la calidad de cartera por parte de Gerencia y el Consejo de Administración / Mensajes de texto masivos automáticamente generados por el software para cobranza (3) / Envío a cobranza jurídica despues de 90 días | I31: Gerencia y Secretaria de Gerencia | J31: Permanente | K31: Preventivo | L31: Alta | M31: 1 | N31: 1 | O31: =VLOOKUP((E31*F31)-(M31*N31),'riesgo inherente-Anexo '!C2:D28,2,TRUE) -> Bajo | P31: No se requiere | Q31: Asistente de Gerencia | R31: Baja | S31: Asistente de Gerencia | T31: 43800 | U31: Implementación
B32: EAP: Ejecución y Administración de Procesos | C32: 18. Retiro de asociados por mala atención o falta de información | D32: El personal de atención directa a los asociados no está capacitado para prestar un buen servicio o desconoce la información sobre la entidad y sus servicios | E32: 1 | F32: 3 | G32: =VLOOKUP(E32*F32,'riesgo inherente-Anexo '!C4:D28,2,TRUE) -> Bajo | H32: Los asesores deben tratar de retener a los asociados que han presentado un comportamiento positivo en la entidad / Aquellos que siendo muy buenos asociados insisten en su retiro se escalan a la Gerencia o Asistencia de Gerencia para manejo y persuación / Buzón de sugerencias físico y virtual / Encuesta al momento del retiro que es revisada por la Junta de Vigilancia | I32: Asesores, Gerencia | J32: Permanente | K32: Preventivo | L32: Alta | M32: 1 | N32: 1 | O32: =VLOOKUP((E32*F32)-(M32*N32),'riesgo inherente-Anexo '!C2:D28,2,TRUE) -> Bajo | P32: No se requiere | Q32: Asistente de Gerencia | R32: Baja | S32: Asistente de Gerencia | T32: 43800 | U32: Implementación
B33: EAP: Ejecución y Administración de Procesos | C33: 19. Cobros indebidos, inexactos | D33: El sistema efectúa mál los cálculos de intereses y demás valores a cargo del asociado o se cobran tasas que exceden la usura | E33: 1 | F33: 1 | G33: =VLOOKUP(E33*F33,'riesgo inherente-Anexo '!C4:D28,2,TRUE) -> Bajo | H33: La tasas se parametrizan en el sistema y las liquidaciones son automáticas / El sistema se parametriza con la tasa máxima legal permitida para que no cobre por encima de ella / Solamente Gerencia y asistencia de gerencia tienen acceso al modulo administrativo del aplicativo. | I33: Gerencia y Asistente de Gerencia | J33: Permanente | K33: Preventivo | L33: Alta | M33: 1 | N33: 1 | O33: =VLOOKUP((E33*F33)-(M33*N33),'riesgo inherente-Anexo '!C2:D28,2,TRUE) -> Bajo | P33: No se requiere | Q33: Asistente de Gerencia | R33: Baja | S33: Asistente de Gerencia | T33: 43800 | U33: Implementación
B34: EAP: Ejecución y Administración de Procesos | C34: 20. Favorecimiento propio de decisiones del Consejo de Administración | D34: Los directivos buscan favorecerse a sí mismos en la definición de las políticas y condiciones de servicios o en la contratación de proveedores y empleados | E34: 1 | F34: 1 | G34: =VLOOKUP(E34*F34,'riesgo inherente-Anexo '!C4:D28,2,TRUE) -> Bajo | H34: Códigos de Buen Gobierno / Aprobación de Créditos del Consejo y partes relacionadas por las 4/5 partes del Consejo / Seguimiento estricto a operaciones con partes relacionadas por parte de Fogacoop y Supersolidaria / Revelación transacciones con partes relacionadas / El Consejo aprueba el presupuesto pero el ordenador del Gasto es la Gerencia y no participan en la contratación de personal, ni señalan hojas de vida o sugieren personas | I34: Gerencia y Consejo | J34: Permanente | K34: Preventivo | L34: Alta | M34: 1 | N34: 1 | O34: =VLOOKUP((E34*F34)-(M34*N34),'riesgo inherente-Anexo '!C2:D28,2,TRUE) -> Bajo | P34: No se requiere | Q34: Asistente de Gerencia | R34: Baja | S34: Asistente de Gerencia | T34: 43800 | U34: Implementación
B35: EAP: Ejecución y Administración de Procesos | C35: 21. Vinculación de asociados sin el lleno de los requisitos o que no cumplen perfil | D35: Con el ánimo de cumplir metas se vinculan asociados que no tienen ingresos o cuya fuente no es clara | E35: 1 | F35: 1 | G35: =VLOOKUP(E35*F35,'riesgo inherente-Anexo '!C4:D28,2,TRUE) -> Bajo | H35: Políticas de conocimiento del "cliente" SARLAFT / Remuneración fija del personal sin comisiones, bonificaciones o gratificaciones por cumplimiento de metas en vinculación de asociados, captación o colocación de créditos / Los ingresos de asociados son aprobados por el Consejo de Administración / Gerencia revisa previamente las solicitudes de afiliación antes de llevarlas al Consejo / Vinculo de asociación limitado a personas residentes en el área de influencia de la Cooperativa | I35: Gerencia, Asesores y Consejo | J35: Permanente | K35: Preventivo | L35: Alta | M35: 1 | N35: 1 | O35: =VLOOKUP((E35*F35)-(M35*N35),'riesgo inherente-Anexo '!C2:D28,2,TRUE) -> Bajo | P35: No se requiere | Q35: Asistente de Gerencia | R35: Baja | S35: Asistente de Gerencia | T35: 43800 | U35: Implementación
B36: EAP: Ejecución y Administración de Procesos | C36: 22. Actos indebidos en la Selección o contratación de proveedores | D36: Las personas encargadas de la negociacion pueden pedir sobornos para preferir un proveedor | E36: 1 | F36: 2 | G36: =VLOOKUP(E36*F36,'riesgo inherente-Anexo '!C4:D28,2,TRUE) -> Bajo | H36: Varias cotizaciones cuando se trata de contrataciones o compras representativas / Políticas de SARLAFT en materia de selección de proveedores / Se verifican referencias de proveedores | I36: Gerencia y Asistente de Gerencia | J36: Permanente | K36: Preventivo | L36: Alta | M36: 1 | N36: 1 | O36: =VLOOKUP((E36*F36)-(M36*N36),'riesgo inherente-Anexo '!C2:D28,2,TRUE) -> Bajo | P36: No se requiere | Q36: Asistente de Gerencia | R36: Baja | S36: Asistente de Gerencia | T36: 43800 | U36: Implementación
B37: EAP: Ejecución y Administración de Procesos | C37: 23. Pagos en exceso a proveedores | D37: Errores en el monto de la transferencia a efectuar | E37: 2 | F37: 1 | G37: =VLOOKUP(E37*F37,'riesgo inherente-Anexo '!C4:D28,2,TRUE) -> Bajo | H37: El Contador monta los pagos en el portal y la Gerencia los revisa, autoriza y paga / Revisoría Fiscal | I37: Contador y Gerencia | J37: Permanente | K37: Preventivo | L37: Alta | M37: 1 | N37: 1 | O37: =VLOOKUP((E37*F37)-(M37*N37),'riesgo inherente-Anexo '!C2:D28,2,TRUE) -> Bajo | P37: No se requiere | Q37: Asistente de Gerencia | R37: Baja | S37: Asistente de Gerencia | T37: 43800 | U37: Implementación
B38: EAP: Ejecución y Administración de Procesos | C38: 24. Giros de recursos a beneficiarios equivocados | D38: Errores de digitación en el numero de la cuenta o de la cedula | E38: 1 | F38: 1 | G38: =VLOOKUP(E38*F38,'riesgo inherente-Anexo '!C4:D28,2,TRUE) -> Bajo | H38: La mayoría de desembolsos se efectúa en efectivo al beneficiario directo o mendiante consignacion en cuenta de ahorros de la misma Cooperativa / Los cheques son girados por la Caja y revisados y firmados por la Gerencia / Conciliación mensual de obligaciones financieras | I38: Caja y Gerencia | J38: Permanente | K38: Preventivo | L38: Alta | M38: 1 | N38: 1 | O38: =VLOOKUP((E38*F38)-(M38*N38),'riesgo inherente-Anexo '!C2:D28,2,TRUE) -> Bajo | P38: No se requiere | Q38: Asistente de Gerencia | R38: Baja | S38: Asistente de Gerencia | T38: 43800 | U38: Implementación
B39: FI: Fraude Interno | C39: 25. Pérdida, plagio o copia de claves para acceso al aplicativo | D39: No cambio de claves por parte de los usuarios / vulnerabilidad externa del sistema | E39: 1 | F39: 3 | G39: =VLOOKUP(E39*F39,'riesgo inherente-Anexo '!C4:D28,2,TRUE) -> Bajo | H39: Clave inicial llega a correo registrado y pide con el primer acceso cambio de clave / Cambio obligatorio de clave despues de cierto tiempo de uso | I39: Asistente de Gerencia | J39: Permanente | K39: Preventivo | L39: Alta | M39: 5 | N39: 5 | O39: =VLOOKUP((E39*F39)-(M39*N39),'riesgo inherente-Anexo '!C2:D28,2,TRUE) -> Bajo | P39: No se requiere | Q39: Asistente de Gerencia | R39: Baja | S39: Asistente de Gerencia | T39: 43800 | U39: Implementación
B40: EAP: Ejecución y Administración de Procesos | C40: 26. Incumplimiento de presupuestos, proyecciones, metas y objetivos | D40: Falta de seguimiento a las metas y planes / Ausencia de planeacion financiera o presupuesto / No se tiene planeación estratégica | E40: 1 | F40: 1 | G40: =VLOOKUP(E40*F40,'riesgo inherente-Anexo '!C4:D28,2,TRUE) -> Bajo | H40: Elaboración de Presupuesto anual / Plan de Direccionamiento Estratégico / Evalución mensual de desempeño financiero, indicadores y cumplimiento de metas en el Consejo de Administración | I40: Gerencia y Consejo | J40: Permanente | K40: Preventivo | L40: Alta | M40: 5 | N40: 5 | O40: =VLOOKUP((E40*F40)-(M40*N40),'riesgo inherente-Anexo '!C2:D28,2,TRUE) -> Bajo | P40: No se requiere | Q40: Asistente de Gerencia | R40: Baja | S40: Asistente de Gerencia | T40: 43800 | U40: Implementación
B41: C: Clientes | C41: 27. Demoras en la atención de los asociados o en la prestación del servicio | D41: Alta aglomeración de asociados en momentos de alta demanda de servicio / Insuficiencia de personal / caida del sistema o del internet | E41: 1 | F41: 1 | G41: =VLOOKUP(E41*F41,'riesgo inherente-Anexo '!C4:D28,2,TRUE) -> Bajo | H41: Los días de quincena o cuando el flujo de publico lo amerita se incrementa el número de cajeros / Gestor de Turnos | I41: Gerencia y Asistente de Gerencia | J41: Permanente | K41: Preventivo | L41: Alta | M41: 5 | N41: 5 | O41: =VLOOKUP((E41*F41)-(M41*N41),'riesgo inherente-Anexo '!C2:D28,2,TRUE) -> Bajo | P41: Implementación internet de contingencia | Q41: Asistente de Gerencia | R41: Alta | S41: Asistente de Gerencia | T41: 43800 | U41: Implementación
B42: EAP: Ejecución y Administración de Procesos | C42: 28. Incumplimiento de normatividad vigente interna o externa | D42: Falta de conocimiento del Consejo de Administración y la Gerencia | E42: 1 | F42: 1 | G42: =VLOOKUP(E42*F42,'riesgo inherente-Anexo '!C4:D28,2,TRUE) -> Bajo | H42: Capacitación permanente de la Gerencia, Asistente de Gerencia y Contador y actualización anual del Consejo de Administración, Junta de Vigilancia y Comités | I42: Comité de Educación | J42: Permanente | K42: Preventivo | L42: Alta | M42: 5 | N42: 5 | O42: =VLOOKUP((E42*F42)-(M42*N42),'riesgo inherente-Anexo '!C2:D28,2,TRUE) -> Bajo | P42: No se requiere | Q42: Asistente de Gerencia | R42: Baja | S42: Asistente de Gerencia | T42: 43800 | U42: Implementación
B43: FI: Fraude Interno | C43: 29. Descuadres en Caja | D43: Falta de concentración del cajero | E43: 4 | F43: 1 | G43: =VLOOKUP(E43*F43,'riesgo inherente-Anexo '!C4:D28,2,TRUE) -> Bajo | H43: Contadora, validadora y clasificadora de dinero / Cuadres diarios de caja efectuados a los Cajeros por el tesorero | I43: Tesorería | J43: Permanente | K43: Preventivo | L43: Alta | M43: 1 | N43: 1 | O43: =VLOOKUP((E43*F43)-(M43*N43),'riesgo inherente-Anexo '!C2:D28,2,TRUE) -> Bajo | P43: No se requiere | Q43: Asistente de Gerencia | R43: Baja | S43: Asistente de Gerencia | T43: 43800 | U43: Implementación
B44: EAP: Ejecución y Administración de Procesos | C44: 30. Presentación tardía, inadecuada o incompleta de información financiera al Consejo | D44: Multiples procesos manuales de causación y cierre contable, demora en la llegada de extractos bancarios para causación de ingresos y gastos bancarios / Incapacidad del Contador | E44: 1 | F44: 1 | G44: =VLOOKUP(E44*F44,'riesgo inherente-Anexo '!C4:D28,2,TRUE) -> Bajo | H44: Las reuniones son el segundo martes de cada mes / El sistema genera la mayoría de procesos de causación automática / Se efectúan reportes mensuales a la Supersolidaria con plazo máximo el 20 del mes inmediatamente siguiente / El Gerente puede suplir temporalmente al Contador | I44: Gerente y contador | J44: Permanente | K44: Preventivo | L44: Alta | M44: 1 | N44: 1 | O44: =VLOOKUP((E44*F44)-(M44*N44),'riesgo inherente-Anexo '!C2:D28,2,TRUE) -> Bajo | P44: Programacion concertada de vacaciones del Contador / Cronograma anual de responsabilidades fiscales, de reporte entes de control, reuniones Consejo, Comités y Asamblea / Preparación de Contador Suplente al interior del personal de la Cooperativa (3 empleados en formación) | Q44: Asistente de Gerencia | R44: Baja | S44: Asistente de Gerencia | T44: 43800 | U44: Implementación
B45: FE: Fraudes Externos | C45: 31. Suplantación de personas para vinculación o retiro de recursos | D45: No se autentican adecuadamente las personas antes de efectuar la transacción | E45: 1 | F45: 1 | G45: =VLOOKUP(E45*F45,'riesgo inherente-Anexo '!C4:D28,2,TRUE) -> Bajo | H45: Las personas deben aportar documento de identidad original para efectuar operaciones a través de oficina directamente / Verificación de identidad en la vinculación a través de centrales de riesgo y verificación de listas vinculantes | I45: Personal de Caja y atención directa | J45: Permanente | K45: Preventivo | L45: Alta | M45: 1 | N45: 1 | O45: =VLOOKUP((E45*F45)-(M45*N45),'riesgo inherente-Anexo '!C2:D28,2,TRUE) -> Bajo | P45: Implementación de identificación biométrica | Q45: Asistente de Gerencia | R45: Alta | S45: Asistente de Gerencia | T45: 43800 | U45: Implementación
B46: C: Clientes | C46: 32. Atención inoportuna o inatención de PQRS | D46: No se cuenta con un sistema de radicación PQRS y respuesta oportuna | E46: 1 | F46: 1 | G46: =VLOOKUP(E46*F46,'riesgo inherente-Anexo '!C4:D28,2,TRUE) -> Bajo | H46: Junta De Vigilancia se reune mensualmente y revise PQRS / Asociados que se retiran diligencian encuesta que es revisada por la Junta de Vigilancia / Buzón de PQRS físico y virtual | I46: Junta de Vigilancia | J46: Permanente | K46: Preventivo | L46: Alta | M46: 1 | N46: 1 | O46: =VLOOKUP((E46*F46)-(M46*N46),'riesgo inherente-Anexo '!C2:D28,2,TRUE) -> Bajo | P46: No se requiere | Q46: Asistente de Gerencia | R46: Baja | S46: Asistente de Gerencia | T46: 43800 | U46: Implementación
B47: EAP: Ejecución y Administración de Procesos | C47: 33. Aprobación de créditos sin el lleno de los requisitos | D47: Personal del area de crédito no verifica adecuadamente la documentación y solicitud / Falta de capacitación o Experiencia | E47: 1 | F47: 1 | G47: =VLOOKUP(E47*F47,'riesgo inherente-Anexo '!C4:D28,2,TRUE) -> Bajo | H47: Los créditos pasan por varias instancias antes de su aprobación final, las cuales verifican el lleno de los requisitos / Pruebas aleatorias de la Revisoría Fiscal | I47: Créditos | J47: Permanente | K47: Preventivo | L47: Alta | M47: 1 | N47: 1 | O47: =VLOOKUP((E47*F47)-(M47*N47),'riesgo inherente-Anexo '!C2:D28,2,TRUE) -> Bajo | P47: Capacitación y reentrenamiento empleados sobre análisis de crédito y reglamento de crédito | Q47: Asistente de Gerencia | R47: Baja | S47: Asistente de Gerencia | T47: 43800 | U47: Implementación
B48: EAP: Ejecución y Administración de Procesos | C48: 34. Favorecimiento, conflicto de interés o privilegios en las condiciones de los servicios | D48: Se otorgan créditos a familiares o partes relacionadas de los empleados en condiciones mas favorables que los reglamentarios | E48: 1 | F48: 1 | G48: =VLOOKUP(E48*F48,'riesgo inherente-Anexo '!C4:D28,2,TRUE) -> Bajo | H48: Segregación de funciones entre la recolección de la información, el análisis de los créditos, la aprobación, el desembolso y la cobranza / Reglamentos de Crédito expedidos por el Consejo / Condiciones de productos de ahorro y crédito parametrizadas en el sistema que no son modificables por los usuarios / Los créditos son aprobados por un comité plural independiente / Código de Buen Gobierno | I48: Consejo y Gerencia | J48: Permanente | K48: Preventivo | L48: Alta | M48: 1 | N48: 1 | O48: =VLOOKUP((E48*F48)-(M48*N48),'riesgo inherente-Anexo '!C2:D28,2,TRUE) -> Bajo | P48: No se requiere | Q48: Asistente de Gerencia | R48: Baja | S48: Asistente de Gerencia | T48: 43800 | U48: Implementación
B49: EAP: Ejecución y Administración de Procesos | C49: 35. Entrega de auxilios sin el lleno de los requisitos | D49: Personal encargado no verifica adecuadamente la documentación y solicitud / Falta de capacitación o Experiencia | E49: 1 | F49: 1 | G49: =VLOOKUP(E49*F49,'riesgo inherente-Anexo '!C4:D28,2,TRUE) -> Bajo | H49: La Gerencia revisa la documentación soporte y solicitud de los auxilios / pruebas de la revisoría fiscal / Seguimiento de la Junta de Vigilancia es una de sus funciones | I49: Auxiliar de Crédito y Gerencia | J49: Permanente | K49: Preventivo | L49: Alta | M49: 1 | N49: 1 | O49: =VLOOKUP((E49*F49)-(M49*N49),'riesgo inherente-Anexo '!C2:D28,2,TRUE) -> Bajo | P49: No se requiere | Q49: Asistente de Gerencia | R49: Baja | S49: Asistente de Gerencia | T49: 43800 | U49: Implementación
B50: C: Clientes | C50: 36. Demandas por devolución inadecuada de aportes a beneficiarios de asociados fallecidos | D50: Se devuelven los aportes sin consideración al régimen sucesoral colombiano o sin la debida diligencia | E50: 1 | F50: 1 | G50: =VLOOKUP(E50*F50,'riesgo inherente-Anexo '!C4:D28,2,TRUE) -> Bajo | H50: Si la devolución es superior a 2 SMLMV se requiere juicio de sucesión notarial / Los aportes están atomizados | I50: Gerencia | J50: Permanente | K50: Preventivo | L50: Alta | M50: 1 | N50: 1 | O50: =VLOOKUP((E50*F50)-(M50*N50),'riesgo inherente-Anexo '!C2:D28,2,TRUE) -> Bajo | P50: No se requiere | Q50: Asistente de Gerencia | R50: Baja | S50: Asistente de Gerencia | T50: 43800 | U50: Implementación
B51: RL: Relaciones Laborales | C51: 37. Errores en la constitución, vinculación o retiro de pólizas de vida deudores asociados y otras polizas o asociados que mienten en la declaración de asegurabilidad | D51: Asociados que mienten porque saben que al tener pre existencias podrían no ser asegurables y por ende no sujetos de crédito | E51: 1 | F51: 1 | G51: =VLOOKUP(E51*F51,'riesgo inherente-Anexo '!C4:D28,2,TRUE) -> Bajo | H51: Codeudor para obligaciones significativas debe hacerse cargo de la obligación / Los aportes cubren parcialmente el monto de la deuda / Los créditos más grandes cuentan con Garantías Admisibles / Los asesores son los encargados de ingresos y retiros de las polizas de seguros de los bienes recibidos en Garantía de obligaciones de asociados | I51: Asesores, Gerencia | J51: Anual | K51: Preventivo | L51: Alta | M51: 1 | N51: 1 | O51: =VLOOKUP((E51*F51)-(M51*N51),'riesgo inherente-Anexo '!C2:D28,2,TRUE) -> Bajo | P51: Seguimiento periódico de garantías y vigencia de las pólizas / Convertir en poliza colectiva la poliza de Viviendas aseguradas que son garantía de obligaciones con fecha unificada de renovación | Q51: Asistente de Gerencia | R51: Media | S51: Asistente de Gerencia | T51: 43800 | U51: Implementación
B52: EAP: Ejecución y Administración de Procesos | C52: 38. Inexistencia, atraso o lleno de actas sin requisitos legales | D52: Descuido o atraso de la persona encargada o falta de preparación formal sobre actas | E52: 1 | F52: 1 | G52: =VLOOKUP(E52*F52,'riesgo inherente-Anexo '!C4:D28,2,TRUE) -> Bajo | H52: Secretaria de Gerencia es la persona encargada de todas las actas de organos de administración y control - Cada organismo además cuenta con secretario que hace el seguimiento, revisa, firma. / Revisor Fiscal revisa periódicamente. / Gerencia revisa las actas / Reuniones se graban | I52: Secretaria de Gerencia | J52: Permanente | K52: Preventivo | L52: Alta | M52: 1 | N52: 1 | O52: =VLOOKUP((E52*F52)-(M52*N52),'riesgo inherente-Anexo '!C2:D28,2,TRUE) -> Bajo | P52: Capacitación en elaboración de actas | Q52: Asistente de Gerencia | R52: Baja | S52: Asistente de Gerencia | T52: 43800 | U52: Implementación
B53: EAP: Ejecución y Administración de Procesos | C53: 39. Actos de registro e inscripción o control de legalidad faltantes o inoportunos | D53: Descuido o atraso de la persona encargada o falta de preparación formal sobre actas | E53: 1 | F53: 1 | G53: =VLOOKUP(E53*F53,'riesgo inherente-Anexo '!C4:D28,2,TRUE) -> Bajo | H53: Revisor Fiscal hace seguimiento al cumplimiento de las fechas de reporte a los entes de control, registro en cámara de comercio y control de legalidad | I53: Contador y Gerencia | J53: Permanente | K53: Preventivo | L53: Alta | M53: 1 | N53: 1 | O53: =VLOOKUP((E53*F53)-(M53*N53),'riesgo inherente-Anexo '!C2:D28,2,TRUE) -> Bajo | P53: Implementación de cronograma ANUAL de obligaciones legales y fiscales | Q53: Asistente de Gerencia | R53: Baja | S53: Asistente de Gerencia | T53: 43800 | U53: Implementación
B54: EAP: Ejecución y Administración de Procesos | C54: 40. Pago extemporaneo de impuestos, contribuciones a la seguridad social, nomina, polizas | D54: Descuido - Atraso - Incapacidad - Vacaciones de la persona encargada | E54: 1 | F54: 1 | G54: =VLOOKUP(E54*F54,'riesgo inherente-Anexo '!C4:D28,2,TRUE) -> Bajo | H54: El Gerente puede reemplazar al contador en cuanto a sus funciones de preparación de información financiera y reportes a los entes de control así como presentación de declaraciones tributarias y tiene las claves de acceso al portal de la DIAN / Revisoría Fiscal hace seguimiento permanente del cumplimiento y los vencimientos | I54: Contador y Gerencia | J54: Permanente | K54: Preventivo | L54: Alta | M54: 1 | N54: 1 | O54: =VLOOKUP((E54*F54)-(M54*N54),'riesgo inherente-Anexo '!C2:D28,2,TRUE) -> Bajo | P54: Implementación de cronograma ANUAL de obligaciones legales y fiscales y formar otras personas que puedan actuar como suplentes del contador | Q54: Asistente de Gerencia | R54: Baja | S54: Asistente de Gerencia | T54: 43800 | U54: Implementación
B55: FI: Fraude Interno | C55: 41. Mala administración, errores, fallas o robos en el manejo de caja menor | D55: La persona se descuadra o utiliza lo fondos para gastos personales | E55: 1 | F55: 1 | G55: =VLOOKUP(E55*F55,'riesgo inherente-Anexo '!C4:D28,2,TRUE) -> Bajo | H55: El fondo de caja menor es pequeño 1 SMLMV / El cajero lider es el encargado del Fondo / Arqueo de caja menor una vez al mes sorpresivo / Reembolsos de caja menor los autoriza la Gerencia | I55: Cajero lider | J55: Permanente | K55: Preventivo | L55: Alta | M55: 1 | N55: 1 | O55: =VLOOKUP((E55*F55)-(M55*N55),'riesgo inherente-Anexo '!C2:D28,2,TRUE) -> Bajo | P55: No se requiere | Q55: Asistente de Gerencia | R55: Baja | S55: Asistente de Gerencia | T55: 43800 | U55: Implementación
B56: FE: Fraudes Externos | C56: 42. Amenazas, extorsión, soborno a empleados o de órganos directivos para favorecimiento de decisiones o a titulo personal o a la cooperativa | D56: Terceras personas desean efectuar fraude o robo a la entidad para enriquecimiento propio | E56: 1 | F56: 5 | G56: =VLOOKUP(E56*F56,'riesgo inherente-Anexo '!C4:D28,2,TRUE) -> Bajo | H56: Segregación de funciones entre muchas personas: quien recibe la documentación, el analista, los comités de aprobación, la autorización y el desembolso / Los parámetros están en el sistema y no pueden ser alternados por los usuarios y los reglamentos son expedidos por el Consejo de Administración | I56: Consejo y Gerencia | J56: Permanente | K56: Preventivo | L56: Alta | M56: 1 | N56: 1 | O56: =VLOOKUP((E56*F56)-(M56*N56),'riesgo inherente-Anexo '!C2:D28,2,TRUE) -> Bajo | P56: Polizas de Seguro contra fraudes, robos y similares | Q56: Asistente de Gerencia | R56: Baja | S56: Asistente de Gerencia | T56: 43800 | U56: Implementación
B57: FE: Fraudes Externos | C57: 43. Fraude, corrupción o ineficiencia en la cobranza de cartera coactiva por el abogado | D57: El abogado recauda dineros que posteriormente no entrega a la entidad | E57: 1 | F57: 1 | G57: =VLOOKUP(E57*F57,'riesgo inherente-Anexo '!C4:D28,2,TRUE) -> Bajo | H57: El endoso se hace en administración y por ende no puede recibir el abogado dinero directamente y deben hacer los pagos en las oficinas o cuentas de la Cooperativa | I57: Gerencia | J57: Permanente | K57: Preventivo | L57: Alta | M57: 1 | N57: 1 | O57: =VLOOKUP((E57*F57)-(M57*N57),'riesgo inherente-Anexo '!C2:D28,2,TRUE) -> Bajo | P57: No se requiere | Q57: Asistente de Gerencia | R57: Baja | S57: Asistente de Gerencia | T57: 43800 | U57: Implementación
B58: EAP: Ejecución y Administración de Procesos | C58: 44. Errores, alteración, retrasos en el reporte de informacion a las Central de Riesgo, UIAF. | D58: La personas encargadas alteran la información para no revelar la situación de morosidad real de un caso en particular | E58: 1 | F58: 1 | G58: =VLOOKUP(E58*F58,'riesgo inherente-Anexo '!C4:D28,2,TRUE) -> Bajo | H58: El reporte a la central de riesgo y a la UIAF lo hace la persona encargada de riesgos y no el area de cobranza o crédito | I58: Asistente de Gerencia | J58: Permanente | K58: Preventivo | L58: Alta | M58: 1 | N58: 1 | O58: =VLOOKUP((E58*F58)-(M58*N58),'riesgo inherente-Anexo '!C2:D28,2,TRUE) -> Bajo | P58: No se requiere | Q58: Asistente de Gerencia | R58: Baja | S58: Asistente de Gerencia | T58: 43800 | U58: Implementación
B59: EAP: Ejecución y Administración de Procesos | C59: 45. Expedición de comunicaciones, certificaciones no autorizadas, inexactas, o falseadas | D59: Los empleados expiden comunicaciones o extractos sin autorización | E59: 1 | F59: 1 | G59: =VLOOKUP(E59*F59,'riesgo inherente-Anexo '!C4:D28,2,TRUE) -> Bajo | H59: La solicitud se hace a los asesores comerciales que lo elaboran pero es la Gerencia quien debe revisarlos y firmarlos. | I59: Asesores, Gerencia | J59: Permanente | K59: Preventivo | L59: Alta | M59: 1 | N59: 1 | O59: =VLOOKUP((E59*F59)-(M59*N59),'riesgo inherente-Anexo '!C2:D28,2,TRUE) -> Bajo | P59: No se requiere | Q59: Asistente de Gerencia | R59: Baja | S59: Asistente de Gerencia | T59: 43800 | U59: Implementación
B60: EAP: Ejecución y Administración de Procesos | C60: 46. Contratación de proveedores sin el lleno de requisitos o inapropiados | D60: No se evalúa la idoneidad, experiencia y respaldo del proveedor de un bien o servicio crítico | E60: 1 | F60: 1 | G60: =VLOOKUP(E60*F60,'riesgo inherente-Anexo '!C4:D28,2,TRUE) -> Bajo | H60: Al momento de contratación de grandes compras o servicios se establecen contratos, polizas de manejo del anticipo y cumplimiento / Selección de varios proveedores para cotizar / verificación de referencias, experiencia y trayectoria del proveedor / Contratación la autoriza la Gerencia / Politicas de debida diligencia en el conocimiento de nuevos proveedores por SARLAFT | I60: Gerencia | J60: Permanente | K60: Preventivo | L60: Alta | M60: 1 | N60: 1 | O60: =VLOOKUP((E60*F60)-(M60*N60),'riesgo inherente-Anexo '!C2:D28,2,TRUE) -> Bajo | P60: No se requiere | Q60: Asistente de Gerencia | R60: Baja | S60: Asistente de Gerencia | T60: 43800 | U60: Implementación
B61: FE: Fraudes Externos | C61: 47. Terceros que engañan a los "asociados" - "clientes" en las oficinas de la cooperativa | D61: Se infiltran entre el publico personas que intentan engañar a los asociados para que les entreguen sus recursos o efectuarles fleteo | E61: 1 | F61: 1 | G61: =VLOOKUP(E61*F61,'riesgo inherente-Anexo '!C4:D28,2,TRUE) -> Bajo | H61: 16 cámaras al interior de la oficina / Conocimiento preciso de los asociados por los asesores | I61: Asistente de Gerencia | J61: Permanente | K61: Preventivo | L61: Alta | M61: 1 | N61: 1 | O61: =VLOOKUP((E61*F61)-(M61*N61),'riesgo inherente-Anexo '!C2:D28,2,TRUE) -> Bajo | P61: Carnetización de los empleados | Q61: Asistente de Gerencia | R61: Baja | S61: Asistente de Gerencia | T61: 43800 | U61: Implementación
B62: FE: Fraudes Externos | C62: 48. Terceros que buscan engañar al publico ofreciendo servicios a nombre de la Cooperativa | D62: Falta de identificacion de los funcionarios que atienden al publico para que los asociados los conozcan. Documentos confidenciales en manos de terceros que usan para engañar al publico | E62: 1 | F62: 1 | G62: =VLOOKUP(E62*F62,'riesgo inherente-Anexo '!C4:D28,2,TRUE) -> Bajo | H62: Empleados Uniformados. La presencia en el municipio desde hace varias décadas hace que los asociados conozcan casi personalmente a los empleados de la Cooperativa. La página WEB permite acceder a la información de servicios y actividades de la entidad. Al ser cooperativa, para acceder a un servicio primero se debe ser asociado. | I62: Gerencia | J62: Permanente | K62: Preventivo | L62: Alta | M62: 1 | N62: 1 | O62: =VLOOKUP((E62*F62)-(M62*N62),'riesgo inherente-Anexo '!C2:D28,2,TRUE) -> Bajo | P62: Carnetización de los empleados | Q62: Asistente de Gerencia | R62: Media | S62: Asistente de Gerencia | T62: 43800 | U62: Implementación
B63: FI: Fraude Interno | C63: 49. Autopréstamos de los empleados a nombre de asociados sin su consentimiento o solicitud de favores personales. | D63: Falta de segregación de funciones. Se tendrían que poner de acuerdo varios funcionarios de la Cooperativa para poder cometer el fraude | E63: 1 | F63: 1 | G63: =VLOOKUP(E63*F63,'riesgo inherente-Anexo '!C4:D28,2,TRUE) -> Bajo | H63: Los empleados no tienen facultad de aprobación de créditos. Los créditos de mayor cuantía pasan a la Gerencia y/o Comité de Crédito para aprobación. El desembolso lo efectúa el cajero en efectivo o transferencia bancaria para lo cual el beneficiario debe identificarse. | I63: Gerencia | J63: Permanente | K63: Preventivo | L63: Alta | M63: 1 | N63: 1 | O63: =VLOOKUP((E63*F63)-(M63*N63),'riesgo inherente-Anexo '!C2:D28,2,TRUE) -> Bajo | P63: Seguimiento especial a creditos de familiares y allegados de los empleados y directivos de la Cooperativa. Extracto que pueda consultarse por INTERNET. | Q63: Asistente de Gerencia | R63: Baja | S63: Asistente de Gerencia | T63: 43800 | U63: Implementación
B64: FI: Fraude Interno | C64: 50. Recursos captados por los empleados que no se registran | D64: Falta de control y seguimiento a los documentos soportes de las captaciones a los colaboradores encargados o de arqueos | E64: 1 | F64: 1 | G64: =VLOOKUP(E64*F64,'riesgo inherente-Anexo '!C4:D28,2,TRUE) -> Bajo | H64: Cámaras de vigilancia (Video y Audio en las areas sensibles) en las instalaciones de la Cooperativa que permiten observar que documentos o dinero entregan los asociados y a quien | I64: Asistente de Gerencia | J64: Permanente | K64: Preventivo | L64: Alta | M64: 1 | N64: 1 | O64: =VLOOKUP((E64*F64)-(M64*N64),'riesgo inherente-Anexo '!C2:D28,2,TRUE) -> Bajo | P64: Instalar aviso de que los dineros deben ser entregados exclusivamente en la caja | Q64: Asistente de Gerencia | R64: Baja | S64: Asistente de Gerencia | T64: 43800 | U64: Implementación
B65: RL: Relaciones Laborales | C65: 51. Ventas de productos o servicios por los empleados a los asociados | D65: Abuso de confianza, incumpliento al reglamento interno de trabajo. | E65: 1 | F65: 1 | G65: =VLOOKUP(E65*F65,'riesgo inherente-Anexo '!C4:D28,2,TRUE) -> Bajo | H65: Prohibición expresa en el reglamento interno de trabajo. | I65: Gerencia | J65: Permanente | K65: Preventivo | L65: Alta | M65: 1 | N65: 1 | O65: =VLOOKUP((E65*F65)-(M65*N65),'riesgo inherente-Anexo '!C2:D28,2,TRUE) -> Bajo | P65: No se requiere | Q65: Asistente de Gerencia | R65: Baja | S65: Asistente de Gerencia | T65: 43800 | U65: Implementación
B66: EAP: Ejecución y Administración de Procesos | C66: 52. Concentración excesiva de riesgos en un asociado, grupo familiar o de interés o por encima de los limites legales | D66: No cumplir con las normas prudenciales sobre limites en la concentración creditos y depositos de los asociados. | E66: 1 | F66: 1 | G66: =VLOOKUP(E66*F66,'riesgo inherente-Anexo '!C4:D28,2,TRUE) -> Bajo | H66: La entidad cuenta con límites propios en la concentración de crédito y otros limites prudenciales legales en materia de concentración de crédito y captaciones (10% y 25% del patrimonio técnico). Revisoría Fiscal debe certificar periodicamente el cumplimiento de dichos límites | I66: Gerencia | J66: Permanente | K66: Preventivo | L66: Alta | M66: 1 | N66: 1 | O66: =VLOOKUP((E66*F66)-(M66*N66),'riesgo inherente-Anexo '!C2:D28,2,TRUE) -> Bajo | P66: Seguimiento especial a los 10 / 20 mayores deudores o mayores ahorradores / Trimestral | Q66: Asistente de Gerencia | R66: Baja | S66: Asistente de Gerencia | T66: 43800 | U66: Implementación
B67: EAP: Ejecución y Administración de Procesos | C67: 53. Firma de contratos sin el lleno de los requisitos o en condiciones desventajosas | D67: Se contrata con proveedores desconocidos sin experiencia o trayectoria comprobada privilegiando el precio como factor de decisión y sin comparar con otros. Negociaciones por montos significativos sin contratación formal o sin la revisión del contrato por un Abogado | E67: 1 | F67: 5 | G67: =VLOOKUP(E67*F67,'riesgo inherente-Anexo '!C4:D28,2,TRUE) -> Bajo | H67: Cuando se contrata se prefiere proveedores con experiencia previa en la Cooperativa, conocidos o con trayectoria en el ramo y referencias comprobadas. Se buscan siempre varias cotizaciónes. Cuando la negociación es representativa, el contrato se envía para revisión del Abogado. | I67: Gerencia | J67: Permanente | K67: Preventivo | L67: Alta | M67: 1 | N67: 1 | O67: =VLOOKUP((E67*F67)-(M67*N67),'riesgo inherente-Anexo '!C2:D28,2,TRUE) -> Bajo | P67: Ninguno | Q67: Asistente de Gerencia | R67: Baja | S67: Asistente de Gerencia | T67: 43800 | U67: Implementación
B68: EAP: Ejecución y Administración de Procesos | C68: 54. Vencimiento o falta de pólizas de: responsabilidad civil y contractual, seguros de vida, funerarios, | D68: No contar con un cronograma de vencimientos y actualizaciones de polizas, no contar con el conocimiento de las polizas existentes. | E68: 1 | F68: 1 | G68: =VLOOKUP(E68*F68,'riesgo inherente-Anexo '!C4:D28,2,TRUE) -> Bajo | H68: Cronograma de vencimiento de polizas. Las propias compañias aseguradoras manejan avisos de renovación previos. | I68: Gerencia | J68: Permanente | K68: Preventivo | L68: Alta | M68: 1 | N68: 1 | O68: =VLOOKUP((E68*F68)-(M68*N68),'riesgo inherente-Anexo '!C2:D28,2,TRUE) -> Bajo | P68: No se requiere | Q68: Asistente de Gerencia | R68: Baja | S68: Asistente de Gerencia | T68: 43800 | U68: Implementación
B69: EAP: Ejecución y Administración de Procesos | C69: 55. Vencimiento de contratos de servicios (vigilancia, aseo, mantenientos y software) | D69: No contar con un sistema administracion de riesgo LAFT, no tener personal preparado para realizar seguimiento a las señales de alerta, falta de capacitacion sobre SARLAFT a colaboradores de la cooperativa, base de datos desactualizada. | E69: 1 | F69: 1 | G69: =VLOOKUP(E69*F69,'riesgo inherente-Anexo '!C4:D28,2,TRUE) -> Bajo | H69: Cronograma de vencimiento de contratos de servicios. Las propias compañias prestadoras del servicio manejan avisos de renovación previos. | I69: Gerencia | J69: Permanente | K69: Preventivo | L69: Alta | M69: 1 | N69: 1 | O69: =VLOOKUP((E69*F69)-(M69*N69),'riesgo inherente-Anexo '!C2:D28,2,TRUE) -> Bajo | P69: No se requiere | Q69: Asistente de Gerencia | R69: Baja | S69: Asistente de Gerencia | T69: 43800 | U69: Implementación
A70: Tecnologia | B70: FT: Fallas Tecnológicas | C70: 1. Interrupción de la Operación por caídas del sistema | D70: Software obsoleto, actualizaciones de software en horarios de atencion al publico, fallas en el INTERNET, interrupción del servicio de energía eléctrica > 4 horas. Instalaciones que presentan fallas y deben revertirse. Fallas en el hardware | E70: 3 | F70: 3 | G70: =VLOOKUP(E70*F70,'riesgo inherente-Anexo '!C4:D28,2,TRUE) -> Moderado | H70: Se cuenta con UPS que soporta 4 horas de servicio. Se cuenta con canal principal en fibra optica y un canal alterno de banda ancha con dos empresas diferentes. Se adoptó una nueva plataforma de software especializado en Cooperativas de ahorro y crédito VISIONAMOS instalado en servidor remoto (Nube) con dos réplicas y calificación AAA en seguridad. Mantenimiento preventivo a todos los equipos y a la RED | I70: Jefe de Sistemas | J70: Permanente | K70: Preventivo | L70: Alta | M70: 1 | N70: 1 | O70: =VLOOKUP((E70*F70)-(M70*N70),'riesgo inherente-Anexo '!C2:D28,2,TRUE) -> Moderado | P70: Sistema de baterías y energía solar | Q70: Jefe de Sistemas | R70: Alta | S70: Asistente de riesgos | T70: 44896 | U70: Planeación
B71: FE: Fraudes Externos | C71: 2. Ataques informáticos externos (secuestro información) | D71: No contar con antivirus o con medidas preventivas de acceso a la red | E71: 1 | F71: 1 | G71: =VLOOKUP(E71*F71,'riesgo inherente-Anexo '!C4:D28,2,TRUE) -> Bajo | H71: Se cuenta con antivirus de actualización automática y un MICROTIK: dispositivo para registro de la dirección física del equipo y así conectarse a la RED. La información del aplicativo está en la NUBE con dos réplicas. Los archivos de trabajo de los empleados se les efectua copia de seguridad manual en el servidor | I71: Asistente de Gerencia | J71: Permanente | K71: Preventivo | L71: Alta | M71: 1 | N71: 1 | O71: =VLOOKUP((E71*F71)-(M71*N71),'riesgo inherente-Anexo '!C2:D28,2,TRUE) -> Bajo | P71: Copia automática de carpetas de trabajo de los empleados en el SERVIDOR. Copia de los archivos de trabajo en la NUBE o en lugar físico diferente. | Q71: Asistente de Gerencia | R71: Baja | S71: Asistente de Gerencia | T71: 43800 | U71: Implementación
B72: FI: Fraude Interno | C72: 3. Sustracción dolosa o maliciosa de información | D72: Falta de seguimiento y control sobre el manejo de la informacion, abuso de confianza, acceso libre a memorias USB | E72: 1 | F72: 5 | G72: =VLOOKUP(E72*F72,'riesgo inherente-Anexo '!C4:D28,2,TRUE) -> Bajo | H72: Claves de acceso por usuario a los equipos de la oficina | I72: Cada funcionario | J72: Permanente | K72: Preventivo | L72: Alta | M72: 1 | N72: 1 | O72: =VLOOKUP((E72*F72)-(M72*N72),'riesgo inherente-Anexo '!C2:D28,2,TRUE) -> Bajo | P72: Restricción para acceso a través de puertos USB a los equipos de la oficina | Q72: Asistente de Gerencia | R72: Baja | S72: Asistente de Gerencia | T72: 43800 | U72: Implementación
B73: FT: Fallas Tecnológicas | C73: 4. Pérdida de información por contaminación con Virus | D73: Permisibilidad de ingresar a paginas con virus, no contar con antivirus adecuados, no tener copias de seguridad | E73: 1 | F73: 1 | G73: =VLOOKUP(E73*F73,'riesgo inherente-Anexo '!C4:D28,2,TRUE) -> Bajo | H73: Restricciones de acceso a páginas no autorizadas, redes sociales, pornografía etc. | I73: Asistente de Gerencia | J73: Permanente | K73: Preventivo | L73: Alta | M73: 1 | N73: 1 | O73: =VLOOKUP((E73*F73)-(M73*N73),'riesgo inherente-Anexo '!C2:D28,2,TRUE) -> Bajo | P73: No se requiere | Q73: Asistente de Gerencia | R73: Baja | S73: Asistente de Gerencia | T73: 43800 | U73: Implementación
B74: FT: Fallas Tecnológicas | C74: 5. Obsolescencia Tecnológica | D74: Software sin licencia o desactualizado. Equipos antiguos | E74: 1 | F74: 1 | G74: =VLOOKUP(E74*F74,'riesgo inherente-Anexo '!C4:D28,2,TRUE) -> Bajo | H74: Se actualizó el software a VISIONAMOS. Renovación de equipos cada 3 - 5 años. Se compran licencias de office y windows. Restricción para instalacion de software por parte de los usuarios | I74: Asistente de Gerencia | J74: Permanente | K74: Preventivo | L74: Alta | M74: 1 | N74: 1 | O74: =VLOOKUP((E74*F74)-(M74*N74),'riesgo inherente-Anexo '!C2:D28,2,TRUE) -> Bajo | P74: No se requiere | Q74: Asistente de Gerencia | R74: Baja | S74: Asistente de Gerencia | T74: 43800 | U74: Implementación
B75: DAF: Daños Activos Físicos | C75: 6. Robo de Equipos | D75: Falta de seguridad en las instalaciones de las oficinas | E75: 5 | F75: 5 | G75: =VLOOKUP(E75*F75,'riesgo inherente-Anexo '!C4:D28,2,TRUE) -> Crítico | H75: Sistemas de Alarma y Monitoreo en las oficinas. Cámaras. Seguros contra ROBO | I75: Asistente de Gerencia | J75: Permanente | K75: Preventivo | L75: Alta | M75: 1 | N75: 1 | O75: =VLOOKUP((E75*F75)-(M75*N75),'riesgo inherente-Anexo '!C2:D28,2,TRUE) -> Crítico | P75: No se requiere | Q75: Asistente de Gerencia | R75: Baja | S75: Asistente de Gerencia | T75: 43800 | U75: Implementación
B76: DAF: Daños Activos Físicos | C76: 7. Destrucción de Equipos por fenomenos físicos | D76: Mala ubicación de equipos en las instalaciones de la cooperativa | E76: 1 | F76: 1 | G76: =VLOOKUP(E76*F76,'riesgo inherente-Anexo '!C4:D28,2,TRUE) -> Bajo | H76: Proveedor externo especializado que hace mantenimiento anual y revisión de condiciones físicas. Aire acondicionado | I76: Asistente de Gerencia | J76: Permanente | K76: Preventivo | L76: Alta | M76: 1 | N76: 1 | O76: =VLOOKUP((E76*F76)-(M76*N76),'riesgo inherente-Anexo '!C2:D28,2,TRUE) -> Bajo | P76: No se requiere | Q76: Asistente de Gerencia | R76: Baja | S76: Asistente de Gerencia | T76: 43800 | U76: Implementación
B77: DAF: Daños Activos Físicos | C77: 8. Fallas en los equipos o daños | D77: No contar con los manteminientos periodicos | E77: 1 | F77: 1 | G77: =VLOOKUP(E77*F77,'riesgo inherente-Anexo '!C4:D28,2,TRUE) -> Bajo | H77: Proveedor externo especializado que hace mantenimiento anual y revisión de condiciones físicas. Aire acondicionado | I77: Asistente de Gerencia | J77: Permanente | K77: Preventivo | L77: Alta | M77: 1 | N77: 1 | O77: =VLOOKUP((E77*F77)-(M77*N77),'riesgo inherente-Anexo '!C2:D28,2,TRUE) -> Bajo | P77: No se requiere | Q77: Asistente de Gerencia | R77: Baja | S77: Asistente de Gerencia | T77: 43800 | U77: Implementación
B78: FT: Fallas Tecnológicas | C78: 9. Fallas en los sistemas de copias de respaldo | D78: No contar con copias de seguridad | E78: 5 | F78: 5 | G78: =VLOOKUP(E78*F78,'riesgo inherente-Anexo '!C4:D28,2,TRUE) -> Crítico | H78: El aplicativo está en la NUBE con dos replicas y se tiene respaldo de los archivos de trabajo de los empleados en el servidor | I78: Asistente de Gerencia | J78: Permanente | K78: Preventivo | L78: Alta | M78: 1 | N78: 1 | O78: =VLOOKUP((E78*F78)-(M78*N78),'riesgo inherente-Anexo '!C2:D28,2,TRUE) -> Crítico | P78: Copia automática de carpetas de trabajo de los empleados en el SERVIDOR. Copia de los archivos de trabajo en la NUBE o en lugar físico diferente. | Q78: Asistente de Gerencia | R78: Baja | S78: Asistente de Gerencia | T78: 43800 | U78: Implementación
B79: DAF: Daños Activos Físicos | C79: 10. Mal uso de los equipos | D79: Falta de capacitación y entrenamiento de los funcionarios | E79: 1 | F79: 1 | G79: =VLOOKUP(E79*F79,'riesgo inherente-Anexo '!C4:D28,2,TRUE) -> Bajo | H79: Soporte por parte de Gerencia y Asistente de Gerencia | I79: Gerencia y Asistente de Gerencia | J79: Permanente | K79: Preventivo | L79: Alta | M79: 1 | N79: 1 | O79: =VLOOKUP((E79*F79)-(M79*N79),'riesgo inherente-Anexo '!C2:D28,2,TRUE) -> Bajo | P79: Capacitación en buen manejo de los equipos y seguridad informatica | Q79: Asistente de Gerencia | R79: Baja | S79: Asistente de Gerencia | T79: 43800 | U79: Implementación
B80: FT: Fallas Tecnológicas | C80: 11. Subutilización de la capacidad instalada del software | D80: Falta de capacitación y entrenamiento de los funcionarios | E80: 1 | F80: 1 | G80: =VLOOKUP(E80*F80,'riesgo inherente-Anexo '!C4:D28,2,TRUE) -> Bajo | H80: Capacitacion en Excel y soporte por Gerencia y Asistente de Gerencia | I80: Gerencia y Asistente de Gerencia | J80: Permanente | K80: Preventivo | L80: Alta | M80: 1 | N80: 1 | O80: =VLOOKUP((E80*F80)-(M80*N80),'riesgo inherente-Anexo '!C2:D28,2,TRUE) -> Bajo | P80: Capacitación en OFIMATICA | Q80: Asistente de Gerencia | R80: Baja | S80: Asistente de Gerencia | T80: 43800 | U80: Implementación
B81: FT: Fallas Tecnológicas | C81: 12. Manipulación de datos del aplicativo | D81: Sotfware permite la manipulacion de datos en los registros por usuarios no autorizados | E81: 1 | F81: 1 | G81: =VLOOKUP(E81*F81,'riesgo inherente-Anexo '!C4:D28,2,TRUE) -> Bajo | H81: Claves de acceso restringido por parte del software. Niveles de acceso y autorización segmentados | I81: Asistente de Gerencia | J81: Permanente | K81: Preventivo | L81: Alta | M81: 1 | N81: 1 | O81: =VLOOKUP((E81*F81)-(M81*N81),'riesgo inherente-Anexo '!C2:D28,2,TRUE) -> Bajo | P81: Cambio de clave periódico obligatorio automático | Q81: Asistente de Gerencia | R81: Baja | S81: Asistente de Gerencia | T81: 43800 | U81: Implementación
B82: EAP: Ejecución y Administración de Procesos | C82: 13. Acceso a páginas NO autorizadas | D82: No contar con bloqueos de paginas web, no cumplir los procedimientos establecidos | E82: 1 | F82: 1 | G82: =VLOOKUP(E82*F82,'riesgo inherente-Anexo '!C4:D28,2,TRUE) -> Bajo | H82: Se cuenta con licencias del antivirus y los puestos de trabajo tiene acceso restringido a internet | I82: Asistente de Gerencia | J82: Permanente | K82: Preventivo | L82: Alta | M82: 1 | N82: 1 | O82: =VLOOKUP((E82*F82)-(M82*N82),'riesgo inherente-Anexo '!C2:D28,2,TRUE) -> Bajo | P82: No se requiere | Q82: Asistente de Gerencia | R82: Baja | S82: Asistente de Gerencia | T82: 43800 | U82: Implementación
B83: EAP: Ejecución y Administración de Procesos | C83: 14. Instalacion de programas no licenciados | D83: Politcas de la empresa lo permite o los computadores no tienen restricción | E83: 1 | F83: 1 | G83: =VLOOKUP(E83*F83,'riesgo inherente-Anexo '!C4:D28,2,TRUE) -> Bajo | H83: Se cuenta con licencias del antivirus y los puestos de trabajo tiene acceso restringido a internet y bloqueo para instalación de programas | I83: Asistente de Gerencia | J83: Permanente | K83: Preventivo | L83: Alta | M83: 1 | N83: 1 | O83: =VLOOKUP((E83*F83)-(M83*N83),'riesgo inherente-Anexo '!C2:D28,2,TRUE) -> Bajo | P83: No se requiere | Q83: Asistente de Gerencia | R83: Baja | S83: Asistente de Gerencia | T83: 43800 | U83: Implementación
B84: FT: Fallas Tecnológicas | C84: 15. Desactualización antivirus | D84: No se cuenta con actualización automática | E84: 1 | F84: 1 | G84: =VLOOKUP(E84*F84,'riesgo inherente-Anexo '!C4:D28,2,TRUE) -> Bajo | H84: Actualización automática de antivirus | I84: Asistente de Gerencia | J84: Permanente | K84: Preventivo | L84: Alta | M84: 1 | N84: 1 | O84: =VLOOKUP((E84*F84)-(M84*N84),'riesgo inherente-Anexo '!C2:D28,2,TRUE) -> Bajo | P84: No se requiere | Q84: Asistente de Gerencia | R84: Baja | S84: Asistente de Gerencia | T84: 43800 | U84: Implementación
B85: EAP: Ejecución y Administración de Procesos | C85: 16. Incumplimiento en el servicio de soporte por parte de los proveedores de tecnología | D85: No se tiene claridad sobre el alcance del servicio contratado o se contratan servicios con empresas sin respaldo, experiencia, trayectoria o reconocimiento | E85: 1 | F85: 1 | G85: =VLOOKUP(E85*F85,'riesgo inherente-Anexo '!C4:D28,2,TRUE) -> Bajo | H85: Contratos revisados por Abogado cuando se trata de grandes negociaciones. Contratación de proveedores tecnológicos reconocidos | I85: Gerencia | J85: Permanente | K85: Preventivo | L85: Alta | M85: 1 | N85: 1 | O85: =VLOOKUP((E85*F85)-(M85*N85),'riesgo inherente-Anexo '!C2:D28,2,TRUE) -> Bajo | P85: No se requiere | Q85: Asistente de Gerencia | R85: Baja | S85: Asistente de Gerencia | T85: 43800 | U85: Implementación
A86: Infraestructura | B86: DAF: Daños Activos Físicos | C86: 1. Pérdida de funcionalidad de las oficinas | D86: Falta de mantenimiento en la infraestructuras, eventualidades que afenten la infraestructura, crecimiento del volumen de operaciones (empleados y asociados) | E86: 1 | F86: 1 | G86: =VLOOKUP(E86*F86,'riesgo inherente-Anexo '!C4:D28,2,TRUE) -> Bajo | H86: Construción es NUEVA y amplia (2015). | I86: Asistente de Gerencia | J86: Permanente | K86: Preventivo | L86: Alta | M86: 1 | N86: 1 | O86: =VLOOKUP((E86*F86)-(M86*N86),'riesgo inherente-Anexo '!C2:D28,2,TRUE) -> Bajo | P86: Ampliación de mobiliario para atención al público / Canales virtuales transaccionales. Cupo rotativo disminuye créditos < 1 año de baja cuantía | Q86: Gerencia | R86: Baja | S86: Asistente de Gerencia | T86: 43800 | U86: Implementación
B87: DAF: Daños Activos Físicos | C87: 2. Riesgos laborales por condiciones físicas (iluminación, postura, temperatura) | D87: Falta de mantenimiento de los equipos mobiliarios, mala administracion de los espacios, no contar con programa de gestion y seguridad en el trabajo | E87: 1 | F87: 1 | G87: =VLOOKUP(E87*F87,'riesgo inherente-Anexo '!C4:D28,2,TRUE) -> Bajo | H87: Se cuenta con programa de sistema de gestion de seguridad y salud en el trabajo; Software pausas activas. Empresa asesora externa de diagnostico y seguimiento visita periódicamente | I87: Asistente de Gerencia | J87: Permanente | K87: Preventivo | L87: Alta | M87: 1 | N87: 1 | O87: =VLOOKUP((E87*F87)-(M87*N87),'riesgo inherente-Anexo '!C2:D28,2,TRUE) -> Bajo | P87: No se requiere | Q87: Asistente de Gerencia | R87: Baja | S87: Asistente de Gerencia | T87: 43800 | U87: Implementación
B88: C: Clientes | C88: 3. Dificultades de acceso a personas con movilidad reducida | D88: No se cuenta con accesos a personas discapacitadas | E88: 1 | F88: 1 | G88: =VLOOKUP(E88*F88,'riesgo inherente-Anexo '!C4:D28,2,TRUE) -> Bajo | H88: Se cuenta con acceso para personas con movilidad reducida a la planta de servicios | I88: Gerencia | J88: Permanente | K88: Preventivo | L88: Alta | M88: 1 | N88: 1 | O88: =VLOOKUP((E88*F88)-(M88*N88),'riesgo inherente-Anexo '!C2:D28,2,TRUE) -> Bajo | P88: No se requiere | Q88: Asistente de Gerencia | R88: Baja | S88: Asistente de Gerencia | T88: 43800 | U88: Implementación
B89: C: Clientes | C89: 4. Aglomeraciones excesivas de personas | D89: No contar con instalaciones adecuadas para el acceso masivo de personas o sistemas de contingencia para atender picos de demanda de servicios | E89: 1 | F89: 1 | G89: =VLOOKUP(E89*F89,'riesgo inherente-Anexo '!C4:D28,2,TRUE) -> Bajo | H89: Amplio espacio del area de atención. Sillas de espera y sistema de TURNOS. Los ídas "pico" se incrementa el # de cajeros | I89: Asistente de Gerencia | J89: Permanente | K89: Preventivo | L89: Alta | M89: 1 | N89: 1 | O89: =VLOOKUP((E89*F89)-(M89*N89),'riesgo inherente-Anexo '!C2:D28,2,TRUE) -> Bajo | P89: Ampliación de mobiliario para atención al público / Canales virtuales transaccionales. Cupo rotativo disminuye créditos < 1 año de baja cuantía | Q89: Asistente de Gerencia | R89: Baja | S89: Asistente de Gerencia | T89: 43800 | U89: Implementación
B90: EAP: Ejecución y Administración de Procesos | C90: 5. Acceso inadecuado a los espacios y areas de la Cooperativa | D90: No se cuenta con procedimientos de señalizacion interna. | E90: 1 | F90: 1 | G90: =VLOOKUP(E90*F90,'riesgo inherente-Anexo '!C4:D28,2,TRUE) -> Bajo | H90: Se cuenta con señalización interna de los espacios, servicios, areas, rutas | I90: Asistente de Gerencia | J90: Permanente | K90: Preventivo | L90: Alta | M90: 1 | N90: 1 | O90: =VLOOKUP((E90*F90)-(M90*N90),'riesgo inherente-Anexo '!C2:D28,2,TRUE) -> Bajo | P90: No se requiere | Q90: Asistente de Gerencia | R90: Baja | S90: Asistente de Gerencia | T90: 43800 | U90: Implementación
B91: DAF: Daños Activos Físicos | C91: 6. Mal uso de las herramientas e instrumentos de trabajo | D91: Falta de capacitacion de personal en el manejo de las herramientas e instrumentos de trabajo. | E91: 1 | F91: 1 | G91: =VLOOKUP(E91*F91,'riesgo inherente-Anexo '!C4:D28,2,TRUE) -> Bajo | H91: Proceso de inducción y entrenamiento al personal. Manuales de funciones y procedimientos | I91: Asistente de Gerencia | J91: Permanente | K91: Preventivo | L91: Alta | M91: 1 | N91: 1 | O91: =VLOOKUP((E91*F91)-(M91*N91),'riesgo inherente-Anexo '!C2:D28,2,TRUE) -> Bajo | P91: Capacitación en Riesgos laborales, ofimática, uso de equipos y otros. | Q91: Asistente de Gerencia | R91: Baja | S91: Asistente de Gerencia | T91: 43800 | U91: Implementación
A92: EXTERNOS | B92: DAF: Daños Activos Físicos | C92: 1. Destrucción de instalaciones | D92: Terremoto, inundación, incendio, actos malintencionados de terceros, terrorismo, asonada | E92: 1 | F92: 5 | G92: =VLOOKUP(E92*F92,'riesgo inherente-Anexo '!C4:D28,2,TRUE) -> Bajo | H92: Copias de seguridad de la información / Seguros / Titulos valores en Bóveda / Sensores de Humo y Extintores en todas las areas para diferentes fuentes / Digitalización de los documentos | I92: Asistente de Gerencia | J92: Permanente | K92: Preventivo | L92: Alta | M92: 1 | N92: 1 | O92: =VLOOKUP((E92*F92)-(M92*N92),'riesgo inherente-Anexo '!C2:D28,2,TRUE) -> Bajo | P92: Pagare desmaterializado | Q92: Gerencia | R92: Baja | S92: Asistente de Gerencia | T92: 43800 | U92: Implementación
B93: EAP: Ejecución y Administración de Procesos | C93: 2. Sanciones por no reportes, reportes incompletos, extemporaneos o con errores Supersolidaria, UIAF, DIAN | D93: Por el incumplimiento en los reportes, reportes incompletos, errores en su presentacion a las entidades o tardío. Falta de revisión de la calidad de la información enviada | E93: 2 | F93: 5 | G93: =VLOOKUP(E93*F93,'riesgo inherente-Anexo '!C4:D28,2,TRUE) -> Moderado | H93: Seguimiento del Revisor Fiscal. Programación y alertas automaticas en outlook | I93: Contador y Asistente de Gerencia | J93: Permanente | K93: Preventivo | L93: Alta | M93: 4 | N93: 1 | O93: =VLOOKUP((E93*F93)-(M93*N93),'riesgo inherente-Anexo '!C2:D28,2,TRUE) -> Moderado | P93: Programación anual general de compromisos legales de reporte y pago de impuestos y contribuciones | Q93: Gerencia, Asistente de Gerencia y Contador | R93: Alta | S93: Asistente de Gerencia | T93: 43800 | U93: Implementación
B94: EAP: Ejecución y Administración de Procesos | C94: 3. Sanciones por pago tardío o inexacto de impuestos | D94: Incumplimientos en obligaciones fiscales, preparación tardía de las declaraciones | E94: 2 | F94: 5 | G94: =VLOOKUP(E94*F94,'riesgo inherente-Anexo '!C4:D28,2,TRUE) -> Moderado | H94: Seguimiento del Revisor Fiscal. Programación y alertas automaticas en outlook | I94: Contador y Asistente de Gerencia | J94: Permanente | K94: Preventivo | L94: Alta | M94: 4 | N94: 1 | O94: =VLOOKUP((E94*F94)-(M94*N94),'riesgo inherente-Anexo '!C2:D28,2,TRUE) -> Moderado | P94: Programación anual general de compromisos legales de reporte y pago de impuestos y contribuciones | Q94: Gerencia, Asistente de Gerencia y Contador | R94: Baja | S94: Asistente de Gerencia | T94: 43800 | U94: Implementación
B95: EAP: Ejecución y Administración de Procesos | C95: 4. Demandas por responsabilidad Civil | D95: Error en la aplicación de los procesos de los servicios de los asociados | E95: 1 | F95: 1 | G95: =VLOOKUP(E95*F95,'riesgo inherente-Anexo '!C4:D28,2,TRUE) -> Bajo | H95: Manual de procesos y procedimientos; Sistema de PQRS en la página y físico; Polizas Directivos, REvisión jurídica de documentos de servicios y titulos valores | I95: Junta de Vigilancia | J95: Permanente | K95: Preventivo | L95: Alta | M95: 1 | N95: 1 | O95: =VLOOKUP((E95*F95)-(M95*N95),'riesgo inherente-Anexo '!C2:D28,2,TRUE) -> Bajo | P95: No se requiere | Q95: Gerencia | R95: Baja | S95: Asistente de Gerencia | T95: 43800 | U95: Implementación
B96: FE: Fraudes Externos | C96: 5. Robo o Asalto a mano armada | D96: Falta de seguridad física y vigilancia de las instalaciones, descuido de las personas | E96: 1 | F96: 1 | G96: =VLOOKUP(E96*F96,'riesgo inherente-Anexo '!C4:D28,2,TRUE) -> Bajo | H96: 16 cámaras al interior de la oficina / Servicaja con Vidrio de Seguridad y reja / Limite a la cantidad de efectivo en Caja / Apertura programada de Boveda / Clave dual Bóveda / Botones de Pánico | I96: Asistente de Gerencia | J96: Permanente | K96: Preventivo | L96: Alta | M96: 1 | N96: 1 | O96: =VLOOKUP((E96*F96)-(M96*N96),'riesgo inherente-Anexo '!C2:D28,2,TRUE) -> Bajo | P96: No se requiere | Q96: Asistente de Gerencia | R96: Baja | S96: Asistente de Gerencia | T96: 43800 | U96: Implementación
B97: FE: Fraudes Externos | C97: 6. Robo sin violencia | D97: Falta de seguridad física y vigilancia de las instalaciones, descuido de las personas | E97: 1 | F97: 1 | G97: =VLOOKUP(E97*F97,'riesgo inherente-Anexo '!C4:D28,2,TRUE) -> Bajo | H97: Apertura y Cierre programado de oficinas / Alarma con sensor de movimiento e impacto / Cámaras / Arqueros diarios | I97: Asistente de Gerencia | J97: Permanente | K97: Preventivo | L97: Alta | M97: 1 | N97: 1 | O97: =VLOOKUP((E97*F97)-(M97*N97),'riesgo inherente-Anexo '!C2:D28,2,TRUE) -> Bajo | P97: No se requiere | Q97: Asistente de Gerencia | R97: Baja | S97: Asistente de Gerencia | T97: 43800 | U97: Implementación
B98: FT: Fallas Tecnológicas | C98: 7. Fallas en el suministro electrico. | D98: Fallas del proveedor / atentado terrorista / Eventos naturales | E98: 3 | F98: 1 | G98: =VLOOKUP(E98*F98,'riesgo inherente-Anexo '!C4:D28,2,TRUE) -> Bajo | H98: Se cuenta con UPS que soporta 4 horas de servicio. | I98: Asistente de Gerencia | J98: Permanente | K98: Preventivo | L98: Alta | M98: 1 | N98: 1 | O98: =VLOOKUP((E98*F98)-(M98*N98),'riesgo inherente-Anexo '!C2:D28,2,TRUE) -> Bajo | P98: No se requiere | Q98: Asistente de Gerencia | R98: Baja | S98: Asistente de Gerencia | T98: 43800 | U98: Implementación
B99: DAF: Daños Activos Físicos | C99: 8. Fallas en el suministro de Agua. | D99: Fallas del proveedor / atentado terrorista / Eventos naturales | E99: 3 | F99: 1 | G99: =VLOOKUP(E99*F99,'riesgo inherente-Anexo '!C4:D28,2,TRUE) -> Bajo | H99: Se cuenta con tanque de almacenamiento de Agua 1000 LT | I99: Asistente de Gerencia | J99: Permanente | K99: Preventivo | L99: Alta | M99: 1 | N99: 1 | O99: =VLOOKUP((E99*F99)-(M99*N99),'riesgo inherente-Anexo '!C2:D28,2,TRUE) -> Bajo | P99: No se requiere | Q99: Asistente de Gerencia | R99: Baja | S99: Asistente de Gerencia | T99: 43800 | U99: Implementación
B100: FT: Fallas Tecnológicas | C100: 9. Fallas en el servicio de DATOS y comunicaciones | D100: Caida del servicio de internet o Teléfono por problemas del proveedor / fallo en la red local | E100: 3 | F100: 1 | G100: =VLOOKUP(E100*F100,'riesgo inherente-Anexo '!C4:D28,2,TRUE) -> Bajo | H100: Se cuenta con canal principal en fibra optica y un canal alterno de banda ancha con dos empresas diferentes. Mantenimiento preventivo y periodico de la RED / proveedor de mantenimiento local de rápida respuesta / personal interno capacitado en redes | I100: Asistente de Gerencia | J100: Permanente | K100: Preventivo | L100: Alta | M100: 1 | N100: 1 | O100: =VLOOKUP((E100*F100)-(M100*N100),'riesgo inherente-Anexo '!C2:D28,2,TRUE) -> Bajo | P100: No se requiere | Q100: Asistente de Gerencia | R100: Baja | S100: Asistente de Gerencia | T100: 43800 | U100: Implementación
...

Sheet riesgo inherente-Anexo 
A1: Proabilidad | B1: Severidad | C1: SCORE | D1: Riesgo Inherente | F1: Riesgo Inherente | G1: Frecuencia Control | H1: Tipo de Control | I1: Efectividad | J1: Estado Implementación | K1: Clasificación del Riesgo
A2: 0 | B2: 0 | C2: -999 | D2: Bajo | F2: Bajo | G2: Permanente | H2: Detectivo | I2: Alta | J2: Planeación | K2: FI: Fraude Interno
A3: 0 | B3: 1 | C3: 0 | D3: Bajo | F3: Moderado | G3: Periódico | H3: Preventivo | I3: Media | J3: Diseño | K3: FE: Fraudes Externos
A4: 1 | B4: 1 | C4: =+A4*B4 -> 1 | D4: Bajo | F4: Alto | G4: Esporádico | I4: Baja | J4: Pruebas | K4: RL: Relaciones Laborales
A5: 1 | B5: 2 | C5: =+A5*B5 -> 2 | D5: Bajo | F5: Crítico | G5: Anual | J5: Implementación | K5: C: Clientes
A6: 2 | B6: 1 | C6: =+A6*B6 -> 2 | D6: Bajo | G6: Unica | J6: Funcionamiento | K6: DAF: Daños Activos Físicos
A7: 1 | B7: 3 | C7: =+A7*B7 -> 3 | D7: Bajo | K7: FT: Fallas Tecnológicas
A8: 3 | B8: 1 | C8: =+A8*B8 -> 3 | D8: Bajo | K8: EAP: Ejecución y Administración de Procesos
A9: 1 | B9: 4 | C9: =+A9*B9 -> 4 | D9: Bajo
A10: 2 | B10: 2 | C10: =+A10*B10 -> 4 | D10: Bajo
A11: 4 | B11: 1 | C11: =+A11*B11 -> 4 | D11: Bajo
A12: 1 | B12: 5 | C12: =+A12*B12 -> 5 | D12: Bajo
A13: 5 | B13: 1 | C13: =+A13*B13 -> 5 | D13: Bajo
A14: 2 | B14: 3 | C14: =+A14*B14 -> 6 | D14: Moderado
A15: 3 | B15: 2 | C15: =+A15*B15 -> 6 | D15: Moderado
A16: 2 | B16: 4 | C16: =+A16*B16 -> 8 | D16: Moderado
A17: 4 | B17: 2 | C17: =+A17*B17 -> 8 | D17: Moderado
A18: 3 | B18: 3 | C18: =+A18*B18 -> 9 | D18: Moderado
A19: 2 | B19: 5 | C19: =+A19*B19 -> 10 | D19: Moderado
A20: 5 | B20: 2 | C20: =+A20*B20 -> 10 | D20: Moderado
... A28: 5 | B28: 5 | C28: =+A28*B28 -> 25 | D28: Crítico

Sheet Codificacion
A1: Factores de Riesgo | B1: Cod | C1: Categorías de Riesgos | D1: Cod | E1: Macroprocesos
A2: Recurso Humano | B2: RH | C2: Fraude Interno | D2: FI | E2: Gestion Gerencial
A3: Procesos | B3: P | C3: Fraude Externo | D3: FE | E3: Vinculación
A4: Tecnología | B4: T | C4: Relaciones Laborales | D4: RL | E4: Crédito
A5: Infraestructura | B5: I | C5: Clientes | D5: C | E5: Ahorro
A6: Externos | B6: E | C6: Daños a Activos Físicos | D6: DAF | E6: Solidaridad
C7: Fallas Tecnologicas | D7: FT | E7: Bienestar Social
C8: Ejecución y Administración de Procesos | D8: EAP | E8: Talento Humano
E9: Contabilidad y Gestion Administrativa
B11: PROBABILIDAD | E11: IMPACTO | F11: SMLMV
A12: 1 | B12: 1. Improbable | E12: 1. Insignificante | F12: Hasta 10
A13: 2 | B13: 2. Raro | E13: 2. Menor | F13: >10-30
A14: 3 | B14: 3. Potencia | E14: 3. Moderado | F14: >30-100
A15: 4 | B15: 4. Probable | E15: 4. Mayor | F15: >100-300
A16: 5 | B16: 5. Casi Certeza | E16: 5. Catastrófico | F16: >300

Sheet Cronograma COMITE SIAR
A1: RIESGO | B1: Actividad | C1: Responsable | D1: ENE | E1: FEB | F1: MAR | G1: ABR | H1: MAY | I1: JUN | J1: JUL | K1: AGO | L1: SEP | M1: OCT | N1: NOV | O1: DIC
A2: SIAR | B2: Evaluación efectividad SIAR | C2: Comité y Consejo | O2: X
B3: Capacitación anual SIAR y SARLAFT empleados y directivos | C3: Oficial | F3: X
B4: Informe Revisoría Fiscal sobre efectividad SIAR | C4: Revisor Fiscal | I4: X | O4: X
B5: Cálculo y segumiento indicadores, limites y apetitos SIAR | C5: Contador | D5: X | G5: X | J5: X | M5: X
B6: Revision capacidad patrimonial para asumir los riesgos | C6: Contador | D6: X | G6: X | J6: X | M6: X
A7: SARL Y SARM | B7: Revisión de indicadores de liquidez (Indicadores SIAR) | C7: Contador | D7: X | G7: X | J7: X | M7: X
B8: Revisión composición de efectivo y equivalentes, y comportamiento rentabilidad | C8: Director Financiera | E8: X | H8: X | K8: X | N8: X
B9: Revisión tasas de interés del mercado: cartera, inversiones y obligaciones | C9: Director Financiera | I9: X | O9: X
A10: SARLAFT | B10: Consolidación electrónica de operaciones y revisión principales operaciones: por contraparte, por canal, por jurisdicción, por producto. Estadistíca ROI | C10: Oficial | E10: X | K10: X
B11: Informe reportes UIAF: ROS, ROE | C11: Oficial | E11: X | K11: X
B12: Resultado del monitoreo al proceso de debida diligencia | C12: Oficial | E12: X | K12: X
B13: Resultado del monitoreo al proceso de actualización de datos: documentos y aplicativos | C13: Oficial | E13: X | K13: X
B14: Capacitación, actualización y evaluación anual de empleados y directivos | C14: Oficial | E14: X | K14: X
A15: SARC | B15: Monitoreo: Revisión cartera por edades, rotación, concentración, deterioro | C15: Jefe Cartera y Credito | D15: X | E15: X | F15: X | G15: X | H15: X | I15: X | J15: X | K15: X | L15: X | M15: X | N15: X | O15: X
B16: Evaluación semestral de la cartera | C16: Jefe Cartera y Credito | I16: X | O16: X
B17: Recuperación: Revisión cartera de mayor riesgo: ex asociados, mora, juridica, reestructurada, limites. | C17: Jefe Cartera y Credito | E17: X | H17: X | K17: X | N17: X
A18: SARO | B18: Evaluación cumplimiento PLAN DE DESARROLLO Y PESEM | C18: Gerencia | O18: X
B19: Revisión actualización Manuales de Funciones y Procedimientos | C19: Control interno | N19: X
B20: Revisión Transacciones con partes relacionadas | C20: Control interno | D20: X
B21: Informe sobre eventos de Riesgo Matriz SARO | C21: Control interno | D21: X | E21: X | F21: X | G21: X | H21: X | I21: X | J21: X | K21: X | L21: X | M21: X | N21: X | O21: X
B22: Revisión estado de las polizas | C22: Director Financiera | F22: X
B23: Revisión informe revisoría Fiscal | C23: Rafa | D23: X | E23: X | F23: X | G23: X | H23: X | I23: X | J23: X | K23: X | L23: X | M23: X | N23: X | O23: X
B24: Revisión requerimientos SES, DIAN otros | C24: Rafa | H24: X | N24: X
B25: Revise el estado de reportes a través del SICSES, control de legalidad reformas de estatutos, reporte de información impresa a la SES | C25: Contador | I25: X | N25: X
B26: Revisión avalúos PPE y Propiedades de inversión | C26: Contador | J26: X
B27: Evaluacion de seguridad informática (puede ser auditoria externa) | C27: Sistemas | K27: X
B28: Evaluacion gestión documental (conservación) | C28: Control interno | L28: X
B29: Revise el estado del SGSST | C29: Recursos humanos | N29: X
B30: Cumplimiento RUES, RUNEOL, contribución SES, Renta, Exógena e ICA | C30: contador | N30: X

Sheet CAPACIDAD PATRIMONIAL
A1: CUC | B1: Posición | C1: RIESGO | D1: Vr contable | E1: % Var | F1: Vr Riesgo | G1: Vr poliza / Deterioro | H1: Deducible | I1: VaR | J1: Observacion
A2: 100000 | B2: =PROPER(VLOOKUP(A2,cuc!$A$3:$H$2090,2,FALSE)) -> Activo | C2: SARO | D2: =VLOOKUP(A2,cuc!$A$3:$H$2088,8,FALSE) -> 2.4049823e+11 | E2: 0.05 | F2: =+D2*E2 -> 1.2024912e+10 | G2: 0 | H2: 0 | I2: =IF(+F2+G2+H2>0,+F2+G2+H2,0) -> 1.2024912e+10 | J2: Demandas, multas
A3: 110500 | B3: =PROPER(VLOOKUP(A3,cuc!$A$3:$H$2090,2,FALSE)) -> Caja | C3: SARO | D3: =VLOOKUP(A3,cuc!$A$3:$H$2088,8,FALSE) -> 14536419 | E3: 0.4 | F3: =+D3*E3 -> 5814567.6 | G3: =-F3 -> -5814567.6 | H3: =-G3*10% -> 581456.76 | I3: =IF(+F3+G3+H3>0,+F3+G3+H3,0) -> 581456.76 | J3: Sustracción
A4: 111000 | B4: =PROPER(VLOOKUP(A4,cuc!$A$3:$H$2090,2,FALSE)) -> Bancos Y Otras Entidades Con Actividad Financiera | C4: SARO | D4: =VLOOKUP(A4,cuc!$A$3:$H$2088,8,FALSE) -> 1.3887305e+10 | E4: 0.2 | F4: =+D4*E4 -> 2.777461e+09 | G4: -1000000000 | H4: =-G4*10% -> 100000000 | I4: =IF(+F4+G4+H4>0,+F4+G4+H4,0) -> 1.877461e+09 | J4: Fraude
A5: 111510 | B5: =PROPER(VLOOKUP(A5,cuc!$A$3:$H$2090,2,FALSE)) -> Inversiones A Corto Plazo, Clasificados Como Equivalentes Al Efectivo | C5: SARM | D5: =VLOOKUP(A5,cuc!$A$3:$H$2088,8,FALSE) -> 990000000 | E5: 0.5 | F5: =+D5*E5 -> 495000000 | G5: 0 | H5: =+G5*-10% -> 0 | I5: =IF(+F5+G5+H5>0,+F5+G5+H5,0) -> 495000000 | J5: Desvalorización
A6: 122600 | B6: =PROPER(VLOOKUP(A6,cuc!$A$3:$H$2090,2,FALSE)) -> Otras Inversiones En Instrumentos De Patrimonio | C6: SARM | D6: =VLOOKUP(A6,cuc!$A$3:$H$2088,8,FALSE) -> 2.6436459e+08 | E6: 0.5 | F6: =+D6*E6 -> 1.321823e+08 | G6: 0 | H6: =+G6*-10% -> 0 | I6: =IF(+F6+G6+H6>0,+F6+G6+H6,0) -> 1.321823e+08 | J6: Desvalorización (50% Anexo III IRL)
A7: 140000 | B7: =PROPER(VLOOKUP(A7,cuc!$A$3:$H$2090,2,FALSE)) -> Cartera De CrÉditos | C7: SARC | D7: =+'1. SARC - Calidad Cartera'!H72 -> 2.1848557e+11 | E7: 0.1 | F7: =+D7*E7 -> 2.1848557e+10 | G7: =-cuc!H338-cuc!H505 -> -1.0569981e+10 | H7: 0 | I7: =IF(+F7+G7+H7>0,+F7+G7+H7,0) -> 1.1278576e+10 | J7: Deterioro
A8: 170000 | B8: =PROPER(VLOOKUP(A8,cuc!$A$3:$H$2090,2,FALSE)) -> Activos Materiales | C8: SARO | D8: =VLOOKUP(A8,cuc!$A$3:$H$2088,8,FALSE) -> 1.0449288e+10 | E8: 1 | F8: =+SUM(D8:D8) -> 1.0449288e+10 | G8: =-F8 -> -1.0449288e+10 | H8: =-G8*10% -> 1.0449288e+09 | I8: =IF(+F8+G8+H8>0,+F8+G8+H8,0) -> 1.0449288e+09 | J8: Destrucción, Robo
B9: Total Exposicion Riesgos | I9: =+SUM(I2:I8) -> 2.6853641e+10
B10: Patrimonio sin aportes individuales (con amortizados) | H10: =+I10/I9 -> 2.5408159 | I10: =+cuc!H1069-cuc!H1070+cuc!H1076 -> 6.8230158e+10

Sheet cuc
H1: Actualizar
A2: CUENTA | B2: DESCRIPCION | C2: 42735 | D2: 43100 | E2: 43465 | F2: 43830 | G2: 44196 | H2: 44470 | I2: prueba
A3: 100000 | B3: ACTIVO | C3: 1.6867366e+11 | D3: 1.826563e+11 | E3: 1.9636539e+11 | F3: 2.0678357e+11 | G3: 2.3089375e+11 | H3: 2.4049823e+11 | I3: =MAX(C3:H3) -> 2.4049823e+11
A4: 110000 | B4: EFECTIVO Y EQUIVALENTE AL EFECTIVO | C4: 4.4615468e+09 | D4: 5.6907973e+09 | E4: 1.1906073e+10 | F4: 2.4816651e+10 | G4: 1.2978387e+10 | H4: 1.4891841e+10 | I4: =MAX(C4:H4) -> 2.4816651e+10
A5: 110500 | B5: CAJA | C5: 3509952 | D5: 3262103 | E5: 4372103 | F5: 5699489 | G5: 4445220 | H5: 14536419 | I5: =MAX(C5:H5) -> 14536419
A6: 110505 | B6: CAJA GENERAL | C6: 73924 | D6: 0 | E6: 0 | F6: 0 | G6: 0 | H6: 0 | I6: =MAX(C6:H6) -> 73924
A7: 110510 | B7: CAJA MENOR | C7: 3436028 | D7: 3262103 | E7: 4372103 | F7: 5699489 | G7: 4445220 | H7: 14536419 | I7: =MAX(C7:H7) -> 14536419
A8: 111000 | B8: BANCOS Y OTRAS ENTIDADES CON ACTIVIDAD FINANCIERA | C8: 2.9220368e+09 | D8: 3.5935352e+09 | E8: 1.03137e+10 | F8: 2.3194951e+10 | G8: 1.0099942e+10 | H8: 1.3887305e+10 | I8: =MAX(C8:H8) -> 2.3194951e+10
A9: 111005 | B9: BANCOS COMERCIALES | C9: 2.9220368e+09 | D9: 3.5935352e+09 | E9: 1.03137e+10 | F9: 2.3194951e+10 | G9: 1.0099942e+10 | H9: 1.3887305e+10 | I9: =MAX(C9:H9) -> 2.3194951e+10
A10: 111010 | B10: BANCOS COOPERATIVOS | C10: 0 | D10: 0 | E10: 0 | F10: 0 | G10: 0 | H10: 0 | I10: =MAX(C10:H10) -> 0
A11: 111015 | B11: ENTIDADES SECTOR SOLIDARIO | C11: 0 | D11: 0 | E11: 0 | F11: 0 | G11: 0 | H11: 0 | I11: =MAX(C11:H11) -> 0
A12: 111020 | B12: ENTIDADES DEL EXTERIOR | C12: 0 | D12: 0 | E12: 0 | F12: 0 | G12: 0 | H12: 0 | I12: =MAX(C12:H12) -> 0
A13: 111025 | B13: OTRAS ENTIDADES | C13: 0 | D13: 0 | E13: 0 | F13: 0 | G13: 0 | H13: 0 | I13: =MAX(C13:H13) -> 0
A14: 111500 | B14: EQUIVALENTES AL EFECTIVO (compromiso de pago) | C14: 1536000000 | D14: 2094000000 | E14: 1588000000 | F14: 1616000000 | G14: 2874000000 | H14: 990000000 | I14: =MAX(C14:H14) -> 2874000000
... A1068: 290000 | B1068: PASIVOS INCLUIDOS EN GRUPOS DE ACTIVOS PARA SU DISPOSICIÓN CLASIFICADOS COMO MANTENIDOS PARA LA VENTA | C1068: 0 | D1068: 0 | E1068: 0 | F1068: 0 | G1068: 0 | H1068: 0 | I1068: =MAX(C1068:H1068) -> 0
A1069: 300000 | B1069: PATRIMONIO | C1069: 1.503455e+11 | D1069: 1.6777855e+11 | E1069: 1.8434347e+11 | F1069: 1.9793306e+11 | G1069: 2.1803494e+11 | H1069: 2.2936555e+11 | I1069: =MAX(C1069:H1069) -> 2.2936555e+11 | J1069: =+H1069-C1069 -> 7.9020048e+10 | K1069: =+J1069-J1070 -> 2.4164678e+10 | L1069: =+K1069*10% -> 2.4164678e+09
A1070: 310000 | B1070: CAPITAL SOCIAL | C1070: 1.1660597e+11 | D1070: 1.2810169e+11 | E1070: 1.409391e+11 | F1070: 1.5625971e+11 | G1070: 1.7182347e+11 | H1070: 1.8026979e+11 | I1070: =MAX(C1070:H1070) -> 1.8026979e+11 | J1070: =+J1071-J1072 -> 5.485537e+10
A1071: 310500 | B1071: APORTES SOCIALES TEMPORALMENTE RESTRINGIDOS | C1071: =+C1070-C1074 -> 7.5238671e+10 | D1071: =+D1070-D1074 -> 5.4329986e+10 | E1071: =+E1070-E1074 -> 6.2814904e+10 | F1071: =+F1070-F1074 -> 7.3448113e+10 | G1071: =+G1070-G1074 -> 8.402347e+10 | H1071: 8.9417194e+10 | I1071: =MAX(C1071:H1071) -> 8.9417194e+10 | J1071: =+H1070-H1076 -> 1.6113539e+11
A1072: 310505 | B1072: APORTES ORDINARIOS | C1072: =+C1071-C1073 -> 7.3365158e+10 | D1072: =+D1071-D1073 -> 5.0816084e+10 | E1072: =+E1071-E1073 -> 5.7652863e+10 | F1072: =+F1071-F1073 -> 6.6007634e+10 | G1072: =+G1071-G1073 -> 7.4790499e+10 | H1072: 8.0839902e+10 | I1072: =MAX(C1072:H1072) -> 8.0839902e+10 | J1072: =+C1070-C1076 -> 1.0628002e+11
A1073: 310510 | B1073: APORTES EXTRAORDINARIOS | C1073: 1.8735133e+09 | D1073: 3.5139018e+09 | E1073: 5.1620409e+09 | F1073: 7.4404794e+09 | G1073: 9.2329704e+09 | H1073: 8577291452 | I1073: =MAX(C1073:H1073) -> 9.2329704e+09
A1074: 311000 | B1074: APORTES SOCIALES MÍNIMOS NO REDUCIBLES | C1074: =+C2094*60000 -> 41367300000 | D1074: =+D2094*100000 -> 73771700000 | E1074: =+E2094*100000 -> 78124200000 | F1074: =+F2094*100000 -> 82811600000 | G1074: =+G2094*100000 -> 87800000000 | H1074: 90852600000 | I1074: =MAX(C1074:H1074) -> 90852600000
A1075: 311005 | B1075: APORTES ORDINARIOS | C1075: =+C1074-C1076 -> 3.104135e+10 | D1075: =+D1074-D1076 -> 6.2585446e+10 | E1075: =+E1074-E1076 -> 6.5866705e+10 | F1075: =+F1074-F1076 -> 6.7567503e+10 | G1075: =+G1074-G1076 -> 7.0571488e+10 | H1075: 71718197684 | I1075: =MAX(C1075:H1075) -> 71718197684
A1076: 311010 | B1076: APORTES AMORTIZADOS | C1076: 1.032595e+10 | D1076: 1.1186254e+10 | E1076: 1.2257495e+10 | F1076: 1.5244097e+10 | G1076: 1.7228512e+10 | H1076: 19134402316 | I1076: =MAX(C1076:H1076) -> 19134402316 | J1076: =+H1076-C1076 -> 8.8084525e+09
A1077: 311500 | B1077: FONDO SOCIAL MUTUAL | C1077: 0 | D1077: 0 | E1077: 0 | F1077: 0 | G1077: 0 | H1077: 0 | I1077: =MAX(C1077:H1077) -> 0
A1078: 311505 | B1078: CUOTAS O CONTRIBUCIONES SOCIALES | C1078: 0 | D1078: 0 | E1078: 0 | F1078: 0 | G1078: 0 | H1078: 0 | I1078: =MAX(C1078:H1078) -> 0
A1079: 311510 | B1079: RESULTADO SOCIAL POSITIVO | C1079: 0 | D1079: 0 | E1079: 0 | F1079: 0 | G1079: 0 | H1079: 0 | I1079: =MAX(C1079:H1079) -> 0
A1080: 312000 | B1080: PARTICIPACIÓN PATRIMONIAL FOGACOOP | C1080: 0 | D1080: 0 | E1080: 0 | F1080: 0 | G1080: 0 | H1080: 0 | I1080: =MAX(C1080:H1080) -> 0
A1081: 320000 | B1081: RESERVAS | C1081: 1.4407119e+10 | D1081: 1.6533055e+10 | E1081: 1.9389697e+10 | F1081: 2.2380788e+10 | G1081: 2.4993622e+10 | H1081: 2.8458877e+10 | I1081: =MAX(C1081:H1081) -> 2.8458877e+10 | J1081: =+H1081-C1081 -> 1.4051759e+10 | K1081: reservas
A1082: 320500 | B1082: RESERVA PROTECCIÓN DE APORTES | C1082: 1.4382295e+10 | D1082: 1.6533055e+10 | E1082: 1.9389697e+10 | F1082: 2.2380788e+10 | G1082: 2.4993622e+10 | H1082: 2.8458877e+10 | I1082: =MAX(C1082:H1082) -> 2.8458877e+10 | J1082: =+J1076+J1081 -> 2.2860211e+10
A1083: 321000 | B1083: RESERVA DE INVERSIÓN SOCIAL | C1083: 0 | D1083: 0 | E1083: 0 | F1083: 0 | G1083: 0 | H1083: 0 | I1083: =MAX(C1083:H1083) -> 0
A1084: 321500 | B1084: RESERVA DE ASAMBLEA | C1084: 0 | D1084: 0 | E1084: 0 | F1084: 0 | G1084: 0 | H1084: 0 | I1084: =MAX(C1084:H1084) -> 0
A1085: 322000 | B1085: RESERVA PROTECCIÓN CARTERA | C1085: 0 | D1085: 0 | E1085: 0 | F1085: 0 | G1085: 0 | H1085: 0 | I1085: =MAX(C1085:H1085) -> 0
A1086: 322500 | B1086: RESERVAS ESTATUTARIAS | C1086: 0 | D1086: 0 | E1086: 0 | F1086: 0 | G1086: 0 | H1086: 0 | I1086: =MAX(C1086:H1086) -> 0
A1087: 323000 | B1087: RESERVA PROTECCIÓN FONDO MUTUAL | C1087: 0 | D1087: 0 | E1087: 0 | F1087: 0 | G1087: 0 | H1087: 0 | I1087: =MAX(C1087:H1087) -> 0
A1088: 323500 | B1088: RESERVA POR DISPOSICIONES FISCALES | C1088: 0 | D1088: 0 | E1088: 0 | F1088: 0 | G1088: 0 | H1088: 0 | I1088: =MAX(C1088:H1088) -> 0
A1089: 328000 | B1089: OTRAS RESERVAS | C1089: 24823471 | D1089: 0 | E1089: 0 | F1089: 0 | G1089: 0 | H1089: 0 | I1089: =MAX(C1089:H1089) -> 24823471
A1090: 330000 | B1090: FONDOS DE DESTINACIÓN ESPECÍFICA | C1090: 1.3910586e+09 | D1090: 1.6455609e+09 | E1090: 1.9102349e+09 | F1090: 3.9416863e+09 | G1090: 1.6341804e+09 | H1090: 1.7312343e+09 | I1090: =MAX(C1090:H1090) -> 3.9416863e+09
A1091: 330500 | B1091: FONDO PARA AMORTIZACIÓN DE APORTES | C1091: 0 | D1091: 0 | E1091: 0 | F1091: 1.8335319e+09 | G1091: 0 | H1091: 0 | I1091: =MAX(C1091:H1091) -> 1.8335319e+09
A1092: 331000 | B1092: FONDO PARA REVALORIZACIÓN DE APORTES | C1092: 0 | D1092: 0 | E1092: 0.65 | F1092: 0 | G1092: 0 | H1092: 0 | I1092: =MAX(C1092:H1092) -> 0.65
A1093: 332000 | B1093: FONDO PARA INFRAESTRUCTURA FÍSICA | C1093: 0 | D1093: 0 | E1093: 0 | F1093: 0 | G1093: 0 | H1093: 0 | I1093: =MAX(C1093:H1093) -> 0
A1094: 332500 | B1094: FONDO ESPECIAL | C1094: 0 | D1094: 0 | E1094: 0 | F1094: 8.8181303e+08 | G1094: 9.2044695e+08 | H1094: 9.2976067e+08 | I1094: =MAX(C1094:H1094) -> 9.2976067e+08
... A1100: 340500 | B1100: DONACIONES Y AUXILIOS | C1100: 0 | D1100: 0 | E1100: 0 | F1100: 0 | G1100: 0 | H1100: 0 | I1100: =MAX(C1100:H1100) -> 0
A1101: 350000 | B1101: EXCEDENTES Y/O PÉRDIDAS DEL EJERCICIO | C1101: 1.0873143e+10 | D1101: 1.4430038e+10 | E1101: 1.5036226e+10 | F1101: 1.3102801e+10 | G1101: 1.7335592e+10 | H1101: 1.6657569e+10 | I1101: =MAX(C1101:H1101) -> 1.7335592e+10 | J1101: =+H1101-C1101 -> 5.7844253e+09
A1102: 350500 | B1102: EXCEDENTES | C1102: 1.0873143e+10 | D1102: 1.4430038e+10 | E1102: 1.5036226e+10 | F1102: 1.3102801e+10 | G1102: 1.7335592e+10 | H1102: 1.6657569e+10 | I1102: =MAX(C1102:H1102) -> 1.7335592e+10
A1103: 351000 | B1103: PÉRDIDAS (DB) | C1103: 0 | D1103: 0 | E1103: 0 | F1103: 0 | G1103: 0 | H1103: 0 | I1103: =MAX(C1103:H1103) -> 0
A1104: 360000 | B1104: RESULTADOS ACUMULADOS POR ADOPCIÓN POR PRIMERA VEZ | C1104: 6.5548591e+09 | D1104: 6.5548591e+09 | E1104: 6.5548591e+09 | F1104: 1.7347253e+09 | G1104: 1.7347253e+09 | H1104: 1.7347253e+09 | I1104: =MAX(C1104:H1104) -> 6.5548591e+09
A1105: 360500 | B1105: EXCEDENTES | C1105: 6.5548591e+09 | D1105: 6.5548591e+09 | E1105: 6.5548591e+09 | F1105: 1.7347253e+09 | G1105: 1.7347253e+09 | H1105: 1.7347253e+09 | I1105: =MAX(C1105:H1105) -> 6.5548591e+09
A1106: 361000 | B1106: PÉRDIDAS (DB) | C1106: 0 | D1106: 0 | E1106: 0 | F1106: 0 | G1106: 0 | H1106: 0 | I1106: =MAX(C1106:H1106) -> 0
A1107: 370000 | B1107: OTRO RESULTADO INTEGRAL | C1107: 0 | D1107: 0 | E1107: 0 | F1107: 0 | G1107: 0 | H1107: 0 | I1107: =MAX(C1107:H1107) -> 0
A1108: 370500 | B1108: POR REVALUACIÓN DE PROPIEDAD, PLANTA Y EQUIPO Y ACTIVOS INTANGIBLES | C1108: 0 | D1108: 0 | E1108: 0 | F1108: 0 | G1108: 0 | H1108: 0 | I1108: =MAX(C1108:H1108) -> 0
A1109: 371000 | B1109: POR NUEVAS MEDICIONES DE LOS PLANES DE BENEFICIOS DEFINIDOS | C1109: 0 | D1109: 0 | E1109: 0 | F1109: 0 | G1109: 0 | H1109: 0 | I1109: =MAX(C1109:H1109) -> 0
A1110: 371500 | B1110: INVERSIONES MEDIDAS A VALOR RAZONABLE | C1110: 0 | D1110: 0 | E1110: 0 | F1110: 0 | G1110: 0 | H1110: 0 | I1110: =MAX(C1110:H1110) -> 0
A1111: 371505 | B1111: INVERSIONES MEDIDAS A VALOR RAZONABLE - ALTA Y MEDIA BURSATILIDAD | C1111: 0 | D1111: 0 | E1111: 0 | F1111: 0 | G1111: 0 | H1111: 0 | I1111: =MAX(C1111:H1111) -> 0
A1112: 371510 | B1112: INVERSIONES MEDIDAS A VALOR RAZONABLE - BAJA BURSATILIDAD | C1112: 0 | D1112: 0 | E1112: 0 | F1112: 0 | G1112: 0 | H1112: 0 | I1112: =MAX(C1112:H1112) -> 0
A1113: 372000 | B1113: POR CAMBIOS EN EL VALOR RAZONABLE DE INSTRUMENTOS DE COBERTURA | C1113: 0 | D1113: 0 | E1113: 0 | F1113: 0 | G1113: 0 | H1113: 0 | I1113: =MAX(C1113:H1113) -> 0
... A2089: 980000 | B2089: ACREEDORAS DE CONTROL POR CONTRA (CR) | C2089: 0 | D2089: 0 | E2089: 0 | F2089: 0 | G2089: 0 | H2089: 0 | I2089: =MAX(C2089:H2089) -> 0
B2091: ESTADISTICA | C2091: =+C2 -> 42735 | D2091: =+D2 -> 43100 | E2091: =+E2 -> 43465 | F2091: =+F2 -> 43830 | G2091: =+G2 -> 44196 | H2091: =+H2 -> 44470
B2092: N° Asociados | C2092: 9204 | D2092: 9327 | E2092: 9424 | F2092: 9335 | G2092: 9126 | H2092: 8971
B2093: Empleados | C2093: 49 | D2093: 49 | E2093: 47 | F2093: 46 | G2093: 45 | H2093: 48
B2094: SMLMV | C2094: 689455 | D2094: 737717 | E2094: 781242 | F2094: 828116 | G2094: 878000 | H2094: 908526
B2095: Excedente + gastos sociales (comites, varios y publicidad) y deterioro | C2095: =+C1566+C1565+C1551+C1547+C1101 -> 1.3693686e+10 | D2095: =+D1566+D1565+D1551+D1547+D1101 -> 1.7619894e+10 | E2095: =+E1566+E1565+E1551+E1547+E1101 -> 1.8833881e+10 | F2095: =+F1566+F1565+F1551+F1547+F1101 -> 1.9699537e+10 | G2095: =+G1566+G1565+G1551+G1547+G1101 -> 2.2287079e+10 | H2095: =+H1566+H1565+H1551+H1547+H1101 -> 1.7846714e+10 | I2095: ****
C2096: =+C1069-C1070+C1076 -> 4.406548e+10 | D2096: =+D1069-D1070+D1076 -> 5.0863116e+10 | E2096: =+E1069-E1070+E1076 -> 5.5661862e+10 | F2096: =+F1069-F1070+F1076 -> 5.6917447e+10 | G2096: =+G1069-G1070+G1076 -> 6.3439981e+10 | H2096: =+H1069-H1070+H1076 -> 6.8230158e+10
C2097: =+C2096/C3 -> 0.26124696 | D2097: =+D2096/D3 -> 0.27846352 | E2097: =+E2096/E3 -> 0.28346066 | F2097: =+F2096/F3 -> 0.2752513 | G2097: =+G2096/G3 -> 0.27475833 | H2097: =+H2096/H3 -> 0.28370336
C2098: =+C2096*12% -> 5.2878575e+09 | D2098: =+D2096*12% -> 6.103574e+09 | E2098: =+E2096*12% -> 6.6794234e+09 | F2098: =+F2096*12% -> 6.8300937e+09 | G2098: =+G2096*12% -> 7.6127977e+09 | H2098: =+H2096*12% -> 8.1876189e+09

Sheet Indicadores SIAR EVOLUCION
J1: 10 | K1: 7 | L1: RIESGO (apetito)
A2: TIPO | B2: NOMBRE | C2: Descripcion | D2: Descripción FORMULA | E2: =+cuc!C2 -> 42735 | F2: =+cuc!D2 -> 43100 | G2: =+cuc!E2 -> 43465 | H2: =+cuc!F2 -> 43830 | I2: =+cuc!G2 -> 44196 | J2: 44470 | K2: 44378 | L2: Bajo | M2: Alto
A3: SARC | B3: Indicador de calidad por riesgo | C3: Calidad x Riesgo (B,C,D,E) | D3: Cartera Total Calificada en Categorías B, C, D y E / Cartera Bruta | E3: =+'1. SARC - Calidad Cartera'!C75 -> 0.056210361 | F3: =+'1. SARC - Calidad Cartera'!D75 -> 0.045849494 | G3: =+'1. SARC - Calidad Cartera'!E75 -> 0.043072514 | H3: =+'1. SARC - Calidad Cartera'!F75 -> 0.067106727 | I3: =+'1. SARC - Calidad Cartera'!G75 -> 0.073696708 | J3: =+'1. SARC - Calidad Cartera'!H75 -> 0.059960269 | K3: 0.056810178 | L3: <5% | M3: >7%
A4: SARC | B4: Indicador de calidad por riesgo con castigos | C4: Calidad x Riesgo (B,C,D,E) + Castigos | D4: (Cartera Total Calificada en Categorías B, C, D y E + Castigos) / (Total Cartera + Castigos) | E4: =+'1. SARC - Calidad (con castigo)'!C77 -> 0.065350118 | F4: =+'1. SARC - Calidad (con castigo)'!D77 -> 0.054587796 | G4: =+'1. SARC - Calidad (con castigo)'!E77 -> 0.050099851 | H4: =+'1. SARC - Calidad (con castigo)'!F77 -> 0.075682438 | I4: =+'1. SARC - Calidad (con castigo)'!G77 -> 0.080955296 | J4: =+'1. SARC - Calidad (con castigo)'!H77 -> 0.066521265 | K4: 0.063685444 | L4: <6% | M4: >8%
A5: Riesgo Credito | B5: Indicador de cartera por Riesgo en Consumo sin Libranza | C5: Calidad x Riesgo (B,C,D,E) | D5: Cartera Calificada en Categorías B, C, D y E "Consumo SL" / Cartera Bruta "Consumo SL" | E5: =+'2. SARC - Calidad Cons sin LBZ'!C21 -> 0 | F5: =+'2. SARC - Calidad Cons sin LBZ'!D21 -> 0 | G5: =+'2. SARC - Calidad Cons sin LBZ'!E21 -> 0 | H5: =+'2. SARC - Calidad Cons sin LBZ'!F21 -> 0 | I5: =+'2. SARC - Calidad Cons sin LBZ'!G21 -> 0 | J5: =+'2. SARC - Calidad Cons sin LBZ'!H21 -> 0 | K5: 0 | L5: <6% | M5: >8%
A6: Riesgo Credito | B6: Indicador de cartera por Riesgo en Consumo con Libranza | C6: Calidad x Riesgo (B,C,D,E) | D6: Cartera Calificada en Categorías B, C, D y E "Consumo CL" / Cartera Bruta "Consumo CL" | E6: =+'3. SARC - Calidad Cons LBZ'!C30 -> 0.056210361 | F6: =+'3. SARC - Calidad Cons LBZ'!D30 -> 0.045849494 | G6: =+'3. SARC - Calidad Cons LBZ'!E30 -> 0.043072514 | H6: =+'3. SARC - Calidad Cons LBZ'!F30 -> 0.067106727 | I6: =+'3. SARC - Calidad Cons LBZ'!G30 -> 0.073696708 | J6: =+'3. SARC - Calidad Cons LBZ'!H30 -> 0.059960269 | K6: 0.056810178 | L6: <5% | M6: >7%
A7: Riesgo Credito | B7: Indicador de cartera por Riesgo en Vivienda | C7: Calidad x Riesgo (B,C,D,E) | D7: Cartera Calificada en Categorías B, C, D y E "Vivienda" / Cartera Bruta "Vivienda" | E7: =+'6. SARC - Calidad VIVI'!C30 -> 0 | F7: =+'6. SARC - Calidad VIVI'!D30 -> 0 | G7: =+'6. SARC - Calidad VIVI'!E30 -> 0 | H7: =+'6. SARC - Calidad VIVI'!F30 -> 0 | I7: =+'6. SARC - Calidad VIVI'!G30 -> 0 | J7: =+'6. SARC - Calidad VIVI'!H30 -> 0 | K7: 0 | L7: <3% | M7: >5%
A8: SARC | B8: Indicador de Cobertura de la Cartera Total en Riesgo | C8: Deterioro / Cartera Bruta | D8: Deterioro / Cartera Bruta | E8: =+'7. SARC - Cobertura TOTAL'!C30 -> 0.03651731 | F8: =+'7. SARC - Cobertura TOTAL'!D30 -> 0.037123347 | G8: =+'7. SARC - Cobertura TOTAL'!E30 -> 0.035866629 | H8: =+'7. SARC - Cobertura TOTAL'!F30 -> 0.045048017 | I8: =+'7. SARC - Cobertura TOTAL'!G30 -> 0.051402946 | J8: =+'7. SARC - Cobertura TOTAL'!H30 -> 0.048378394 | K8: 0.049319319 | L8: >5% | M8: <3%
A9: SARC | B9: Indicador de Cobertura individual de la cartera improductiva para la cartera en Riesgo | C9: Cobertura C D y E | D9: Deterioro CDE / Cartera Vencida CDE | E9: =+'30. Cobertura Cartera improduc'!C81 -> 0.40113647 | F9: =+'30. Cobertura Cartera improduc'!D81 -> 0.4803873 | G9: =+'30. Cobertura Cartera improduc'!E81 -> 0.49508303 | H9: =+'30. Cobertura Cartera improduc'!F81 -> 0.46437143 | I9: =+'30. Cobertura Cartera improduc'!G81 -> 0.48780407 | J9: =+'30. Cobertura Cartera improduc'!H81 -> 0.60636144 | K9: 0.58585668 | L9: >80% | M9: <50%
A10: SARC | B10: Indicador de Cobertura de la Cartera de Consumo en Riesgo | C10: Cobertura (B, C, D, E) | D10: Deterioro / Cartera Vencida | E10: =+'7. SARC - Cobertura consumo'!C46 -> 0.29574133 | F10: =+'7. SARC - Cobertura consumo'!D46 -> 0.37562644 | G10: =+'7. SARC - Cobertura consumo'!E46 -> 0.37031129 | H10: =+'7. SARC - Cobertura consumo'!F46 -> 0.37458207 | I10: =+'7. SARC - Cobertura consumo'!G46 -> 0.42711651 | J10: =+'7. SARC - Cobertura consumo'!H46 -> 0.47448266 | K10: 0.51733407 | L10: >50% | M10: <30%
A11: Riesgo Credito | B11: Indicador de Cobertura de la Cartera de Vivienda en Riesgo | C11: Cobertura (B, C, D, E) | D11: Deterioro / Cartera Vencida | E11: =+'8. SARC - Cobertura VIVI'!C33 -> 0 | F11: =+'8. SARC - Cobertura VIVI'!D33 -> 0 | G11: =+'8. SARC - Cobertura VIVI'!E33 -> 0 | H11: =+'8. SARC - Cobertura VIVI'!F33 -> 0 | I11: =+'8. SARC - Cobertura VIVI'!G33 -> 0 | J11: =+'8. SARC - Cobertura VIVI'!H33 -> 0 | K11: 0 | L11: >50% | M11: <20%
A12: SARC | B12: Indicador de Crecimiento Cartera Bruta total | C12: Crecimiento Cartera Bruta | D12: (Carte Bruta periodo Actual / Cartera Bruta del mismo periodo del año anterior )-1 | F12: =+'9. SARC - Crecim Cartera BRUTA'!C22 -> 0.091415332 | G12: =+'9. SARC - Crecim Cartera BRUTA'!D22 -> 0.095489566 | H12: =+'9. SARC - Crecim Cartera BRUTA'!E22 -> -0.0017397082 | I12: =+'9. SARC - Crecim Cartera BRUTA'!F22 -> 0.23781694 | J12: =+'9. SARC - Crecim Cartera BRUTA'!G22 -> 0.015769686 | K12: 0.01047817 | L12: >4% | M12: <0%
A13: Riesgo Credito | B13: Indicador de Crecimiento de Cartera Bruta de Consumo Sin Libranza | C13: Crecimiento de Cartera Bruta de Consumo Sin Libranza | D13: (Cartera Bruta periodo Actual / Cartera Bruta del mismo periodo del año anterior )-1 | F13: =+'10. SARC - Crecim CONS sin LBZ'!C11 -> 0 | G13: =+'10. SARC - Crecim CONS sin LBZ'!D11 -> 0 | H13: =+'10. SARC - Crecim CONS sin LBZ'!E11 -> 0 | I13: =+'10. SARC - Crecim CONS sin LBZ'!F11 -> 0 | J13: =+'10. SARC - Crecim CONS sin LBZ'!G11 -> 0 | K13: 0 | L13: >3% | M13: <0%
A14: Riesgo Credito | B14: Indicador de Crecimiento de Cartera Bruta de Consumo Con Libranza | C14: Crecimiento de Cartera Bruta de Consumo Con Libranza | D14: (Cartera Bruta periodo Actual / Cartera Bruta del mismo periodo del año anterior )-1 | F14: =+'11. SARC Crecim Cons LBZ'!C16 -> 0.091415332 | G14: =+'11. SARC Crecim Cons LBZ'!D16 -> 0.095489566 | H14: =+'11. SARC Crecim Cons LBZ'!E16 -> -0.0017397082 | I14: =+'11. SARC Crecim Cons LBZ'!F16 -> 0.23781694 | J14: =+'11. SARC Crecim Cons LBZ'!G16 -> 0.015769686 | K14: 0.01047817 | L14: >3% | M14: <0%
A15: Riesgo Credito | B15: Indicador de Crecimiento de Cartera Bruta Vivienda | C15: Crecimiento de Cartera Bruta Vivienda | D15: (Cartera Bruta periodo Actual / Cartera Bruta del mismo periodo del año anterior )-1 | F15: =+'14. SARC Crecim VIVI'!C16 -> 0 | G15: =+'14. SARC Crecim VIVI'!D16 -> 0 | H15: =+'14. SARC Crecim VIVI'!E16 -> 0 | I15: =+'14. SARC Crecim VIVI'!F16 -> 0 | J15: =+'14. SARC Crecim VIVI'!G16 -> 0 | K15: 0 | L15: >3% | M15: <0%
A16: SARC | B16: Indicador de Crecimiento de Cartera Total por Riesgo | C16: Crecimiento de Cartera Total por Riesgo | D16: (Cartera en riesgo periodo actual / Cartera en riesgo del mismo periodo del año anterior )-1 | F16: =+'15. SARC Crecim mora'!C61 -> -0.10975771 | G16: =+'15. SARC Crecim mora'!D61 -> 0.029138727 | H16: =+'15. SARC Crecim mora'!E61 -> 0.55528375 | I16: =+'15. SARC Crecim mora'!F61 -> 0.35937241 | J16: =+'15. SARC Crecim mora'!G61 -> -0.17356114 | K16: -0.22105823 | L16: <0% | M16: >10%
A17: Riesgo Credito | B17: Indicador de Crecimiento de Cartera Consumo Sin Libranza por Riesgo | C17: Crecimiento de Cartera Consumo Sin Libranza por Riesgo | D17: (Cartera Calificada en Categorías B, C, D y E periodo Actual / Cartera Calificada en Categorías B, C, D y E del mismo periodo del año anterior )-1 | F17: =+'16. SARC > mora Cons SIN LBZ'!C17 -> 0 | G17: =+'16. SARC > mora Cons SIN LBZ'!D17 -> 0 | H17: =+'16. SARC > mora Cons SIN LBZ'!E17 -> 0 | I17: =+'16. SARC > mora Cons SIN LBZ'!F17 -> 0 | J17: =+'16. SARC > mora Cons SIN LBZ'!G17 -> 0 | K17: 0 | L17: >3% | M17: <0%
A18: Riesgo Credito | B18: Indicador de Crecimiento de Cartera Consumo Con Libranza por Riesgo | C18: Crecimiento de Cartera Consumo Con Libranza por Riesgo | D18: (Cartera Calificada en Categorías B, C, D y E periodo Actual / Cartera Vencida del mismo periodo del año anterior )-1 | F18: =+'17. SARC > mora Cons LBZ'!C21 -> -0.10975771 | G18: =+'17. SARC > mora Cons LBZ'!D21 -> 0.029138727 | H18: =+'17. SARC > mora Cons LBZ'!E21 -> 0.55528375 | I18: =+'17. SARC > mora Cons LBZ'!F21 -> 0.35937241 | J18: =+'17. SARC > mora Cons LBZ'!G21 -> -0.17356114 | K18: -0.22105823 | L18: >3% | M18: <0%
A19: Riesgo Credito | B19: Indicador de Crecimiento de Cartera de Vivienda por Riesgo | C19: Crecimiento de Cartera de Vivienda por Riesgo | D19: (Cartera Calificada en Categorías B, C, D y E periodo Actual / Cartera Vencida del mismo periodo del año anterior )-1 | F19: =+'20. SARC > mora VIVI'!C21 -> 0 | G19: =+'20. SARC > mora VIVI'!D21 -> 0 | H19: =+'20. SARC > mora VIVI'!E21 -> 0 | I19: =+'20. SARC > mora VIVI'!F21 -> 0 | J19: =+'20. SARC > mora VIVI'!G21 -> 0 | K19: 0 | L19: >3% | M19: <0%
A20: Riesgo Liquidez | B20: Indicador de relación entre Activos Liquidos ampliados a depósitos de corto plazo | C20: Activos Líquidos ampliados / Depósitos Corto Plazo | D20: Efectivo y equivalentes+ Fondo Liquidez +Inversiones / Depositso < 6 Meses | E20: =+'21. LIQUIDEZ - ALN vs Dep CP'!C36 -> 0 | F20: =+'21. LIQUIDEZ - ALN vs Dep CP'!D36 -> 0 | G20: =+'21. LIQUIDEZ - ALN vs Dep CP'!E36 -> 0 | H20: =+'21. LIQUIDEZ - ALN vs Dep CP'!F36 -> 0 | I20: =+'21. LIQUIDEZ - ALN vs Dep CP'!G36 -> 0 | J20: =+'21. LIQUIDEZ - ALN vs Dep CP'!H36 -> 0 | K20: 0 | L20: >30% | M20: <20%
A21: Riesgo Liquidez | B21: Indicador de concentración de Cartera | C21: % Participación mayores deudores sobre el total de cartera | D21: Saldo Cartera de los 20 mayores Deudores / Saldo Total de la cartera | E21: =+'23. Concentracion cartera'!C21 -> 0 | F21: =+'23. Concentracion cartera'!D21 -> 0 | G21: =+'23. Concentracion cartera'!E21 -> 0 | H21: =+'23. Concentracion cartera'!F21 -> 0 | I21: =+'23. Concentracion cartera'!G21 -> 0 | J21: =+'23. Concentracion cartera'!H21 -> 0.012997873 | K21: 0.0095746366 | L21: <2% | M21: >4%
A22: Capital | B22: Relacion Solvencia | C22: Relación de Solvencia | D22: Patrimonio Técnico / Activos Ponderados por Riesgo | J22: =+'26. solvencia - solidez'!C13 -> 0.24000752 | K22: 0.24275036 | L22: >15% | M22: <10%
A23: SARM | B23: Indicador de relación entre el Aportes sociales mínimos no reducibles y el Capital Social | C23: Aportes sociales mínimos no reducibles | D23: Aportes sociales no reducibles / Capital Social | E23: =+'27. Irreduc Total'!C9 -> 0.35476142 | F23: =+'27. Irreduc Total'!D9 -> 0.57588391 | G23: =+'27. Irreduc Total'!E9 -> 0.55431174 | H23: =+'27. Irreduc Total'!F9 -> 0.52996129 | I23: =+'27. Irreduc Total'!G9 -> 0.51098956 | J23: =+'27. Irreduc Total'!H9 -> 0.50398127 | K23: 0.50729233 | L23: <50% | M23: >80%
A24: SARM | B24: Indicador de relación entre el Capital Institucional y el Activo Total | C24: Capital Institucional | D24: Capital Institucional / Activo | E24: =+'28. Capital institucional'!C16 -> 0.15487971 | F24: =+'28. Capital institucional'!D16 -> 0.16076571 | G24: =+'28. Capital institucional'!E16 -> 0.17089278 | H24: =+'28. Capital institucional'!F16 -> 0.20101486 | I24: =+'28. Capital institucional'!G16 -> 0.18994154 | J24: =+'28. Capital institucional'!H16 -> 0.20509304 | K24: 0.20617335 | L24: >10% | M24: <5% | N24: *** Ajustado
A25: SARM | B25: Activo Productivo | C25: Activo Productivo / Activo | D25: Activos Productivos / Activo | E25: =+'29. Activo productivo'!C43 -> 0.84029677 | F25: =+'29. Activo productivo'!D43 -> 0.85307918 | G25: =+'29. Activo productivo'!E43 -> 0.8689962 | H25: =+'29. Activo productivo'!F43 -> 0.81554105 | I25: =+'29. Activo productivo'!G43 -> 0.88652664 | J25: =+'29. Activo productivo'!H43 -> 0.87266223 | K25: 0.86894932 | L25: >85% | M25: <80%
A26: SARM | B26: Quebranto Patrimonial | C26: Quebranto Patrimonial | D26: Patrimonio / Capital social sin amortizados | E26: =+'25. Quebranto patrimonial'!C11 -> 1.4146168 | F26: =+'25. Quebranto patrimonial'!D11 -> 1.4350419 | G26: =+'25. Quebranto patrimonial'!E11 -> 1.4325549 | H26: =+'25. Quebranto patrimonial'!F11 -> 1.4036251 | I26: =+'25. Quebranto patrimonial'!G11 -> 1.4103625 | J26: =+'25. Quebranto patrimonial'!H11 -> 1.4234337 | K26: 1.3990508 | L26: >120% | M26: <100% | N26: *** Ajustado
A27: SARL | B27: Activos liquidos NETOS | C27: % de recursos disponibles a corto plazo frente a salidas potenciales de recursos incluidos aportes | D27: 11+ 12 - 1226 + 1650 / 23 + 24 + 27 + 31 - 311010 (Activos liquidos de corto plazo incluido deudores patronales / pasivos individualizados y aportes no institucionales) | E27: =+'0. ALN sobre aportes y pasivos'!C21 -> 0.085835641 | F27: =+'0. ALN sobre aportes y pasivos'!D21 -> 0.091250829 | G27: =+'0. ALN sobre aportes y pasivos'!E21 -> 0.1068581 | H27: =+'0. ALN sobre aportes y pasivos'!F21 -> 0.19527978 | I27: =+'0. ALN sobre aportes y pasivos'!G21 -> 0.09279953 | J27: =+'0. ALN sobre aportes y pasivos'!H21 -> 0.12173833 | K27: 0.12050089 | L27: >10% | M27: <7%
A28: SARM | B28: Activos financieros / Pasivos financieros + Aportes | C28: Por cada $100 pesos de aportes y pasivos financieros cuantos activos financieros se tiene | D28: 11 + 12 + 14 + 16 / 23 + 24 + 27 + 28 + 31 - 311010 | E28: =+'0. Estructura financiera'!C21 -> 1.2513677 | F28: =+'0. Estructura financiera'!D21 -> 1.2975089 | G28: =+'0. Estructura financiera'!E21 -> 1.3491363 | H28: =+'0. Estructura financiera'!F21 -> 1.3383909 | I28: =+'0. Estructura financiera'!G21 -> 1.3588588 | J28: =+'0. Estructura financiera'!H21 -> 1.3822397 | K28: 1.3640636 | L28: >120% | M28: <100%
A29: SARM | B29: Rentabilidad de las inversiones, efectivo y equivalentes | C29: Ingresos financieros diferentes a intereses de cartera / promedio 11 + 12 | D29: rendimientos financieros, intereses, dividendos, participaciones / promedio 11+12 | E29: =+'0. rentabilidad de las inversio'!C15 -> 0.00095219729 | F29: =+'0. rentabilidad de las inversio'!D15 -> 0 | G29: =+'0. rentabilidad de las inversio'!E15 -> 0 | H29: =+'0. rentabilidad de las inversio'!F15 -> 0.016459952 | I29: =+'0. rentabilidad de las inversio'!G15 -> 0.016680268 | J29: =+'0. rentabilidad de las inversio'!H15 -> 0.010330995 | K29: 0.0089635168 | L29: >3% | M29: <1%
A30: SARM | B30: Indicador de relación entre las obligaciones financieras y el ACTIVO total | C30: % Participación Obligaciones financieras sobre el ACTIVO | D30: Obligac Financ. / Activo Tot | E30: =+'33. Endeudamiento bancario'!C9 -> 0.070811535 | F30: =+'33. Endeudamiento bancario'!D9 -> 0.043482252 | G30: =+'33. Endeudamiento bancario'!E9 -> 0.025944642 | H30: =+'33. Endeudamiento bancario'!F9 -> 0.0031433061 | I30: =+'33. Endeudamiento bancario'!G9 -> 0.019548628 | J30: =+'33. Endeudamiento bancario'!H9 -> 0.011781098 | K30: 0.013940226 | L30: <10% | M30: >20% | N30: *** Ajustado
A31: SARM | B31: Estructura de Balance | C31: Estructura | D31: Activo Productivo / Pasivos con costo + Aportes | E31: =+'34. Estructura de Balance'!C46 -> 1.1858832 | F31: =+'34. Estructura de Balance'!D46 -> 1.2312115 | G31: =+'34. Estructura de Balance'!E46 -> 1.2636981 | H31: =+'34. Estructura de Balance'!F46 -> 1.1790053 | I31: =+'34. Estructura de Balance'!G46 -> 1.2684383 | J31: =+'34. Estructura de Balance'!H46 -> 1.2739242 | K31: 1.2671146 | L31: >120% | M31: <100% | N31: *** Ajustado
A32: SARO | B32: Indicador de Margen Operacional | C32: Margen Operacional | D32: Utilidad Operacional / Ingresos por venta de bienes y servicios y recuperaciones | E32: =+'32. Margen Operacional'!C17 -> 0.50887377 | F32: =+'32. Margen Operacional'!D17 -> 0.59344468 | G32: =+'32. Margen Operacional'!E17 -> 0.58173013 | H32: =+'32. Margen Operacional'!F17 -> 0.44807708 | I32: =+'32. Margen Operacional'!G17 -> 0.59391723 | J32: =+'32. Margen Operacional'!H17 -> 0.6941327 | K32: 0.71494098 | L32: >20% | M32: <10%
A33: SARO | B33: Margen operacional depurado | C33: Margen operacional sin gastos sociales con ingresos ordinarios antes de deterioro y depreciaciones | D33: Excedente + gastos sociales (publicidad, varios y comites) + Dep, Amort, Deter / 41 + administrativos + diferentes objeto social | E33: =+'0.margen operacional depurado'!C22 -> 0.58374686 | F33: =+'0.margen operacional depurado'!D22 -> 0.6740017 | G33: =+'0.margen operacional depurado'!E22 -> 0.66972039 | H33: =+'0.margen operacional depurado'!F22 -> 0.65951433 | I33: =+'0.margen operacional depurado'!G22 -> 0.74836426 | J33: =+'0.margen operacional depurado'!H22 -> 0.75029981 | K33: 0.7658666 | L33: >65% | M33: <50%
A34: SARO | B34: Indicador de relación entre el Gasto Administrativo y los Ingresos por venta de bienes y servicios y recuperaciones | C34: Estructura Gastos de Administración | D34: Gasto Administrativo / Ingresos por venta de bienes y servicios y recuperaciones | E34: =+'24. Eficiencia operativa'!C18 -> 0.49112623 | F34: =+'24. Eficiencia operativa'!D18 -> 0.40655532 | G34: =+'24. Eficiencia operativa'!E18 -> 0.41826987 | H34: =+'24. Eficiencia operativa'!F18 -> 0.55192292 | I34: =+'24. Eficiencia operativa'!G18 -> 0.40608277 | J34: =+'24. Eficiencia operativa'!H18 -> 0.3058673 | K34: 0.28505902 | L34: <40% | M34: >50%
A35: SARO | B35: Gastos ordinarios / ingresos ordinarios | C35: Por cada $100 pesos de ingresos ordinarios cuanto se destina al pago de gastos administrativos y financieros | D35: 5105+5110 - gastos varios y comites / 41 + ingresos financieros, administrativos y diferentes al objeto social | E35: =+'0. Eficiencia operativa depurad'!C20 -> 0.42900448 | F35: =+'0. Eficiencia operativa depurad'!D20 -> 0.35247934 | G35: =+'0. Eficiencia operativa depurad'!E20 -> 0.33253969 | H35: =+'0. Eficiencia operativa depurad'!F20 -> 0.36752787 | I35: =+'0. Eficiencia operativa depurad'!G20 -> 0.25588287 | J35: =+'0. Eficiencia operativa depurad'!H20 -> 0.28169266 | K35: 0.27188791 | L35: <30% | M35: >40%
A36: SARO | B36: Indicador de rentabilidad sobre recursos propios - ROE | C36: ROE | D36: (1+(Excedentes Neto / ((Patrimonio Año Actual + Patrimonio a Dic año anterior)/2)))^12-1 | E36: =+'35. Rentabilidad del patrimonio'!C9 -> 0.072321042 | F36: =+'35. Rentabilidad del patrimonio'!D9 -> 0.090719566 | G36: =+'35. Rentabilidad del patrimonio'!E9 -> 0.085403498 | H36: =+'35. Rentabilidad del patrimonio'!F9 -> 0.068551428 | I36: =+'35. Rentabilidad del patrimonio'!G9 -> 0.083350604 | J36: =EFFECT(+'35. Rentabilidad del patrimonio'!H9*(12/J1),12) -> 0.093108533 | K36: 0.076714342 | L36: >3% | M36: <0%
A37: SARO | B37: Indicador de margen neto | C37: Margen neto | D37: Excedente Neto / Ingresos por venta de bienes y servicios y recuperaciones | E37: =+'36. Margen NETO'!C10 -> 0.45664975 | F37: =+'36. Margen NETO'!D10 -> 0.54608814 | G37: =+'36. Margen NETO'!E10 -> 0.52793636 | H37: =+'36. Margen NETO'!F10 -> 0.44043088 | I37: =+'36. Margen NETO'!G10 -> 0.58213824 | J37: =+'36. Margen NETO'!H10 -> 0.68375247 | K37: 0.70592066 | L37: >20% | M37: <0%
A38: SARO | B38: Indicador de rentabilidad sobre el capital invertido - ROIC | C38: ROIC | D38: Excedente Neto / Fuentes de Financiación | E38: =+'37. Rentabilidad FUENTES'!C13 -> 0.084582982 | F38: =+'37. Rentabilidad FUENTES'!D13 -> 0.10606891 | G38: =+'37. Rentabilidad FUENTES'!E13 -> 0.10296406 | H38: =+'37. Rentabilidad FUENTES'!F13 -> 0.083505363 | I38: =+'37. Rentabilidad FUENTES'!G13 -> 0.098309372 | J38: =(+'37. Rentabilidad FUENTES'!H13)/J1*12 -> 0.10916844 | K38: 0.089783882 | L38: >3% | M38: <0%
A39: SARO | B39: Participacion de cartera | C39: % de los activos invertidos en cartera | D39: Cartera bruta / Activo + deterioro general | E39: =+'0. Participacion cartera'!C19 -> 0.84405507 | F39: =+'0. Participacion cartera'!D19 -> 0.85089564 | G39: =+'0. Participacion cartera'!E19 -> 0.86744573 | H39: =+'0. Participacion cartera'!F19 -> 0.82283448 | I39: =+'0. Participacion cartera'!G19 -> 0.91119732 | J39: =+'0. Participacion cartera'!H19 -> 0.88911626 | K39: 0.88964054 | L39: >85% | M39: <80%
A40: SARO | B40: Rentabilidad de la cartera | C40: Tasa de rendimiento promedio de la cartera | D40: Intereses de cartera / promedio Cartera anualizado | E40: =+'0. Rentabilidad de la cartera'!C27 -> 0.1691083 | F40: =+'0. Rentabilidad de la cartera'!D27 -> 0.17940688 | G40: =+'0. Rentabilidad de la cartera'!E27 -> 0.17634265 | H40: =+'0. Rentabilidad de la cartera'!F27 -> 0.17865178 | I40: =+'0. Rentabilidad de la cartera'!G27 -> 0.16084339 | J40: =+'0. Rentabilidad de la cartera'!H27 -> 0.13828384 | K40: 0.13828384 | L40: <14% | M40: >17%
A41: SARO | B41: Transferencia solidaria | E41: =+'0. transferencia solidaria'!C17 -> 0.075757967 | F41: =+'0. transferencia solidaria'!D17 -> 0.099434451 | G41: =+'0. transferencia solidaria'!E17 -> 0.1014433 | H41: =+'0. transferencia solidaria'!F17 -> 0.092059507 | I41: =+'0. transferencia solidaria'!G17 -> 0.080324353 | J41: =+'0. transferencia solidaria'!H17 -> 0.084494149 | K41: 0.067588319 | L41: <5% | M41: >3%

Sheet 0. transferencia solidaria
A1: Indicador | B1: Descripción Formula | C1: TIPO | D1: NOMBRE INDICADOR | E1: Descripcion Indicador
A2: PROPIO | B2: =+'Indicadores SIAR EVOLUCION'!C33 -> Margen operacional sin gastos sociales con ingresos ordinarios antes de deterioro y depreciaciones | C2: SARO | D2: Margen operacional depurado | E2: Por cada $100 pesos de ingresos ordinarios cuanto es el margen operativo
B3: 2 | C3: 3 | D3: 4 | E3: 5 | F3: 6 | G3: 7 | H3: 8
A4: Cuenta | B4: Descripcion | C4: Año 16 | D4: Año 17 | E4: Año 18 | F4: Año 19 | G4: Año 20 | H4: Año 21 | BD4: 140400 | BE4: 140500 | BF4: 141100 | BG4: 141200 | BH4: 144100 | BI4: 144200 | BJ4: 144800 | BK4: 145400 | BL4: 145500 | BM4: 146100 | BN4: 146200 | BO4: 146900
A5: 350000 | B5: =PROPER(VLOOKUP($A5,cuc!$A$3:$AA$2089,B$3,FALSE)) -> Excedentes Y/O PéRdidas Del Ejercicio | C5: =VLOOKUP($A5,cuc!$A$3:$AA$2089,C$3,FALSE)*60% -> 6.523886e+09 | D5: =VLOOKUP($A5,cuc!$A$3:$AA$2089,D$3,FALSE)*60% -> 8.6580227e+09 | E5: =VLOOKUP($A5,cuc!$A$3:$AA$2089,E$3,FALSE)*60% -> 9.0217357e+09 | F5: =VLOOKUP($A5,cuc!$A$3:$AA$2089,F$3,FALSE)*60% -> 7.8616807e+09 | G5: =VLOOKUP($A5,cuc!$A$3:$AA$2089,G$3,FALSE)*60% -> 1.0401355e+10 | H5: =VLOOKUP($A5,cuc!$A$3:$AA$2089,H$3,FALSE)*60% -> 9.9945412e+09 | I5: solo 60%
A6: 511095 | B6: =PROPER(VLOOKUP($A6,cuc!$A$3:$AA$2089,B$3,FALSE)) -> Otros | C6: =VLOOKUP($A6,cuc!$A$3:$AA$2089,C$3,FALSE) -> 5.065486e+08 | D6: =VLOOKUP($A6,cuc!$A$3:$AA$2089,D$3,FALSE) -> 1.4027017e+09 | E6: =VLOOKUP($A6,cuc!$A$3:$AA$2089,E$3,FALSE) -> 2.2772096e+09 | F6: =VLOOKUP($A6,cuc!$A$3:$AA$2089,F$3,FALSE) -> 2.8585522e+09 | G6: =VLOOKUP($A6,cuc!$A$3:$AA$2089,G$3,FALSE) -> 1.2740913e+09 | H6: =VLOOKUP($A6,cuc!$A$3:$AA$2089,H$3,FALSE) -> 8.3374649e+08
A7: =+cuc!A1551 -> 511022 | B7: =PROPER(VLOOKUP($A7,cuc!$A$3:$AA$2089,B$3,FALSE)) -> Gastos De Comités | C7: =VLOOKUP($A7,cuc!$A$3:$AA$2089,C$3,FALSE) -> 997218953 | D7: =VLOOKUP($A7,cuc!$A$3:$AA$2089,D$3,FALSE) -> 577319632 | E7: =VLOOKUP($A7,cuc!$A$3:$AA$2089,E$3,FALSE) -> 721459748 | F7: =VLOOKUP($A7,cuc!$A$3:$AA$2089,F$3,FALSE) -> 966787642 | G7: =VLOOKUP($A7,cuc!$A$3:$AA$2089,G$3,FALSE) -> 177610762 | H7: =VLOOKUP($A7,cuc!$A$3:$AA$2089,H$3,FALSE) -> 73251919
A8: =+cuc!A1547 -> 511018 | B8: =PROPER(VLOOKUP($A8,cuc!$A$3:$AA$2089,B$3,FALSE)) -> Publicidad Y Propaganda | C8: =VLOOKUP($A8,cuc!$A$3:$AA$2089,C$3,FALSE) -> 23904800 | D8: =VLOOKUP($A8,cuc!$A$3:$AA$2089,D$3,FALSE) -> 458614660 | E8: =VLOOKUP($A8,cuc!$A$3:$AA$2089,E$3,FALSE) -> 436681600 | F8: =VLOOKUP($A8,cuc!$A$3:$AA$2089,F$3,FALSE) -> 727076250 | G8: =VLOOKUP($A8,cuc!$A$3:$AA$2089,G$3,FALSE) -> 19306704 | H8: =VLOOKUP($A8,cuc!$A$3:$AA$2089,H$3,FALSE) -> 214030000
B9: Transferencia solidaria | C9: =+SUM(C5:C8) -> 8.0515583e+09 | D9: =+SUM(D5:D8) -> 1.1096659e+10 | E9: =+SUM(E5:E8) -> 1.2457087e+10 | F9: =+SUM(F5:F8) -> 1.2414097e+10 | G9: =+SUM(G5:G8) -> 1.1872364e+10 | H9: =+SUM(H5:H8) -> 1.111557e+10
A11: Cuenta | B11: Descripción | C11: =+C$4 -> Año 16 | D11: =+D$4 -> Año 17 | E11: =+E$4 -> Año 18 | F11: =+F$4 -> Año 19 | G11: =+G$4 -> Año 20 | H11: =+H$4 -> Año 21 | BD11: 140400 | BE11: 140500 | BF11: 141100 | BG11: 141200 | BH11: 144100 | BI11: 144200 | BJ11: 144800 | BK11: 145400 | BL11: 145500 | BM11: 146100 | BN11: 146200 | BO11: 146900
A12: 310000 | B12: =PROPER(VLOOKUP($A12,cuc!$A$3:$AA$2089,B$3,FALSE)) -> Capital Social | C12: =VLOOKUP($A12,cuc!$A$3:$AA$2089,C$3,FALSE) -> 1.1660597e+11 | D12: =VLOOKUP($A12,cuc!$A$3:$AA$2089,D$3,FALSE) -> 1.2810169e+11 | E12: =VLOOKUP($A12,cuc!$A$3:$AA$2089,E$3,FALSE) -> 1.409391e+11 | F12: =VLOOKUP($A12,cuc!$A$3:$AA$2089,F$3,FALSE) -> 1.5625971e+11 | G12: =VLOOKUP($A12,cuc!$A$3:$AA$2089,G$3,FALSE) -> 1.7182347e+11 | H12: =VLOOKUP($A12,cuc!$A$3:$AA$2089,H$3,FALSE) -> 1.8026979e+11
A13: 311010 | B13: =PROPER(VLOOKUP($A13,cuc!$A$3:$AA$2089,B$3,FALSE)) -> Aportes Amortizados | C13: =-VLOOKUP($A13,cuc!$A$3:$AA$2089,C$3,FALSE) -> -1.032595e+10 | D13: =-VLOOKUP($A13,cuc!$A$3:$AA$2089,D$3,FALSE) -> -1.1186254e+10 | E13: =-VLOOKUP($A13,cuc!$A$3:$AA$2089,E$3,FALSE) -> -1.2257495e+10 | F13: =-VLOOKUP($A13,cuc!$A$3:$AA$2089,F$3,FALSE) -> -1.5244097e+10 | G13: =-VLOOKUP($A13,cuc!$A$3:$AA$2089,G$3,FALSE) -> -1.7228512e+10 | H13: =-VLOOKUP($A13,cuc!$A$3:$AA$2089,H$3,FALSE) -> -19134402316
A14: Bruta | B14: Total | C14: =SUM(C12:C13) -> 1.0628002e+11 | D14: =SUM(D12:D13) -> 1.1691543e+11 | E14: =SUM(E12:E13) -> 1.2868161e+11 | F14: =SUM(F12:F13) -> 1.4101562e+11 | G14: =SUM(G12:G13) -> 1.5459496e+11 | H14: =SUM(H12:H13) -> 1.6113539e+11
B16: Descripcion | C16: =+C4 -> Año 16 | D16: =+D4 -> Año 17 | E16: =+E4 -> Año 18 | F16: =+F4 -> Año 19 | G16: =+G4 -> Año 20 | H16: =+H4 -> Año 21
B17: Estructura Financiera | C17: =+C9/C14 -> 0.075757967 | D17: =+D9/AVERAGE(C14:D14) -> 0.099434451 | E17: =+E9/AVERAGE(D14:E14) -> 0.1014433 | F17: =+F9/AVERAGE(E14:F14) -> 0.092059507 | G17: =+G9/AVERAGE(F14:G14) -> 0.080324353 | H17: =+H9/AVERAGE(G14:H14)/'Indicadores SIAR EVOLUCION'!J1*12 -> 0.084494149

Sheet 0.margen operacional depurado
A1: Indicador | B1: Descripción Formula | C1: TIPO | D1: NOMBRE INDICADOR | E1: Descripcion Indicador
A2: PROPIO | B2: =+'Indicadores SIAR EVOLUCION'!C33 -> Margen operacional sin gastos sociales con ingresos ordinarios antes de deterioro y depreciaciones | C2: SARO | D2: Margen operacional depurado | E2: Por cada $100 pesos de ingresos ordinarios cuanto es el margen operativo
B3: 2 | C3: 3 | D3: 4 | E3: 5 | F3: 6 | G3: 7 | H3: 8
A4: Cuenta | B4: Descripcion | C4: Año 16 | D4: Año 17 | E4: Año 18 | F4: Año 19 | G4: Año 20 | H4: Año 21 | BD4: 140400 | BE4: 140500 | BF4: 141100 | BG4: 141200 | BH4: 144100 | BI4: 144200 | BJ4: 144800 | BK4: 145400 | BL4: 145500 | BM4: 146100 | BN4: 146200 | BO4: 146900
A5: 350000 | B5: =PROPER(VLOOKUP($A5,cuc!$A$3:$AA$2089,B$3,FALSE)) -> Excedentes Y/O PéRdidas Del Ejercicio | C5: =VLOOKUP($A5,cuc!$A$3:$AA$2089,C$3,FALSE) -> 1.0873143e+10 | D5: =VLOOKUP($A5,cuc!$A$3:$AA$2089,D$3,FALSE) -> 1.4430038e+10 | E5: =VLOOKUP($A5,cuc!$A$3:$AA$2089,E$3,FALSE) -> 1.5036226e+10 | F5: =VLOOKUP($A5,cuc!$A$3:$AA$2089,F$3,FALSE) -> 1.3102801e+10 | G5: =VLOOKUP($A5,cuc!$A$3:$AA$2089,G$3,FALSE) -> 1.7335592e+10 | H5: =VLOOKUP($A5,cuc!$A$3:$AA$2089,H$3,FALSE) -> 1.6657569e+10
A6: 511095 | B6: =PROPER(VLOOKUP($A6,cuc!$A$3:$AA$2089,B$3,FALSE)) -> Otros | C6: =VLOOKUP($A6,cuc!$A$3:$AA$2089,C$3,FALSE) -> 5.065486e+08 | D6: =VLOOKUP($A6,cuc!$A$3:$AA$2089,D$3,FALSE) -> 1.4027017e+09 | E6: =VLOOKUP($A6,cuc!$A$3:$AA$2089,E$3,FALSE) -> 2.2772096e+09 | F6: =VLOOKUP($A6,cuc!$A$3:$AA$2089,F$3,FALSE) -> 2.8585522e+09 | G6: =VLOOKUP($A6,cuc!$A$3:$AA$2089,G$3,FALSE) -> 1.2740913e+09 | H6: =VLOOKUP($A6,cuc!$A$3:$AA$2089,H$3,FALSE) -> 8.3374649e+08
A7: =+cuc!A1551 -> 511022 | B7: =PROPER(VLOOKUP($A7,cuc!$A$3:$AA$2089,B$3,FALSE)) -> Gastos De Comités | C7: =VLOOKUP($A7,cuc!$A$3:$AA$2089,C$3,FALSE) -> 997218953 | D7: =VLOOKUP($A7,cuc!$A$3:$AA$2089,D$3,FALSE) -> 577319632 | E7: =VLOOKUP($A7,cuc!$A$3:$AA$2089,E$3,FALSE) -> 721459748 | F7: =VLOOKUP($A7,cuc!$A$3:$AA$2089,F$3,FALSE) -> 966787642 | G7: =VLOOKUP($A7,cuc!$A$3:$AA$2089,G$3,FALSE) -> 177610762 | H7: =VLOOKUP($A7,cuc!$A$3:$AA$2089,H$3,FALSE) -> 73251919
A8: =+cuc!A1547 -> 511018 | B8: =PROPER(VLOOKUP($A8,cuc!$A$3:$AA$2089,B$3,FALSE)) -> Publicidad Y Propaganda | C8: =VLOOKUP($A8,cuc!$A$3:$AA$2089,C$3,FALSE) -> 23904800 | D8: =VLOOKUP($A8,cuc!$A$3:$AA$2089,D$3,FALSE) -> 458614660 | E8: =VLOOKUP($A8,cuc!$A$3:$AA$2089,E$3,FALSE) -> 436681600 | F8: =VLOOKUP($A8,cuc!$A$3:$AA$2089,F$3,FALSE) -> 727076250 | G8: =VLOOKUP($A8,cuc!$A$3:$AA$2089,G$3,FALSE) -> 19306704 | H8: =VLOOKUP($A8,cuc!$A$3:$AA$2089,H$3,FALSE) -> 214030000
A9: 511500 | B9: =PROPER(VLOOKUP($A9,cuc!$A$3:$AA$2089,B$3,FALSE)) -> Deterioro | C9: =VLOOKUP($A9,cuc!$A$3:$AA$2089,C$3,FALSE) -> 1.2928706e+09 | D9: =VLOOKUP($A9,cuc!$A$3:$AA$2089,D$3,FALSE) -> 7.5122061e+08 | E9: =VLOOKUP($A9,cuc!$A$3:$AA$2089,E$3,FALSE) -> 3.6230437e+08 | F9: =VLOOKUP($A9,cuc!$A$3:$AA$2089,F$3,FALSE) -> 2044319349 | G9: =VLOOKUP($A9,cuc!$A$3:$AA$2089,G$3,FALSE) -> 3480477706 | H9: =VLOOKUP($A9,cuc!$A$3:$AA$2089,H$3,FALSE) -> 68116503
A10: 512000 | B10: =PROPER(VLOOKUP($A10,cuc!$A$3:$AA$2089,B$3,FALSE)) -> Amortización Y Agotamiento | C10: =VLOOKUP($A10,cuc!$A$3:$AA$2089,C$3,FALSE) -> 0 | D10: =VLOOKUP($A10,cuc!$A$3:$AA$2089,D$3,FALSE) -> 0 | E10: =VLOOKUP($A10,cuc!$A$3:$AA$2089,E$3,FALSE) -> 0 | F10: =VLOOKUP($A10,cuc!$A$3:$AA$2089,F$3,FALSE) -> 0 | G10: =VLOOKUP($A10,cuc!$A$3:$AA$2089,G$3,FALSE) -> 0 | H10: =VLOOKUP($A10,cuc!$A$3:$AA$2089,H$3,FALSE) -> 0
A11: 512500 | B11: =PROPER(VLOOKUP($A11,cuc!$A$3:$AA$2089,B$3,FALSE)) -> Depreciación Propiedad, Planta Y Equipo | C11: =VLOOKUP($A11,cuc!$A$3:$AA$2089,C$3,FALSE) -> 3.0676677e+08 | D11: =VLOOKUP($A11,cuc!$A$3:$AA$2089,D$3,FALSE) -> 3.0421364e+08 | E11: =VLOOKUP($A11,cuc!$A$3:$AA$2089,E$3,FALSE) -> 295335497 | F11: =VLOOKUP($A11,cuc!$A$3:$AA$2089,F$3,FALSE) -> 215036758 | G11: =VLOOKUP($A11,cuc!$A$3:$AA$2089,G$3,FALSE) -> 197154386 | H11: =VLOOKUP($A11,cuc!$A$3:$AA$2089,H$3,FALSE) -> 156963177
B12: Excedente depurado antes de gastos no efecitvos | C12: =+SUM(C5:C11) -> 1.4000453e+10 | D12: =+SUM(D5:D11) -> 1.7924108e+10 | E12: =+SUM(E5:E11) -> 1.9129217e+10 | F12: =+SUM(F5:F11) -> 1.9914573e+10 | G12: =+SUM(G5:G11) -> 2.2484233e+10 | H12: =+SUM(H5:H11) -> 1.8003677e+10
A14: Cuenta | B14: Descripción | C14: =+C$4 -> Año 16 | D14: =+D$4 -> Año 17 | E14: =+E$4 -> Año 18 | F14: =+F$4 -> Año 19 | G14: =+G$4 -> Año 20 | H14: =+H$4 -> Año 21 | BD14: 140400 | BE14: 140500 | BF14: 141100 | BG14: 141200 | BH14: 144100 | BI14: 144200 | BJ14: 144800 | BK14: 145400 | BL14: 145500 | BM14: 146100 | BN14: 146200 | BO14: 146900
A15: 410000 | B15: =PROPER(VLOOKUP($A15,cuc!$A$3:$AA$2089,B$3,FALSE)) -> Ingresos Por Venta De Bienes Y Servicios | C15: =VLOOKUP($A15,cuc!$A$3:$AA$2089,C$3,FALSE) -> 2.3533265e+10 | D15: =VLOOKUP($A15,cuc!$A$3:$AA$2089,D$3,FALSE) -> 2.6178764e+10 | E15: =VLOOKUP($A15,cuc!$A$3:$AA$2089,E$3,FALSE) -> 2.8279771e+10 | F15: =VLOOKUP($A15,cuc!$A$3:$AA$2089,F$3,FALSE) -> 2.9660475e+10 | G15: =VLOOKUP($A15,cuc!$A$3:$AA$2089,G$3,FALSE) -> 2.9670871e+10 | H15: =VLOOKUP($A15,cuc!$A$3:$AA$2089,H$3,FALSE) -> 2.3808347e+10
A16: =+cuc!A1384 -> 422004 | B16: =PROPER(VLOOKUP($A16,cuc!$A$3:$AA$2089,B$3,FALSE)) -> Intereses De Bancos Y Otras Entidades Con Actividad Financiera | C16: =VLOOKUP($A16,cuc!$A$3:$AA$2089,C$3,FALSE) -> 0 | D16: =VLOOKUP($A16,cuc!$A$3:$AA$2089,D$3,FALSE) -> 0 | E16: =VLOOKUP($A16,cuc!$A$3:$AA$2089,E$3,FALSE) -> 0 | F16: =VLOOKUP($A16,cuc!$A$3:$AA$2089,F$3,FALSE) -> 3.230385e+08 | G16: =VLOOKUP($A16,cuc!$A$3:$AA$2089,G$3,FALSE) -> 3.3630561e+08 | H16: =VLOOKUP($A16,cuc!$A$3:$AA$2089,H$3,FALSE) -> 1.2224562e+08
A17: =+cuc!A1437 -> 423000 | B17: =PROPER(VLOOKUP($A17,cuc!$A$3:$AA$2089,B$3,FALSE)) -> Administrativos Y Sociales | C17: =VLOOKUP($A17,cuc!$A$3:$AA$2089,C$3,FALSE) -> 37869170 | D17: =VLOOKUP($A17,cuc!$A$3:$AA$2089,D$3,FALSE) -> 99749398 | E17: =VLOOKUP($A17,cuc!$A$3:$AA$2089,E$3,FALSE) -> 78813040 | F17: =VLOOKUP($A17,cuc!$A$3:$AA$2089,F$3,FALSE) -> 41550315 | G17: =VLOOKUP($A17,cuc!$A$3:$AA$2089,G$3,FALSE) -> 24129253 | H17: =VLOOKUP($A17,cuc!$A$3:$AA$2089,H$3,FALSE) -> 15790306
A18: 424000 | B18: =PROPER(VLOOKUP($A18,cuc!$A$3:$AA$2089,B$3,FALSE)) -> Servicios Diferentes Al Objeto Social | C18: =VLOOKUP($A18,cuc!$A$3:$AA$2089,C$3,FALSE) -> 4.1264047e+08 | D18: =VLOOKUP($A18,cuc!$A$3:$AA$2089,D$3,FALSE) -> 3.1505118e+08 | E18: =VLOOKUP($A18,cuc!$A$3:$AA$2089,E$3,FALSE) -> 2.0440634e+08 | F18: =VLOOKUP($A18,cuc!$A$3:$AA$2089,F$3,FALSE) -> 1.7075211e+08 | G18: =VLOOKUP($A18,cuc!$A$3:$AA$2089,G$3,FALSE) -> 13197704 | H18: =VLOOKUP($A18,cuc!$A$3:$AA$2089,H$3,FALSE) -> 48926906
A19: Bruta | B19: Total | C19: =SUM(C15:C18) -> 2.3983774e+10 | D19: =SUM(D15:D18) -> 2.6593565e+10 | E19: =SUM(E15:E18) -> 2.856299e+10 | F19: =SUM(F15:F18) -> 3.0195816e+10 | G19: =SUM(G15:G18) -> 3.0044504e+10 | H19: =SUM(H15:H18) -> 2.399531e+10
B21: Descripcion | C21: =+C4 -> Año 16 | D21: =+D4 -> Año 17 | E21: =+E4 -> Año 18 | F21: =+F4 -> Año 19 | G21: =+G4 -> Año 20 | H21: =+H4 -> Año 21
B22: Estructura Financiera | C22: =+C12/C19 -> 0.58374686 | D22: =+D12/D19 -> 0.6740017 | E22: =+E12/E19 -> 0.66972039 | F22: =+F12/F19 -> 0.65951433 | G22: =+G12/G19 -> 0.74836426 | H22: =+H12/H19 -> 0.75029981

Sheet 0. Eficiencia operativa depurad
A1: Indicador | B1: Descripción Formula | C1: TIPO | D1: NOMBRE INDICADOR | E1: Descripcion Indicador
A2: PROPIO | B2: Gastos ordinarios y financieros (sin sociales) / ingresos ordinarios | C2: OPERATIVO | D2: Eficiencia Depurada | E2: Por cada $100 pesos de ingresos ordinarios que genera la entidad cuantos pesos se destinan a gastos administrativos y financieros
B3: 2 | C3: 3 | D3: 4 | E3: 5 | F3: 6 | G3: 7 | H3: 8
A4: Cuenta | B4: Descripcion | C4: Año 16 | D4: Año 17 | E4: Año 18 | F4: Año 19 | G4: Año 20 | H4: Año 21 | BD4: 140400 | BE4: 140500 | BF4: 141100 | BG4: 141200 | BH4: 144100 | BI4: 144200 | BJ4: 144800 | BK4: 145400 | BL4: 145500 | BM4: 146100 | BN4: 146200 | BO4: 146900
A5: 510500 | B5: =PROPER(VLOOKUP($A5,cuc!$A$3:$AA$2089,B$3,FALSE)) -> Beneficio A Empleados | C5: =VLOOKUP($A5,cuc!$A$3:$AA$2089,C$3,FALSE) -> 2.3109856e+09 | D5: =VLOOKUP($A5,cuc!$A$3:$AA$2089,D$3,FALSE) -> 2.4201579e+09 | E5: =VLOOKUP($A5,cuc!$A$3:$AA$2089,E$3,FALSE) -> 2.5625212e+09 | F5: =VLOOKUP($A5,cuc!$A$3:$AA$2089,F$3,FALSE) -> 2.5379724e+09 | G5: =VLOOKUP($A5,cuc!$A$3:$AA$2089,G$3,FALSE) -> 2.738058e+09 | H5: =VLOOKUP($A5,cuc!$A$3:$AA$2089,H$3,FALSE) -> 2.3893643e+09
A6: 511000 | B6: =PROPER(VLOOKUP($A6,cuc!$A$3:$AA$2089,B$3,FALSE)) -> Gastos Generales | C6: =VLOOKUP($A6,cuc!$A$3:$AA$2089,C$3,FALSE) -> 8.0901959e+09 | D6: =VLOOKUP($A6,cuc!$A$3:$AA$2089,D$3,FALSE) -> 7.5715919e+09 | E6: =VLOOKUP($A6,cuc!$A$3:$AA$2089,E$3,FALSE) -> 8.9879746e+09 | F6: =VLOOKUP($A6,cuc!$A$3:$AA$2089,F$3,FALSE) -> 1.1837393e+10 | G6: =VLOOKUP($A6,cuc!$A$3:$AA$2089,G$3,FALSE) -> 5.8742711e+09 | H6: =VLOOKUP($A6,cuc!$A$3:$AA$2089,H$3,FALSE) -> 4.9940543e+09
A7: 521000 | B7: =PROPER(VLOOKUP($A7,cuc!$A$3:$AA$2089,B$3,FALSE)) -> Gastos Financieros | C7: =VLOOKUP($A7,cuc!$A$3:$AA$2089,C$3,FALSE) -> 1.3917327e+09 | D7: =VLOOKUP($A7,cuc!$A$3:$AA$2089,D$3,FALSE) -> 1.3619539e+09 | E7: =VLOOKUP($A7,cuc!$A$3:$AA$2089,E$3,FALSE) -> 9.4650137e+08 | F7: =VLOOKUP($A7,cuc!$A$3:$AA$2089,F$3,FALSE) -> 5.4777834e+08 | G7: =VLOOKUP($A7,cuc!$A$3:$AA$2089,G$3,FALSE) -> 5.2724687e+08 | H7: =VLOOKUP($A7,cuc!$A$3:$AA$2089,H$3,FALSE) -> 2.8288255e+08
A8: 511095 | B8: =PROPER(VLOOKUP($A8,cuc!$A$3:$AA$2089,B$3,FALSE)) -> Otros | C8: =-VLOOKUP($A8,cuc!$A$3:$AA$2089,C$3,FALSE) -> -5.065486e+08 | D8: =-VLOOKUP($A8,cuc!$A$3:$AA$2089,D$3,FALSE) -> -1.4027017e+09 | E8: =-VLOOKUP($A8,cuc!$A$3:$AA$2089,E$3,FALSE) -> -2.2772096e+09 | F8: =-VLOOKUP($A8,cuc!$A$3:$AA$2089,F$3,FALSE) -> -2.8585522e+09 | G8: =-VLOOKUP($A8,cuc!$A$3:$AA$2089,G$3,FALSE) -> -1.2740913e+09 | H8: =-VLOOKUP($A8,cuc!$A$3:$AA$2089,H$3,FALSE) -> -8.3374649e+08
A9: 511022 | B9: =PROPER(VLOOKUP($A9,cuc!$A$3:$AA$2089,B$3,FALSE)) -> Gastos De Comités | C9: =-VLOOKUP($A9,cuc!$A$3:$AA$2089,C$3,FALSE) -> -997218953 | D9: =-VLOOKUP($A9,cuc!$A$3:$AA$2089,D$3,FALSE) -> -577319632 | E9: =-VLOOKUP($A9,cuc!$A$3:$AA$2089,E$3,FALSE) -> -721459748 | F9: =-VLOOKUP($A9,cuc!$A$3:$AA$2089,F$3,FALSE) -> -966787642 | G9: =-VLOOKUP($A9,cuc!$A$3:$AA$2089,G$3,FALSE) -> -177610762 | H9: =-VLOOKUP($A9,cuc!$A$3:$AA$2089,H$3,FALSE) -> -73251919
B10: Gastos administrativos depurados | C10: =+SUM(C5:C9) -> 1.0289147e+10 | D10: =+SUM(D5:D9) -> 9.3736823e+09 | E10: =+SUM(E5:E9) -> 9.4983278e+09 | F10: =+SUM(F5:F9) -> 1.1097804e+10 | G10: =+SUM(G5:G9) -> 7.6878738e+09 | H10: =+SUM(H5:H9) -> 6759302749
A12: Cuenta | B12: Descripción | C12: =+C$4 -> Año 16 | D12: =+D$4 -> Año 17 | E12: =+E$4 -> Año 18 | F12: =+F$4 -> Año 19 | G12: =+G$4 -> Año 20 | H12: =+H$4 -> Año 21 | BD12: 140400 | BE12: 140500 | BF12: 141100 | BG12: 141200 | BH12: 144100 | BI12: 144200 | BJ12: 144800 | BK12: 145400 | BL12: 145500 | BM12: 146100 | BN12: 146200 | BO12: 146900
A13: 410000 | B13: =PROPER(VLOOKUP($A13,cuc!$A$3:$AA$2089,B$3,FALSE)) -> Ingresos Por Venta De Bienes Y Servicios | C13: =VLOOKUP($A13,cuc!$A$3:$AA$2089,C$3,FALSE) -> 2.3533265e+10 | D13: =VLOOKUP($A13,cuc!$A$3:$AA$2089,D$3,FALSE) -> 2.6178764e+10 | E13: =VLOOKUP($A13,cuc!$A$3:$AA$2089,E$3,FALSE) -> 2.8279771e+10 | F13: =VLOOKUP($A13,cuc!$A$3:$AA$2089,F$3,FALSE) -> 2.9660475e+10 | G13: =VLOOKUP($A13,cuc!$A$3:$AA$2089,G$3,FALSE) -> 2.9670871e+10 | H13: =VLOOKUP($A13,cuc!$A$3:$AA$2089,H$3,FALSE) -> 2.3808347e+10
A14: =+cuc!A1384 -> 422004 | B14: =PROPER(VLOOKUP($A14,cuc!$A$3:$AA$2089,B$3,FALSE)) -> Intereses De Bancos Y Otras Entidades Con Actividad Financiera | C14: =VLOOKUP($A14,cuc!$A$3:$AA$2089,C$3,FALSE) -> 0 | D14: =VLOOKUP($A14,cuc!$A$3:$AA$2089,D$3,FALSE) -> 0 | E14: =VLOOKUP($A14,cuc!$A$3:$AA$2089,E$3,FALSE) -> 0 | F14: =VLOOKUP($A14,cuc!$A$3:$AA$2089,F$3,FALSE) -> 3.230385e+08 | G14: =VLOOKUP($A14,cuc!$A$3:$AA$2089,G$3,FALSE) -> 3.3630561e+08 | H14: =VLOOKUP($A14,cuc!$A$3:$AA$2089,H$3,FALSE) -> 1.2224562e+08
A15: 423000 | B15: =PROPER(VLOOKUP($A15,cuc!$A$3:$AA$2089,B$3,FALSE)) -> Administrativos Y Sociales | C15: =VLOOKUP($A15,cuc!$A$3:$AA$2089,C$3,FALSE) -> 37869170 | D15: =VLOOKUP($A15,cuc!$A$3:$AA$2089,D$3,FALSE) -> 99749398 | E15: =VLOOKUP($A15,cuc!$A$3:$AA$2089,E$3,FALSE) -> 78813040 | F15: =VLOOKUP($A15,cuc!$A$3:$AA$2089,F$3,FALSE) -> 41550315 | G15: =VLOOKUP($A15,cuc!$A$3:$AA$2089,G$3,FALSE) -> 24129253 | H15: =VLOOKUP($A15,cuc!$A$3:$AA$2089,H$3,FALSE) -> 15790306
A16: 424000 | B16: =PROPER(VLOOKUP($A16,cuc!$A$3:$AA$2089,B$3,FALSE)) -> Servicios Diferentes Al Objeto Social | C16: =VLOOKUP($A16,cuc!$A$3:$AA$2089,C$3,FALSE) -> 4.1264047e+08 | D16: =VLOOKUP($A16,cuc!$A$3:$AA$2089,D$3,FALSE) -> 3.1505118e+08 | E16: =VLOOKUP($A16,cuc!$A$3:$AA$2089,E$3,FALSE) -> 2.0440634e+08 | F16: =VLOOKUP($A16,cuc!$A$3:$AA$2089,F$3,FALSE) -> 1.7075211e+08 | G16: =VLOOKUP($A16,cuc!$A$3:$AA$2089,G$3,FALSE) -> 13197704 | H16: =VLOOKUP($A16,cuc!$A$3:$AA$2089,H$3,FALSE) -> 48926906
B17: Total ingresos ordinarios | C17: =SUM(C13:C16) -> 2.3983774e+10 | D17: =SUM(D13:D16) -> 2.6593565e+10 | E17: =SUM(E13:E16) -> 2.856299e+10 | F17: =SUM(F13:F16) -> 3.0195816e+10 | G17: =SUM(G13:G16) -> 3.0044504e+10 | H17: =SUM(H13:H16) -> 2.399531e+10
B19: Descripcion | C19: =+C4 -> Año 16 | D19: =+D4 -> Año 17 | E19: =+E4 -> Año 18 | F19: =+F4 -> Año 19 | G19: =+G4 -> Año 20 | H19: =+H4 -> Año 21
B20: Eficiencia operativa depurada | C20: =+C10/C17 -> 0.42900448 | D20: =+D10/D17 -> 0.35247934 | E20: =+E10/E17 -> 0.33253969 | F20: =+F10/F17 -> 0.36752787 | G20: =+G10/G17 -> 0.25588287 | H20: =+H10/H17 -> 0.28169266

Sheet 0. rentabilidad de las inversio
A1: Indicador | B1: Descripción Formula | C1: TIPO | D1: NOMBRE INDICADOR | E1: Descripcion Indicador
A2: PROPIO | B2: Activos liquidos netos vs aportes y pasivos sin fondos | C2: LIQUIDEZ | D2: ALN | E2: Por cada $100 pesos que eventualmente serán pagados cuanto tengo de activos a corto plazo
B3: 2 | C3: 3 | D3: 4 | E3: 5 | F3: 6 | G3: 7 | H3: 8
A4: Cuenta | B4: Descripcion | C4: Año 16 | D4: Año 17 | E4: Año 18 | F4: Año 19 | G4: Año 20 | H4: Año 21 | BD4: 140400 | BE4: 140500 | BF4: 141100 | BG4: 141200 | BH4: 144100 | BI4: 144200 | BJ4: 144800 | BK4: 145400 | BL4: 145500 | BM4: 146100 | BN4: 146200 | BO4: 146900
A5: 110000 | B5: =PROPER(VLOOKUP($A5,cuc!$A$3:$AA$2089,B$3,FALSE)) -> Efectivo Y Equivalente Al Efectivo | C5: =VLOOKUP($A5,cuc!$A$3:$AA$2089,C$3,FALSE) -> 4.4615468e+09 | D5: =VLOOKUP($A5,cuc!$A$3:$AA$2089,D$3,FALSE) -> 5.6907973e+09 | E5: =VLOOKUP($A5,cuc!$A$3:$AA$2089,E$3,FALSE) -> 1.1906073e+10 | F5: =VLOOKUP($A5,cuc!$A$3:$AA$2089,F$3,FALSE) -> 2.4816651e+10 | G5: =VLOOKUP($A5,cuc!$A$3:$AA$2089,G$3,FALSE) -> 1.2978387e+10 | H5: =VLOOKUP($A5,cuc!$A$3:$AA$2089,H$3,FALSE) -> 1.4891841e+10
A6: 120000 | B6: =PROPER(VLOOKUP($A6,cuc!$A$3:$AA$2089,B$3,FALSE)) -> Inversiones | C6: =VLOOKUP($A6,cuc!$A$3:$AA$2089,C$3,FALSE) -> 2.6436459e+08 | D6: =VLOOKUP($A6,cuc!$A$3:$AA$2089,D$3,FALSE) -> 2.6436459e+08 | E6: =VLOOKUP($A6,cuc!$A$3:$AA$2089,E$3,FALSE) -> 2.6436459e+08 | F6: =VLOOKUP($A6,cuc!$A$3:$AA$2089,F$3,FALSE) -> 2.2643646e+09 | G6: =VLOOKUP($A6,cuc!$A$3:$AA$2089,G$3,FALSE) -> 2.6436459e+08 | H6: =VLOOKUP($A6,cuc!$A$3:$AA$2089,H$3,FALSE) -> 2.6436459e+08
B7: Activos liquidos NETOS - ALN | C7: =+SUM(C5:C6) -> 4.7259113e+09 | D7: =+SUM(D5:D6) -> 5.9551619e+09 | E7: =+SUM(E5:E6) -> 1.2170437e+10 | F7: =+SUM(F5:F6) -> 2.7081016e+10 | G7: =+SUM(G5:G6) -> 1.3242751e+10 | H7: =+SUM(H5:H6) -> 1.5156206e+10
A9: Cuenta | B9: Descripción | C9: =+C$4 -> Año 16 | D9: =+D$4 -> Año 17 | E9: =+E$4 -> Año 18 | F9: =+F$4 -> Año 19 | G9: =+G$4 -> Año 20 | H9: =+H$4 -> Año 21 | BD9: 140400 | BE9: 140500 | BF9: 141100 | BG9: 141200 | BH9: 144100 | BI9: 144200 | BJ9: 144800 | BK9: 145400 | BL9: 145500 | BM9: 146100 | BN9: 146200 | BO9: 146900
A10: 420500 | B10: =PROPER(VLOOKUP($A10,cuc!$A$3:$AA$2089,B$3,FALSE)) -> Ingresos Por Utilidad En Venta De Inversiones Y Otros Activos | C10: =VLOOKUP($A10,cuc!$A$3:$AA$2089,C$3,FALSE) -> 4500000 | D10: =VLOOKUP($A10,cuc!$A$3:$AA$2089,D$3,FALSE) -> 0 | E10: =VLOOKUP($A10,cuc!$A$3:$AA$2089,E$3,FALSE) -> 0 | F10: =VLOOKUP($A10,cuc!$A$3:$AA$2089,F$3,FALSE) -> 0 | G10: =VLOOKUP($A10,cuc!$A$3:$AA$2089,G$3,FALSE) -> 0 | H10: =VLOOKUP($A10,cuc!$A$3:$AA$2089,H$3,FALSE) -> 0
A11: 422004 | B11: =PROPER(VLOOKUP($A11,cuc!$A$3:$AA$2089,B$3,FALSE)) -> Intereses De Bancos Y Otras Entidades Con Actividad Financiera | C11: =VLOOKUP($A11,cuc!$A$3:$AA$2089,C$3,FALSE) -> 0 | D11: =VLOOKUP($A11,cuc!$A$3:$AA$2089,D$3,FALSE) -> 0 | E11: =VLOOKUP($A11,cuc!$A$3:$AA$2089,E$3,FALSE) -> 0 | F11: =VLOOKUP($A11,cuc!$A$3:$AA$2089,F$3,FALSE) -> 3.230385e+08 | G11: =VLOOKUP($A11,cuc!$A$3:$AA$2089,G$3,FALSE) -> 3.3630561e+08 | H11: =VLOOKUP($A11,cuc!$A$3:$AA$2089,H$3,FALSE) -> 1.2224562e+08
A12: Bruta | B12: Total | C12: =SUM(C10:C11) -> 4500000 | D12: =SUM(D10:D11) -> 0 | E12: =SUM(E10:E11) -> 0 | F12: =SUM(F10:F11) -> 3.230385e+08 | G12: =SUM(G10:G11) -> 3.3630561e+08 | H12: =SUM(H10:H11) -> 1.2224562e+08
B14: Descripcion | C14: =+C4 -> Año 16 | D14: =+D4 -> Año 17 | E14: =+E4 -> Año 18 | F14: =+F4 -> Año 19 | G14: =+G4 -> Año 20 | H14: =+H4 -> Año 21
B15: Estructura Financiera | C15: =+C12/C7 -> 0.00095219729 | D15: =+D12/+AVERAGE(C7:D7) -> 0 | E15: =+E12/+AVERAGE(D7:E7) -> 0 | F15: =+F12/+AVERAGE(E7:F7) -> 0.016459952 | G15: =+G12/+AVERAGE(F7:G7) -> 0.016680268 | H15: =+H12/+AVERAGE(G7:H7)/'Indicadores SIAR EVOLUCION'!J1*12 -> 0.010330995

Sheet 0. Estructura financiera
A1: Indicador | B1: Descripción Formula | C1: TIPO | D1: NOMBRE INDICADOR | E1: Descripcion Indicador
A2: PROPIO | B2: Activos liquidos netos vs aportes y pasivos sin fondos | C2: LIQUIDEZ | D2: ALN | E2: Por cada $100 pesos que eventualmente serán pagados cuanto tengo de activos a corto plazo
B3: 2 | C3: 3 | D3: 4 | E3: 5 | F3: 6 | G3: 7 | H3: 8
A4: Cuenta | B4: Descripcion | C4: Año 16 | D4: Año 17 | E4: Año 18 | F4: Año 19 | G4: Año 20 | H4: Año 21 | BD4: 140400 | BE4: 140500 | BF4: 141100 | BG4: 141200 | BH4: 144100 | BI4: 144200 | BJ4: 144800 | BK4: 145400 | BL4: 145500 | BM4: 146100 | BN4: 146200 | BO4: 146900
A5: 110000 | B5: =PROPER(VLOOKUP($A5,cuc!$A$3:$AA$2089,B$3,FALSE)) -> Efectivo Y Equivalente Al Efectivo | C5: =VLOOKUP($A5,cuc!$A$3:$AA$2089,C$3,FALSE) -> 4.4615468e+09 | D5: =VLOOKUP($A5,cuc!$A$3:$AA$2089,D$3,FALSE) -> 5.6907973e+09 | E5: =VLOOKUP($A5,cuc!$A$3:$AA$2089,E$3,FALSE) -> 1.1906073e+10 | F5: =VLOOKUP($A5,cuc!$A$3:$AA$2089,F$3,FALSE) -> 2.4816651e+10 | G5: =VLOOKUP($A5,cuc!$A$3:$AA$2089,G$3,FALSE) -> 1.2978387e+10 | H5: =VLOOKUP($A5,cuc!$A$3:$AA$2089,H$3,FALSE) -> 1.4891841e+10
A6: 120000 | B6: =PROPER(VLOOKUP($A6,cuc!$A$3:$AA$2089,B$3,FALSE)) -> Inversiones | C6: =VLOOKUP($A6,cuc!$A$3:$AA$2089,C$3,FALSE) -> 2.6436459e+08 | D6: =VLOOKUP($A6,cuc!$A$3:$AA$2089,D$3,FALSE) -> 2.6436459e+08 | E6: =VLOOKUP($A6,cuc!$A$3:$AA$2089,E$3,FALSE) -> 2.6436459e+08 | F6: =VLOOKUP($A6,cuc!$A$3:$AA$2089,F$3,FALSE) -> 2.2643646e+09 | G6: =VLOOKUP($A6,cuc!$A$3:$AA$2089,G$3,FALSE) -> 2.6436459e+08 | H6: =VLOOKUP($A6,cuc!$A$3:$AA$2089,H$3,FALSE) -> 2.6436459e+08
A7: 140000 | B7: =PROPER(VLOOKUP($A7,cuc!$A$3:$AA$2089,B$3,FALSE)) -> Cartera De CrÉditos | C7: =VLOOKUP($A7,cuc!$A$3:$AA$2089,C$3,FALSE) -> 1.4059728e+11 | D7: =VLOOKUP($A7,cuc!$A$3:$AA$2089,D$3,FALSE) -> 1.5333106e+11 | E7: =VLOOKUP($A7,cuc!$A$3:$AA$2089,E$3,FALSE) -> 1.6826645e+11 | F7: =VLOOKUP($A7,cuc!$A$3:$AA$2089,F$3,FALSE) -> 1.6656752e+11 | G7: =VLOOKUP($A7,cuc!$A$3:$AA$2089,G$3,FALSE) -> 2.0437716e+11 | H7: =VLOOKUP($A7,cuc!$A$3:$AA$2089,H$3,FALSE) -> 2.0817414e+11
A8: 160000 | B8: =PROPER(VLOOKUP($A8,cuc!$A$3:$AA$2089,B$3,FALSE)) -> Cuentas Por Cobrar Y Otras | C8: =VLOOKUP($A8,cuc!$A$3:$AA$2089,C$3,FALSE) -> 6.4986934e+09 | D8: =VLOOKUP($A8,cuc!$A$3:$AA$2089,D$3,FALSE) -> 6724657622 | E8: =VLOOKUP($A8,cuc!$A$3:$AA$2089,E$3,FALSE) -> 4603948085 | F8: =VLOOKUP($A8,cuc!$A$3:$AA$2089,F$3,FALSE) -> 2031742531 | G8: =VLOOKUP($A8,cuc!$A$3:$AA$2089,G$3,FALSE) -> 2404658906 | H8: =VLOOKUP($A8,cuc!$A$3:$AA$2089,H$3,FALSE) -> 6489984750
B9: Activos liquidos NETOS - ALN | C9: =+SUM(C5:C8) -> 1.5182189e+11 | D9: =+SUM(D5:D8) -> 1.6601088e+11 | E9: =+SUM(E5:E8) -> 1.8504084e+11 | F9: =+SUM(F5:F8) -> 1.9568028e+11 | G9: =+SUM(G5:G8) -> 2.2002457e+11 | H9: =+SUM(H5:H8) -> 2.2982033e+11
A11: Cuenta | B11: Descripción | C11: =+C$4 -> Año 16 | D11: =+D$4 -> Año 17 | E11: =+E$4 -> Año 18 | F11: =+F$4 -> Año 19 | G11: =+G$4 -> Año 20 | H11: =+H$4 -> Año 21 | BD11: 140400 | BE11: 140500 | BF11: 141100 | BG11: 141200 | BH11: 144100 | BI11: 144200 | BJ11: 144800 | BK11: 145400 | BL11: 145500 | BM11: 146100 | BN11: 146200 | BO11: 146900
A12: 230000 | B12: =PROPER(VLOOKUP($A12,cuc!$A$3:$AA$2089,B$3,FALSE)) -> Obligaciones Financieras Y Otros Pasivos Financieros | C12: =VLOOKUP($A12,cuc!$A$3:$AA$2089,C$3,FALSE) -> 1.194404e+10 | D12: =VLOOKUP($A12,cuc!$A$3:$AA$2089,D$3,FALSE) -> 7.9423074e+09 | E12: =VLOOKUP($A12,cuc!$A$3:$AA$2089,E$3,FALSE) -> 5.0946297e+09 | F12: =VLOOKUP($A12,cuc!$A$3:$AA$2089,F$3,FALSE) -> 649984070 | G12: =VLOOKUP($A12,cuc!$A$3:$AA$2089,G$3,FALSE) -> 4513656062 | H12: =VLOOKUP($A12,cuc!$A$3:$AA$2089,H$3,FALSE) -> 2833333213
A13: 240000 | B13: =PROPER(VLOOKUP($A13,cuc!$A$3:$AA$2089,B$3,FALSE)) -> Cuentas Por Pagar Y Otras | C13: =VLOOKUP($A13,cuc!$A$3:$AA$2089,C$3,FALSE) -> 2.9115717e+09 | D13: =VLOOKUP($A13,cuc!$A$3:$AA$2089,D$3,FALSE) -> 2.8424319e+09 | E13: =VLOOKUP($A13,cuc!$A$3:$AA$2089,E$3,FALSE) -> 3167336802 | F13: =VLOOKUP($A13,cuc!$A$3:$AA$2089,F$3,FALSE) -> 4.284956e+09 | G13: =VLOOKUP($A13,cuc!$A$3:$AA$2089,G$3,FALSE) -> 2.5322288e+09 | H13: =VLOOKUP($A13,cuc!$A$3:$AA$2089,H$3,FALSE) -> 2.2605195e+09
A14: 270000 | B14: =PROPER(VLOOKUP($A14,cuc!$A$3:$AA$2089,B$3,FALSE)) -> Otros Pasivos | C14: =VLOOKUP($A14,cuc!$A$3:$AA$2089,C$3,FALSE) -> 218986682 | D14: =VLOOKUP($A14,cuc!$A$3:$AA$2089,D$3,FALSE) -> 278756405 | E14: =VLOOKUP($A14,cuc!$A$3:$AA$2089,E$3,FALSE) -> 298342833 | F14: =VLOOKUP($A14,cuc!$A$3:$AA$2089,F$3,FALSE) -> 334397927 | G14: =VLOOKUP($A14,cuc!$A$3:$AA$2089,G$3,FALSE) -> 775579845 | H14: =VLOOKUP($A14,cuc!$A$3:$AA$2089,H$3,FALSE) -> 665119720
A15: 272000 | B15: =PROPER(VLOOKUP($A15,cuc!$A$3:$AA$2089,B$3,FALSE)) -> Ingresos Anticipados - Diferidos | C15: =-VLOOKUP($A15,cuc!$A$3:$AA$2089,C$3,FALSE) -> -29856217 | D15: =-VLOOKUP($A15,cuc!$A$3:$AA$2089,D$3,FALSE) -> -33080351 | E15: =-VLOOKUP($A15,cuc!$A$3:$AA$2089,E$3,FALSE) -> -86883832 | F15: =-VLOOKUP($A15,cuc!$A$3:$AA$2089,F$3,FALSE) -> -79330743 | G15: =-VLOOKUP($A15,cuc!$A$3:$AA$2089,G$3,FALSE) -> -497774331 | H15: =-VLOOKUP($A15,cuc!$A$3:$AA$2089,H$3,FALSE) -> -627741893
A16: 310000 | B16: =PROPER(VLOOKUP($A16,cuc!$A$3:$AA$2089,B$3,FALSE)) -> Capital Social | C16: =VLOOKUP($A16,cuc!$A$3:$AA$2089,C$3,FALSE) -> 1.1660597e+11 | D16: =VLOOKUP($A16,cuc!$A$3:$AA$2089,D$3,FALSE) -> 1.2810169e+11 | E16: =VLOOKUP($A16,cuc!$A$3:$AA$2089,E$3,FALSE) -> 1.409391e+11 | F16: =VLOOKUP($A16,cuc!$A$3:$AA$2089,F$3,FALSE) -> 1.5625971e+11 | G16: =VLOOKUP($A16,cuc!$A$3:$AA$2089,G$3,FALSE) -> 1.7182347e+11 | H16: =VLOOKUP($A16,cuc!$A$3:$AA$2089,H$3,FALSE) -> 1.8026979e+11
A17: 311010 | B17: =PROPER(VLOOKUP($A17,cuc!$A$3:$AA$2089,B$3,FALSE)) -> Aportes Amortizados | C17: =-VLOOKUP($A17,cuc!$A$3:$AA$2089,C$3,FALSE) -> -1.032595e+10 | D17: =-VLOOKUP($A17,cuc!$A$3:$AA$2089,D$3,FALSE) -> -1.1186254e+10 | E17: =-VLOOKUP($A17,cuc!$A$3:$AA$2089,E$3,FALSE) -> -1.2257495e+10 | F17: =-VLOOKUP($A17,cuc!$A$3:$AA$2089,F$3,FALSE) -> -1.5244097e+10 | G17: =-VLOOKUP($A17,cuc!$A$3:$AA$2089,G$3,FALSE) -> -1.7228512e+10 | H17: =-VLOOKUP($A17,cuc!$A$3:$AA$2089,H$3,FALSE) -> -19134402316
A18: Bruta | B18: Total | C18: =SUM(C12:C17) -> 1.2132476e+11 | D18: =SUM(D12:D17) -> 1.2794585e+11 | E18: =SUM(E12:E17) -> 1.3715503e+11 | F18: =SUM(F12:F17) -> 1.4620562e+11 | G18: =SUM(G12:G17) -> 1.6191865e+11 | H18: =SUM(H12:H17) -> 1.6626662e+11
B20: Descripcion | C20: =+C4 -> Año 16 | D20: =+D4 -> Año 17 | E20: =+E4 -> Año 18 | F20: =+F4 -> Año 19 | G20: =+G4 -> Año 20 | H20: =+H4 -> Año 21
B21: Estructura Financiera | C21: =+C9/C18 -> 1.2513677 | D21: =+D9/D18 -> 1.2975089 | E21: =+E9/E18 -> 1.3491363 | F21: =+F9/F18 -> 1.3383909 | G21: =+G9/G18 -> 1.3588588 | H21: =+H9/H18 -> 1.3822397

Sheet 0. ALN sobre aportes y pasivos
A1: Indicador | B1: Descripción Formula | C1: TIPO | D1: NOMBRE INDICADOR | E1: Descripcion Indicador
A2: PROPIO | B2: Activos liquidos netos vs aportes y pasivos sin fondos | C2: LIQUIDEZ | D2: ALN | E2: Por cada $100 pesos que eventualmente serán pagados cuanto tengo de activos a corto plazo
B3: 2 | C3: 3 | D3: 4 | E3: 5 | F3: 6 | G3: 7 | H3: 8
A4: Cuenta | B4: Descripcion | C4: Año 16 | D4: Año 17 | E4: Año 18 | F4: Año 19 | G4: Año 20 | H4: Año 21 | BD4: 140400 | BE4: 140500 | BF4: 141100 | BG4: 141200 | BH4: 144100 | BI4: 144200 | BJ4: 144800 | BK4: 145400 | BL4: 145500 | BM4: 146100 | BN4: 146200 | BO4: 146900
A5: 110000 | B5: =PROPER(VLOOKUP($A5,cuc!$A$3:$AA$2089,B$3,FALSE)) -> Efectivo Y Equivalente Al Efectivo | C5: =VLOOKUP($A5,cuc!$A$3:$AA$2089,C$3,FALSE) -> 4.4615468e+09 | D5: =VLOOKUP($A5,cuc!$A$3:$AA$2089,D$3,FALSE) -> 5.6907973e+09 | E5: =VLOOKUP($A5,cuc!$A$3:$AA$2089,E$3,FALSE) -> 1.1906073e+10 | F5: =VLOOKUP($A5,cuc!$A$3:$AA$2089,F$3,FALSE) -> 2.4816651e+10 | G5: =VLOOKUP($A5,cuc!$A$3:$AA$2089,G$3,FALSE) -> 1.2978387e+10 | H5: =VLOOKUP($A5,cuc!$A$3:$AA$2089,H$3,FALSE) -> 1.4891841e+10
A6: 120000 | B6: =PROPER(VLOOKUP($A6,cuc!$A$3:$AA$2089,B$3,FALSE)) -> Inversiones | C6: =VLOOKUP($A6,cuc!$A$3:$AA$2089,C$3,FALSE) -> 2.6436459e+08 | D6: =VLOOKUP($A6,cuc!$A$3:$AA$2089,D$3,FALSE) -> 2.6436459e+08 | E6: =VLOOKUP($A6,cuc!$A$3:$AA$2089,E$3,FALSE) -> 2.6436459e+08 | F6: =VLOOKUP($A6,cuc!$A$3:$AA$2089,F$3,FALSE) -> 2.2643646e+09 | G6: =VLOOKUP($A6,cuc!$A$3:$AA$2089,G$3,FALSE) -> 2.6436459e+08 | H6: =VLOOKUP($A6,cuc!$A$3:$AA$2089,H$3,FALSE) -> 2.6436459e+08
A7: 122600 | B7: =PROPER(VLOOKUP($A7,cuc!$A$3:$AA$2089,B$3,FALSE)) -> Otras Inversiones En Instrumentos De Patrimonio | C7: =-VLOOKUP($A7,cuc!$A$3:$AA$2089,C$3,FALSE) -> -2.6436459e+08 | D7: =-VLOOKUP($A7,cuc!$A$3:$AA$2089,D$3,FALSE) -> -2.6436459e+08 | E7: =-VLOOKUP($A7,cuc!$A$3:$AA$2089,E$3,FALSE) -> -2.6436459e+08 | F7: =-VLOOKUP($A7,cuc!$A$3:$AA$2089,F$3,FALSE) -> -2.6436459e+08 | G7: =-VLOOKUP($A7,cuc!$A$3:$AA$2089,G$3,FALSE) -> -2.6436459e+08 | H7: =-VLOOKUP($A7,cuc!$A$3:$AA$2089,H$3,FALSE) -> -2.6436459e+08
A8: 165000 | B8: =PROPER(VLOOKUP($A8,cuc!$A$3:$AA$2089,B$3,FALSE)) -> Deudores Patronales Y Empresas | C8: =VLOOKUP($A8,cuc!$A$3:$AA$2089,C$3,FALSE) -> 5952442157 | D8: =VLOOKUP($A8,cuc!$A$3:$AA$2089,D$3,FALSE) -> 5984367286 | E8: =VLOOKUP($A8,cuc!$A$3:$AA$2089,E$3,FALSE) -> 2750053309 | F8: =VLOOKUP($A8,cuc!$A$3:$AA$2089,F$3,FALSE) -> 1734351482 | G8: =VLOOKUP($A8,cuc!$A$3:$AA$2089,G$3,FALSE) -> 2047587614 | H8: =VLOOKUP($A8,cuc!$A$3:$AA$2089,H$3,FALSE) -> 5349179005
B9: Activos liquidos NETOS - ALN | C9: =+SUM(C5:C8) -> 1.0413989e+10 | D9: =+SUM(D5:D8) -> 1.1675165e+10 | E9: =+SUM(E5:E8) -> 1.4656126e+10 | F9: =+SUM(F5:F8) -> 2.8551002e+10 | G9: =+SUM(G5:G8) -> 1.5025974e+10 | H9: =+SUM(H5:H8) -> 2.024102e+10
A11: Cuenta | B11: Descripción | C11: =+C$4 -> Año 16 | D11: =+D$4 -> Año 17 | E11: =+E$4 -> Año 18 | F11: =+F$4 -> Año 19 | G11: =+G$4 -> Año 20 | H11: =+H$4 -> Año 21 | BD11: 140400 | BE11: 140500 | BF11: 141100 | BG11: 141200 | BH11: 144100 | BI11: 144200 | BJ11: 144800 | BK11: 145400 | BL11: 145500 | BM11: 146100 | BN11: 146200 | BO11: 146900
A12: 230000 | B12: =PROPER(VLOOKUP($A12,cuc!$A$3:$AA$2089,B$3,FALSE)) -> Obligaciones Financieras Y Otros Pasivos Financieros | C12: =VLOOKUP($A12,cuc!$A$3:$AA$2089,C$3,FALSE) -> 1.194404e+10 | D12: =VLOOKUP($A12,cuc!$A$3:$AA$2089,D$3,FALSE) -> 7.9423074e+09 | E12: =VLOOKUP($A12,cuc!$A$3:$AA$2089,E$3,FALSE) -> 5.0946297e+09 | F12: =VLOOKUP($A12,cuc!$A$3:$AA$2089,F$3,FALSE) -> 649984070 | G12: =VLOOKUP($A12,cuc!$A$3:$AA$2089,G$3,FALSE) -> 4513656062 | H12: =VLOOKUP($A12,cuc!$A$3:$AA$2089,H$3,FALSE) -> 2833333213
A13: 240000 | B13: =PROPER(VLOOKUP($A13,cuc!$A$3:$AA$2089,B$3,FALSE)) -> Cuentas Por Pagar Y Otras | C13: =VLOOKUP($A13,cuc!$A$3:$AA$2089,C$3,FALSE) -> 2.9115717e+09 | D13: =VLOOKUP($A13,cuc!$A$3:$AA$2089,D$3,FALSE) -> 2.8424319e+09 | E13: =VLOOKUP($A13,cuc!$A$3:$AA$2089,E$3,FALSE) -> 3167336802 | F13: =VLOOKUP($A13,cuc!$A$3:$AA$2089,F$3,FALSE) -> 4.284956e+09 | G13: =VLOOKUP($A13,cuc!$A$3:$AA$2089,G$3,FALSE) -> 2.5322288e+09 | H13: =VLOOKUP($A13,cuc!$A$3:$AA$2089,H$3,FALSE) -> 2.2605195e+09
A14: 270000 | B14: =PROPER(VLOOKUP($A14,cuc!$A$3:$AA$2089,B$3,FALSE)) -> Otros Pasivos | C14: =VLOOKUP($A14,cuc!$A$3:$AA$2089,C$3,FALSE) -> 218986682 | D14: =VLOOKUP($A14,cuc!$A$3:$AA$2089,D$3,FALSE) -> 278756405 | E14: =VLOOKUP($A14,cuc!$A$3:$AA$2089,E$3,FALSE) -> 298342833 | F14: =VLOOKUP($A14,cuc!$A$3:$AA$2089,F$3,FALSE) -> 334397927 | G14: =VLOOKUP($A14,cuc!$A$3:$AA$2089,G$3,FALSE) -> 775579845 | H14: =VLOOKUP($A14,cuc!$A$3:$AA$2089,H$3,FALSE) -> 665119720
A15: 272000 | B15: =PROPER(VLOOKUP($A15,cuc!$A$3:$AA$2089,B$3,FALSE)) -> Ingresos Anticipados - Diferidos | C15: =-VLOOKUP($A15,cuc!$A$3:$AA$2089,C$3,FALSE) -> -29856217 | D15: =-VLOOKUP($A15,cuc!$A$3:$AA$2089,D$3,FALSE) -> -33080351 | E15: =-VLOOKUP($A15,cuc!$A$3:$AA$2089,E$3,FALSE) -> -86883832 | F15: =-VLOOKUP($A15,cuc!$A$3:$AA$2089,F$3,FALSE) -> -79330743 | G15: =-VLOOKUP($A15,cuc!$A$3:$AA$2089,G$3,FALSE) -> -497774331 | H15: =-VLOOKUP($A15,cuc!$A$3:$AA$2089,H$3,FALSE) -> -627741893
A16: 310000 | B16: =PROPER(VLOOKUP($A16,cuc!$A$3:$AA$2089,B$3,FALSE)) -> Capital Social | C16: =VLOOKUP($A16,cuc!$A$3:$AA$2089,C$3,FALSE) -> 1.1660597e+11 | D16: =VLOOKUP($A16,cuc!$A$3:$AA$2089,D$3,FALSE) -> 1.2810169e+11 | E16: =VLOOKUP($A16,cuc!$A$3:$AA$2089,E$3,FALSE) -> 1.409391e+11 | F16: =VLOOKUP($A16,cuc!$A$3:$AA$2089,F$3,FALSE) -> 1.5625971e+11 | G16: =VLOOKUP($A16,cuc!$A$3:$AA$2089,G$3,FALSE) -> 1.7182347e+11 | H16: =VLOOKUP($A16,cuc!$A$3:$AA$2089,H$3,FALSE) -> 1.8026979e+11
A17: 311010 | B17: =PROPER(VLOOKUP($A17,cuc!$A$3:$AA$2089,B$3,FALSE)) -> Aportes Amortizados | C17: =-VLOOKUP($A17,cuc!$A$3:$AA$2089,C$3,FALSE) -> -1.032595e+10 | D17: =-VLOOKUP($A17,cuc!$A$3:$AA$2089,D$3,FALSE) -> -1.1186254e+10 | E17: =-VLOOKUP($A17,cuc!$A$3:$AA$2089,E$3,FALSE) -> -1.2257495e+10 | F17: =-VLOOKUP($A17,cuc!$A$3:$AA$2089,F$3,FALSE) -> -1.5244097e+10 | G17: =-VLOOKUP($A17,cuc!$A$3:$AA$2089,G$3,FALSE) -> -1.7228512e+10 | H17: =-VLOOKUP($A17,cuc!$A$3:$AA$2089,H$3,FALSE) -> -19134402316
A18: Bruta | B18: Total | C18: =SUM(C12:C17) -> 1.2132476e+11 | D18: =SUM(D12:D17) -> 1.2794585e+11 | E18: =SUM(E12:E17) -> 1.3715503e+11 | F18: =SUM(F12:F17) -> 1.4620562e+11 | G18: =SUM(G12:G17) -> 1.6191865e+11 | H18: =SUM(H12:H17) -> 1.6626662e+11
B20: Descripcion | C20: =+C4 -> Año 16 | D20: =+D4 -> Año 17 | E20: =+E4 -> Año 18 | F20: =+F4 -> Año 19 | G20: =+G4 -> Año 20 | H20: =+H4 -> Año 21
B21: ALN | C21: =+C9/C18 -> 0.085835641 | D21: =+D9/D18 -> 0.091250829 | E21: =+E9/E18 -> 0.1068581 | F21: =+F9/F18 -> 0.19527978 | G21: =+G9/G18 -> 0.09279953 | H21: =+H9/H18 -> 0.12173833

Sheet 0. Rentabilidad de la cartera
A1: Indicador | B1: Descripción Formula | C1: TIPO | D1: NOMBRE INDICADOR | E1: Descripcion Indicador
A2: RIESGO | B2: Cartera Total Calificada en Categorías B, C, D y E / Cartera Bruta | C2: Riesgo Credito | D2: Indicador de calidad por riesgo | E2: Calidad x Riesgo (B,C,D,E)
B3: 2 | C3: 3 | D3: 4 | E3: 5 | F3: 6 | G3: 7 | H3: 8
A4: Cuenta | B4: Descripcion | C4: Año 16 | D4: Año 17 | E4: Año 18 | F4: Año 19 | G4: Año 20 | H4: Año 21 | BD4: 140400 | BE4: 140500 | BF4: 141100 | BG4: 141200 | BH4: 144100 | BI4: 144200 | BJ4: 144800 | BK4: 145400 | BL4: 145500 | BM4: 146100 | BN4: 146200 | BO4: 146900
A5: 140405 | B5: =PROPER(VLOOKUP($A5,cuc!$A$3:$AA$2089,B$3,FALSE)) -> Categoría A Riesgo Normal | C5: =VLOOKUP($A5,cuc!$A$3:$AA$2089,C$3,FALSE) -> 0 | D5: =VLOOKUP($A5,cuc!$A$3:$AA$2089,D$3,FALSE) -> 0 | E5: =VLOOKUP($A5,cuc!$A$3:$AA$2089,E$3,FALSE) -> 0 | F5: =VLOOKUP($A5,cuc!$A$3:$AA$2089,F$3,FALSE) -> 0 | G5: =VLOOKUP($A5,cuc!$A$3:$AA$2089,G$3,FALSE) -> 0 | H5: =VLOOKUP($A5,cuc!$A$3:$AA$2089,H$3,FALSE) -> 0
A6: 140410 | B6: =PROPER(VLOOKUP($A6,cuc!$A$3:$AA$2089,B$3,FALSE)) -> Categoría B Riesgo Aceptable | C6: =VLOOKUP($A6,cuc!$A$3:$AA$2089,C$3,FALSE) -> 0 | D6: =VLOOKUP($A6,cuc!$A$3:$AA$2089,D$3,FALSE) -> 0 | E6: =VLOOKUP($A6,cuc!$A$3:$AA$2089,E$3,FALSE) -> 0 | F6: =VLOOKUP($A6,cuc!$A$3:$AA$2089,F$3,FALSE) -> 0 | G6: =VLOOKUP($A6,cuc!$A$3:$AA$2089,G$3,FALSE) -> 0 | H6: =VLOOKUP($A6,cuc!$A$3:$AA$2089,H$3,FALSE) -> 0
A7: 141105 | B7: =PROPER(VLOOKUP($A7,cuc!$A$3:$AA$2089,B$3,FALSE)) -> Categoría A Riesgo Normal | C7: =VLOOKUP($A7,cuc!$A$3:$AA$2089,C$3,FALSE) -> 0 | D7: =VLOOKUP($A7,cuc!$A$3:$AA$2089,D$3,FALSE) -> 0 | E7: =VLOOKUP($A7,cuc!$A$3:$AA$2089,E$3,FALSE) -> 0 | F7: =VLOOKUP($A7,cuc!$A$3:$AA$2089,F$3,FALSE) -> 0 | G7: =VLOOKUP($A7,cuc!$A$3:$AA$2089,G$3,FALSE) -> 0 | H7: =VLOOKUP($A7,cuc!$A$3:$AA$2089,H$3,FALSE) -> 0
A8: 141110 | B8: =PROPER(VLOOKUP($A8,cuc!$A$3:$AA$2089,B$3,FALSE)) -> Categoría B Riesgo Aceptable | C8: =VLOOKUP($A8,cuc!$A$3:$AA$2089,C$3,FALSE) -> 0 | D8: =VLOOKUP($A8,cuc!$A$3:$AA$2089,D$3,FALSE) -> 0 | E8: =VLOOKUP($A8,cuc!$A$3:$AA$2089,E$3,FALSE) -> 0 | F8: =VLOOKUP($A8,cuc!$A$3:$AA$2089,F$3,FALSE) -> 0 | G8: =VLOOKUP($A8,cuc!$A$3:$AA$2089,G$3,FALSE) -> 0 | H8: =VLOOKUP($A8,cuc!$A$3:$AA$2089,H$3,FALSE) -> 0
A9: 141205 | B9: =PROPER(VLOOKUP($A9,cuc!$A$3:$AA$2089,B$3,FALSE)) -> Categoría A Riesgo Normal | C9: =VLOOKUP($A9,cuc!$A$3:$AA$2089,C$3,FALSE) -> 0 | D9: =VLOOKUP($A9,cuc!$A$3:$AA$2089,D$3,FALSE) -> 0 | E9: =VLOOKUP($A9,cuc!$A$3:$AA$2089,E$3,FALSE) -> 0 | F9: =VLOOKUP($A9,cuc!$A$3:$AA$2089,F$3,FALSE) -> 0 | G9: =VLOOKUP($A9,cuc!$A$3:$AA$2089,G$3,FALSE) -> 0 | H9: =VLOOKUP($A9,cuc!$A$3:$AA$2089,H$3,FALSE) -> 0
A10: 141210 | B10: =PROPER(VLOOKUP($A10,cuc!$A$3:$AA$2089,B$3,FALSE)) -> Categoría B Riesgo Aceptable | C10: =VLOOKUP($A10,cuc!$A$3:$AA$2089,C$3,FALSE) -> 0 | D10: =VLOOKUP($A10,cuc!$A$3:$AA$2089,D$3,FALSE) -> 0 | E10: =VLOOKUP($A10,cuc!$A$3:$AA$2089,E$3,FALSE) -> 0 | F10: =VLOOKUP($A10,cuc!$A$3:$AA$2089,F$3,FALSE) -> 0 | G10: =VLOOKUP($A10,cuc!$A$3:$AA$2089,G$3,FALSE) -> 0 | H10: =VLOOKUP($A10,cuc!$A$3:$AA$2089,H$3,FALSE) -> 0
A11: 144105 | B11: =PROPER(VLOOKUP($A11,cuc!$A$3:$AA$2089,B$3,FALSE)) -> Categoría A Riesgo Normal | C11: =VLOOKUP($A11,cuc!$A$3:$AA$2089,C$3,FALSE) -> 1.3663086e+11 | D11: =VLOOKUP($A11,cuc!$A$3:$AA$2089,D$3,FALSE) -> 1.5082679e+11 | E11: =VLOOKUP($A11,cuc!$A$3:$AA$2089,E$3,FALSE) -> 1.6584595e+11 | F11: =VLOOKUP($A11,cuc!$A$3:$AA$2089,F$3,FALSE) -> 1.6133455e+11 | G11: =VLOOKUP($A11,cuc!$A$3:$AA$2089,G$3,FALSE) -> 1.984434e+11 | H11: =VLOOKUP($A11,cuc!$A$3:$AA$2089,H$3,FALSE) -> 2.0460169e+11
A12: 144110 | B12: =PROPER(VLOOKUP($A12,cuc!$A$3:$AA$2089,B$3,FALSE)) -> Categoría B Riesgo Aceptable | C12: =VLOOKUP($A12,cuc!$A$3:$AA$2089,C$3,FALSE) -> 2.530041e+09 | D12: =VLOOKUP($A12,cuc!$A$3:$AA$2089,D$3,FALSE) -> 1849107073 | E12: =VLOOKUP($A12,cuc!$A$3:$AA$2089,E$3,FALSE) -> 2.2147576e+09 | F12: =VLOOKUP($A12,cuc!$A$3:$AA$2089,F$3,FALSE) -> 2652652983 | G12: =VLOOKUP($A12,cuc!$A$3:$AA$2089,G$3,FALSE) -> 2313175811 | H12: =VLOOKUP($A12,cuc!$A$3:$AA$2089,H$3,FALSE) -> 3234249453
A13: 144205 | B13: =PROPER(VLOOKUP($A13,cuc!$A$3:$AA$2089,B$3,FALSE)) -> Categoría A Riesgo Normal | C13: =VLOOKUP($A13,cuc!$A$3:$AA$2089,C$3,FALSE) -> 0 | D13: =VLOOKUP($A13,cuc!$A$3:$AA$2089,D$3,FALSE) -> 0 | E13: =VLOOKUP($A13,cuc!$A$3:$AA$2089,E$3,FALSE) -> 0 | F13: =VLOOKUP($A13,cuc!$A$3:$AA$2089,F$3,FALSE) -> 0 | G13: =VLOOKUP($A13,cuc!$A$3:$AA$2089,G$3,FALSE) -> 0 | H13: =VLOOKUP($A13,cuc!$A$3:$AA$2089,H$3,FALSE) -> 0
A14: 144210 | B14: =PROPER(VLOOKUP($A14,cuc!$A$3:$AA$2089,B$3,FALSE)) -> Categoría B Riesgo Aceptable | C14: =VLOOKUP($A14,cuc!$A$3:$AA$2089,C$3,FALSE) -> 0 | D14: =VLOOKUP($A14,cuc!$A$3:$AA$2089,D$3,FALSE) -> 0 | E14: =VLOOKUP($A14,cuc!$A$3:$AA$2089,E$3,FALSE) -> 0 | F14: =VLOOKUP($A14,cuc!$A$3:$AA$2089,F$3,FALSE) -> 0 | G14: =VLOOKUP($A14,cuc!$A$3:$AA$2089,G$3,FALSE) -> 0 | H14: =VLOOKUP($A14,cuc!$A$3:$AA$2089,H$3,FALSE) -> 0
B15: cartera BRUTA | C15: =+SUM(C5:C14) -> 1.3916091e+11 | D15: =+SUM(D5:D14) -> 1.526759e+11 | E15: =+SUM(E5:E14) -> 1.6806071e+11 | F15: =+SUM(F5:F14) -> 1.6398721e+11 | G15: =+SUM(G5:G14) -> 2.0075657e+11 | H15: =+SUM(H5:H14) -> 2.0783594e+11
A17: Cuenta | B17: Descripción | C17: =+C$4 -> Año 16 | D17: =+D$4 -> Año 17 | E17: =+E$4 -> Año 18 | F17: =+F$4 -> Año 19 | G17: =+G$4 -> Año 20 | H17: =+H$4 -> Año 21 | BD17: 140400 | BE17: 140500 | BF17: 141100 | BG17: 141200 | BH17: 144100 | BI17: 144200 | BJ17: 144800 | BK17: 145400 | BL17: 145500 | BM17: 146100 | BN17: 146200 | BO17: 146900
A18: 415005 | B18: =PROPER(VLOOKUP($A18,cuc!$A$3:$AA$2089,B$3,FALSE)) -> Intereses De CrÉditos Comerciales | C18: =VLOOKUP($A18,cuc!$A$3:$AA$2089,C$3,FALSE) -> 0 | D18: =VLOOKUP($A18,cuc!$A$3:$AA$2089,D$3,FALSE) -> 0 | E18: =VLOOKUP($A18,cuc!$A$3:$AA$2089,E$3,FALSE) -> 0 | F18: =VLOOKUP($A18,cuc!$A$3:$AA$2089,F$3,FALSE) -> 0 | G18: =VLOOKUP($A18,cuc!$A$3:$AA$2089,G$3,FALSE) -> 0 | H18: =VLOOKUP($A18,cuc!$A$3:$AA$2089,H$3,FALSE) -> 0
A19: 415010 | B19: =PROPER(VLOOKUP($A19,cuc!$A$3:$AA$2089,B$3,FALSE)) -> Intereses De CrÉditos Consumo | C19: =VLOOKUP($A19,cuc!$A$3:$AA$2089,C$3,FALSE) -> 2.3533265e+10 | D19: =VLOOKUP($A19,cuc!$A$3:$AA$2089,D$3,FALSE) -> 2.6178764e+10 | E19: =VLOOKUP($A19,cuc!$A$3:$AA$2089,E$3,FALSE) -> 2.8279771e+10 | F19: =VLOOKUP($A19,cuc!$A$3:$AA$2089,F$3,FALSE) -> 2.9660475e+10 | G19: =VLOOKUP($A19,cuc!$A$3:$AA$2089,G$3,FALSE) -> 2.9333313e+10 | H19: =VLOOKUP($A19,cuc!$A$3:$AA$2089,H$3,FALSE) -> 2.3542392e+10
A20: 415015 | B20: =PROPER(VLOOKUP($A20,cuc!$A$3:$AA$2089,B$3,FALSE)) -> Intereses De CrÉditos Vivienda | C20: =VLOOKUP($A20,cuc!$A$3:$AA$2089,C$3,FALSE) -> 0 | D20: =VLOOKUP($A20,cuc!$A$3:$AA$2089,D$3,FALSE) -> 0 | E20: =VLOOKUP($A20,cuc!$A$3:$AA$2089,E$3,FALSE) -> 0 | F20: =VLOOKUP($A20,cuc!$A$3:$AA$2089,F$3,FALSE) -> 0 | G20: =VLOOKUP($A20,cuc!$A$3:$AA$2089,G$3,FALSE) -> 0 | H20: =VLOOKUP($A20,cuc!$A$3:$AA$2089,H$3,FALSE) -> 0
A21: 415020 | B21: =PROPER(VLOOKUP($A21,cuc!$A$3:$AA$2089,B$3,FALSE)) -> Intereses De Microcrédito Inmobiliario | C21: =VLOOKUP($A21,cuc!$A$3:$AA$2089,C$3,FALSE) -> 0 | D21: =VLOOKUP($A21,cuc!$A$3:$AA$2089,D$3,FALSE) -> 0 | E21: =VLOOKUP($A21,cuc!$A$3:$AA$2089,E$3,FALSE) -> 0 | F21: =VLOOKUP($A21,cuc!$A$3:$AA$2089,F$3,FALSE) -> 0 | G21: =VLOOKUP($A21,cuc!$A$3:$AA$2089,G$3,FALSE) -> 0 | H21: =VLOOKUP($A21,cuc!$A$3:$AA$2089,H$3,FALSE) -> 0
A22: 415025 | B22: =PROPER(VLOOKUP($A22,cuc!$A$3:$AA$2089,B$3,FALSE)) -> Intereses De Microcrédito Empresarial | C22: =VLOOKUP($A22,cuc!$A$3:$AA$2089,C$3,FALSE) -> 0 | D22: =VLOOKUP($A22,cuc!$A$3:$AA$2089,D$3,FALSE) -> 0 | E22: =VLOOKUP($A22,cuc!$A$3:$AA$2089,E$3,FALSE) -> 0 | F22: =VLOOKUP($A22,cuc!$A$3:$AA$2089,F$3,FALSE) -> 0 | G22: =VLOOKUP($A22,cuc!$A$3:$AA$2089,G$3,FALSE) -> 0 | H22: =VLOOKUP($A22,cuc!$A$3:$AA$2089,H$3,FALSE) -> 0
A23: 415030 | B23: =PROPER(VLOOKUP($A23,cuc!$A$3:$AA$2089,B$3,FALSE)) -> Intereses De CrÉditos A Empleados | C23: =VLOOKUP($A23,cuc!$A$3:$AA$2089,C$3,FALSE) -> 0 | D23: =VLOOKUP($A23,cuc!$A$3:$AA$2089,D$3,FALSE) -> 0 | E23: =VLOOKUP($A23,cuc!$A$3:$AA$2089,E$3,FALSE) -> 0 | F23: =VLOOKUP($A23,cuc!$A$3:$AA$2089,F$3,FALSE) -> 0 | G23: =VLOOKUP($A23,cuc!$A$3:$AA$2089,G$3,FALSE) -> 0 | H23: =VLOOKUP($A23,cuc!$A$3:$AA$2089,H$3,FALSE) -> 0
A24: Bruta | B24: Total | C24: =SUM(C18:C23) -> 2.3533265e+10 | D24: =SUM(D18:D23) -> 2.6178764e+10 | E24: =SUM(E18:E23) -> 2.8279771e+10 | F24: =SUM(F18:F23) -> 2.9660475e+10 | G24: =SUM(G18:G23) -> 2.9333313e+10 | H24: =SUM(H18:H23) -> 2.3542392e+10
B26: Descripcion | C26: =+C4 -> Año 16 | D26: =+D4 -> Año 17 | E26: =+E4 -> Año 18 | F26: =+F4 -> Año 19 | G26: =+G4 -> Año 20 | H26: =+H4 -> Año 21
B27: Rentabilidad de la cartera | C27: =+C24/C15 -> 0.1691083 | D27: =+D24/AVERAGE(C15:D15) -> 0.17940688 | E27: =+E24/AVERAGE(D15:E15) -> 0.17634265 | F27: =+F24/AVERAGE(E15:F15) -> 0.17865178 | G27: =+G24/AVERAGE(F15:G15) -> 0.16084339 | H27: =(+H24/AVERAGE(G15:H15))/'Indicadores SIAR EVOLUCION'!J1*12 -> 0.13828384

Sheet 0. Participacion cartera
A1: Indicador | B1: Descripción Formula | C1: TIPO | D1: NOMBRE INDICADOR | E1: Descripcion Indicador
A2: RIESGO | B2: Cartera Total Calificada en Categorías B, C, D y E / Cartera Bruta | C2: Riesgo Credito | D2: Indicador de calidad por riesgo | E2: Calidad x Riesgo (B,C,D,E)
B3: 2 | C3: 3 | D3: 4 | E3: 5 | F3: 6 | G3: 7 | H3: 8
A4: Cuenta | B4: Descripcion | C4: Año 16 | D4: Año 17 | E4: Año 18 | F4: Año 19 | G4: Año 20 | H4: Año 21 | BD4: 140400 | BE4: 140500 | BF4: 141100 | BG4: 141200 | BH4: 144100 | BI4: 144200 | BJ4: 144800 | BK4: 145400 | BL4: 145500 | BM4: 146100 | BN4: 146200 | BO4: 146900
A5: 140400 | B5: =PROPER(VLOOKUP($A5,cuc!$A$3:$AA$2089,B$3,FALSE)) -> Créditos De Vivienda - Con Libranza | C5: =VLOOKUP($A5,cuc!$A$3:$AA$2089,C$3,FALSE) -> 0 | D5: =VLOOKUP($A5,cuc!$A$3:$AA$2089,D$3,FALSE) -> 0 | E5: =VLOOKUP($A5,cuc!$A$3:$AA$2089,E$3,FALSE) -> 0 | F5: =VLOOKUP($A5,cuc!$A$3:$AA$2089,F$3,FALSE) -> 0 | G5: =VLOOKUP($A5,cuc!$A$3:$AA$2089,G$3,FALSE) -> 0 | H5: =VLOOKUP($A5,cuc!$A$3:$AA$2089,H$3,FALSE) -> 0
A6: 140500 | B6: =PROPER(VLOOKUP($A6,cuc!$A$3:$AA$2089,B$3,FALSE)) -> Créditos De Vivienda - Sin Libranza | C6: =VLOOKUP($A6,cuc!$A$3:$AA$2089,C$3,FALSE) -> 0 | D6: =VLOOKUP($A6,cuc!$A$3:$AA$2089,D$3,FALSE) -> 0 | E6: =VLOOKUP($A6,cuc!$A$3:$AA$2089,E$3,FALSE) -> 0 | F6: =VLOOKUP($A6,cuc!$A$3:$AA$2089,F$3,FALSE) -> 0 | G6: =VLOOKUP($A6,cuc!$A$3:$AA$2089,G$3,FALSE) -> 0 | H6: =VLOOKUP($A6,cuc!$A$3:$AA$2089,H$3,FALSE) -> 0
A7: 141100 | B7: =PROPER(VLOOKUP($A7,cuc!$A$3:$AA$2089,B$3,FALSE)) -> Créditos De Consumo, Garantía Admisible - Con Libranza | C7: =VLOOKUP($A7,cuc!$A$3:$AA$2089,C$3,FALSE) -> 0 | D7: =VLOOKUP($A7,cuc!$A$3:$AA$2089,D$3,FALSE) -> 0 | E7: =VLOOKUP($A7,cuc!$A$3:$AA$2089,E$3,FALSE) -> 0 | F7: =VLOOKUP($A7,cuc!$A$3:$AA$2089,F$3,FALSE) -> 0 | G7: =VLOOKUP($A7,cuc!$A$3:$AA$2089,G$3,FALSE) -> 0 | H7: =VLOOKUP($A7,cuc!$A$3:$AA$2089,H$3,FALSE) -> 0
A8: 141200 | B8: =PROPER(VLOOKUP($A8,cuc!$A$3:$AA$2089,B$3,FALSE)) -> Créditos De Consumo, Garantía Admisible - Sin Libranza | C8: =VLOOKUP($A8,cuc!$A$3:$AA$2089,C$3,FALSE) -> 0 | D8: =VLOOKUP($A8,cuc!$A$3:$AA$2089,D$3,FALSE) -> 0 | E8: =VLOOKUP($A8,cuc!$A$3:$AA$2089,E$3,FALSE) -> 0 | F8: =VLOOKUP($A8,cuc!$A$3:$AA$2089,F$3,FALSE) -> 0 | G8: =VLOOKUP($A8,cuc!$A$3:$AA$2089,G$3,FALSE) -> 0 | H8: =VLOOKUP($A8,cuc!$A$3:$AA$2089,H$3,FALSE) -> 0
A9: 144100 | B9: =PROPER(VLOOKUP($A9,cuc!$A$3:$AA$2089,B$3,FALSE)) -> Créditos De Consumo, Otras Garantías - Con Libranza | C9: =VLOOKUP($A9,cuc!$A$3:$AA$2089,C$3,FALSE) -> 1.4481448e+11 | D9: =VLOOKUP($A9,cuc!$A$3:$AA$2089,D$3,FALSE) -> 1.5811219e+11 | E9: =VLOOKUP($A9,cuc!$A$3:$AA$2089,E$3,FALSE) -> 1.7334364e+11 | F9: =VLOOKUP($A9,cuc!$A$3:$AA$2089,F$3,FALSE) -> 1.7299559e+11 | G9: =VLOOKUP($A9,cuc!$A$3:$AA$2089,G$3,FALSE) -> 2.1429509e+11 | H9: =VLOOKUP($A9,cuc!$A$3:$AA$2089,H$3,FALSE) -> 2.1770214e+11
A10: 144200 | B10: =PROPER(VLOOKUP($A10,cuc!$A$3:$AA$2089,B$3,FALSE)) -> Créditos De Consumo, Otras Garantías - Sin Libranza | C10: =VLOOKUP($A10,cuc!$A$3:$AA$2089,C$3,FALSE) -> 0 | D10: =VLOOKUP($A10,cuc!$A$3:$AA$2089,D$3,FALSE) -> 0 | E10: =VLOOKUP($A10,cuc!$A$3:$AA$2089,E$3,FALSE) -> 0 | F10: =VLOOKUP($A10,cuc!$A$3:$AA$2089,F$3,FALSE) -> 0 | G10: =VLOOKUP($A10,cuc!$A$3:$AA$2089,G$3,FALSE) -> 0 | H10: =VLOOKUP($A10,cuc!$A$3:$AA$2089,H$3,FALSE) -> 0
B11: cartera BRUTA | C11: =+SUM(C5:C10) -> 1.4481448e+11 | D11: =+SUM(D5:D10) -> 1.5811219e+11 | E11: =+SUM(E5:E10) -> 1.7334364e+11 | F11: =+SUM(F5:F10) -> 1.7299559e+11 | G11: =+SUM(G5:G10) -> 2.1429509e+11 | H11: =+SUM(H5:H10) -> 2.1770214e+11
A13: Cuenta | B13: Descripción | C13: =+C$4 -> Año 16 | D13: =+D$4 -> Año 17 | E13: =+E$4 -> Año 18 | F13: =+F$4 -> Año 19 | G13: =+G$4 -> Año 20 | H13: =+H$4 -> Año 21 | BD13: 140400 | BE13: 140500 | BF13: 141100 | BG13: 141200 | BH13: 144100 | BI13: 144200 | BJ13: 144800 | BK13: 145400 | BL13: 145500 | BM13: 146100 | BN13: 146200 | BO13: 146900
A14: 100000 | B14: =PROPER(VLOOKUP($A14,cuc!$A$3:$AA$2089,B$3,FALSE)) -> Activo | C14: =VLOOKUP($A14,cuc!$A$3:$AA$2089,C$3,FALSE) -> 1.6867366e+11 | D14: =VLOOKUP($A14,cuc!$A$3:$AA$2089,D$3,FALSE) -> 1.826563e+11 | E14: =VLOOKUP($A14,cuc!$A$3:$AA$2089,E$3,FALSE) -> 1.9636539e+11 | F14: =VLOOKUP($A14,cuc!$A$3:$AA$2089,F$3,FALSE) -> 2.0678357e+11 | G14: =VLOOKUP($A14,cuc!$A$3:$AA$2089,G$3,FALSE) -> 2.3089375e+11 | H14: =VLOOKUP($A14,cuc!$A$3:$AA$2089,H$3,FALSE) -> 2.4049823e+11
A15: 146800 | B15: =PROPER(VLOOKUP($A15,cuc!$A$3:$AA$2089,B$3,FALSE)) -> Deterioro General De Cartera De CrÉditos (Cr) | C15: =VLOOKUP($A15,cuc!$A$3:$AA$2089,C$3,FALSE) -> 2.8962897e+09 | D15: =VLOOKUP($A15,cuc!$A$3:$AA$2089,D$3,FALSE) -> 3.1622438e+09 | E15: =VLOOKUP($A15,cuc!$A$3:$AA$2089,E$3,FALSE) -> 3.4668728e+09 | F15: =VLOOKUP($A15,cuc!$A$3:$AA$2089,F$3,FALSE) -> 3.4599118e+09 | G15: =VLOOKUP($A15,cuc!$A$3:$AA$2089,G$3,FALSE) -> 4.2859263e+09 | H15: =VLOOKUP($A15,cuc!$A$3:$AA$2089,H$3,FALSE) -> 4.3540428e+09
A16: Bruta | B16: Total | C16: =SUM(C14:C15) -> 1.7156995e+11 | D16: =SUM(D14:D15) -> 1.8581855e+11 | E16: =SUM(E14:E15) -> 1.9983226e+11 | F16: =SUM(F14:F15) -> 2.1024348e+11 | G16: =SUM(G14:G15) -> 2.3517967e+11 | H16: =SUM(H14:H15) -> 2.4485228e+11
B18: Descripcion | C18: =+C4 -> Año 16 | D18: =+D4 -> Año 17 | E18: =+E4 -> Año 18 | F18: =+F4 -> Año 19 | G18: =+G4 -> Año 20 | H18: =+H4 -> Año 21
B19: Participacion de cartera | C19: =+C11/C16 -> 0.84405507 | D19: =+D11/D16 -> 0.85089564 | E19: =+E11/E16 -> 0.86744573 | F19: =+F11/F16 -> 0.82283448 | G19: =+G11/G16 -> 0.91119732 | H19: =+H11/H16 -> 0.88911626

Sheet 1. SARC - Calidad Cartera
A1: Indicador | B1: Descripción Formula | C1: TIPO | D1: NOMBRE INDICADOR | E1: Descripcion Indicador
A2: RIESGO | B2: Cartera Total Calificada en Categorías B, C, D y E / Cartera Bruta | C2: Riesgo Credito | D2: Indicador de calidad por riesgo | E2: Calidad x Riesgo (B,C,D,E)
B3: 2 | C3: 3 | D3: 4 | E3: 5 | F3: 6 | G3: 7 | H3: 8
A4: Cuenta | B4: Descripcion | C4: Año 16 | D4: Año 17 | E4: Año 18 | F4: Año 19 | G4: Año 20 | H4: Año 21 | BD4: 140400 | BE4: 140500 | BF4: 141100 | BG4: 141200 | BH4: 144100 | BI4: 144200 | BJ4: 144800 | BK4: 145400 | BL4: 145500 | BM4: 146100 | BN4: 146200 | BO4: 146900
A5: 140410 | B5: =PROPER(VLOOKUP($A5,cuc!$A$3:$AA$2089,B$3,FALSE)) -> Categoría B Riesgo Aceptable | C5: =VLOOKUP($A5,cuc!$A$3:$AA$2089,C$3,FALSE) -> 0 | D5: =VLOOKUP($A5,cuc!$A$3:$AA$2089,D$3,FALSE) -> 0 | E5: =VLOOKUP($A5,cuc!$A$3:$AA$2089,E$3,FALSE) -> 0 | F5: =VLOOKUP($A5,cuc!$A$3:$AA$2089,F$3,FALSE) -> 0 | G5: =VLOOKUP($A5,cuc!$A$3:$AA$2089,G$3,FALSE) -> 0 | H5: =VLOOKUP($A5,cuc!$A$3:$AA$2089,H$3,FALSE) -> 0
A6: 140415 | B6: =PROPER(VLOOKUP($A6,cuc!$A$3:$AA$2089,B$3,FALSE)) -> Categoría C Riesgo Apreciable | C6: =VLOOKUP($A6,cuc!$A$3:$AA$2089,C$3,FALSE) -> 0 | D6: =VLOOKUP($A6,cuc!$A$3:$AA$2089,D$3,FALSE) -> 0 | E6: =VLOOKUP($A6,cuc!$A$3:$AA$2089,E$3,FALSE) -> 0 | F6: =VLOOKUP($A6,cuc!$A$3:$AA$2089,F$3,FALSE) -> 0 | G6: =VLOOKUP($A6,cuc!$A$3:$AA$2089,G$3,FALSE) -> 0 | H6: =VLOOKUP($A6,cuc!$A$3:$AA$2089,H$3,FALSE) -> 0
A7: 140420 | B7: =PROPER(VLOOKUP($A7,cuc!$A$3:$AA$2089,B$3,FALSE)) -> Categoría D Riesgo Significativo | C7: =VLOOKUP($A7,cuc!$A$3:$AA$2089,C$3,FALSE) -> 0 | D7: =VLOOKUP($A7,cuc!$A$3:$AA$2089,D$3,FALSE) -> 0 | E7: =VLOOKUP($A7,cuc!$A$3:$AA$2089,E$3,FALSE) -> 0 | F7: =VLOOKUP($A7,cuc!$A$3:$AA$2089,F$3,FALSE) -> 0 | G7: =VLOOKUP($A7,cuc!$A$3:$AA$2089,G$3,FALSE) -> 0 | H7: =VLOOKUP($A7,cuc!$A$3:$AA$2089,H$3,FALSE) -> 0
A8: 140425 | B8: =PROPER(VLOOKUP($A8,cuc!$A$3:$AA$2089,B$3,FALSE)) -> Categoría E Riesgo De Incobrabilidad | C8: =VLOOKUP($A8,cuc!$A$3:$AA$2089,C$3,FALSE) -> 0 | D8: =VLOOKUP($A8,cuc!$A$3:$AA$2089,D$3,FALSE) -> 0 | E8: =VLOOKUP($A8,cuc!$A$3:$AA$2089,E$3,FALSE) -> 0 | F8: =VLOOKUP($A8,cuc!$A$3:$AA$2089,F$3,FALSE) -> 0 | G8: =VLOOKUP($A8,cuc!$A$3:$AA$2089,G$3,FALSE) -> 0 | H8: =VLOOKUP($A8,cuc!$A$3:$AA$2089,H$3,FALSE) -> 0
A9: 140510 | B9: =PROPER(VLOOKUP($A9,cuc!$A$3:$AA$2089,B$3,FALSE)) -> Categoría B Riesgo Aceptable | C9: =VLOOKUP($A9,cuc!$A$3:$AA$2089,C$3,FALSE) -> 0 | D9: =VLOOKUP($A9,cuc!$A$3:$AA$2089,D$3,FALSE) -> 0 | E9: =VLOOKUP($A9,cuc!$A$3:$AA$2089,E$3,FALSE) -> 0 | F9: =VLOOKUP($A9,cuc!$A$3:$AA$2089,F$3,FALSE) -> 0 | G9: =VLOOKUP($A9,cuc!$A$3:$AA$2089,G$3,FALSE) -> 0 | H9: =VLOOKUP($A9,cuc!$A$3:$AA$2089,H$3,FALSE) -> 0
A10: 140515 | B10: =PROPER(VLOOKUP($A10,cuc!$A$3:$AA$2089,B$3,FALSE)) -> Categoría C Riesgo Apreciable | C10: =VLOOKUP($A10,cuc!$A$3:$AA$2089,C$3,FALSE) -> 0 | D10: =VLOOKUP($A10,cuc!$A$3:$AA$2089,D$3,FALSE) -> 0 | E10: =VLOOKUP($A10,cuc!$A$3:$AA$2089,E$3,FALSE) -> 0 | F10: =VLOOKUP($A10,cuc!$A$3:$AA$2089,F$3,FALSE) -> 0 | G10: =VLOOKUP($A10,cuc!$A$3:$AA$2089,G$3,FALSE) -> 0 | H10: =VLOOKUP($A10,cuc!$A$3:$AA$2089,H$3,FALSE) -> 0
A11: 140520 | B11: =PROPER(VLOOKUP($A11,cuc!$A$3:$AA$2089,B$3,FALSE)) -> Categoría D Riesgo Significativo | C11: =VLOOKUP($A11,cuc!$A$3:$AA$2089,C$3,FALSE) -> 0 | D11: =VLOOKUP($A11,cuc!$A$3:$AA$2089,D$3,FALSE) -> 0 | E11: =VLOOKUP($A11,cuc!$A$3:$AA$2089,E$3,FALSE) -> 0 | F11: =VLOOKUP($A11,cuc!$A$3:$AA$2089,F$3,FALSE) -> 0 | G11: =VLOOKUP($A11,cuc!$A$3:$AA$2089,G$3,FALSE) -> 0 | H11: =VLOOKUP($A11,cuc!$A$3:$AA$2089,H$3,FALSE) -> 0
A12: 140525 | B12: =PROPER(VLOOKUP($A12,cuc!$A$3:$AA$2089,B$3,FALSE)) -> Categoría E Riesgo De Incobrabilidad | C12: =VLOOKUP($A12,cuc!$A$3:$AA$2089,C$3,FALSE) -> 0 | D12: =VLOOKUP($A12,cuc!$A$3:$AA$2089,D$3,FALSE) -> 0 | E12: =VLOOKUP($A12,cuc!$A$3:$AA$2089,E$3,FALSE) -> 0 | F12: =VLOOKUP($A12,cuc!$A$3:$AA$2089,F$3,FALSE) -> 0 | G12: =VLOOKUP($A12,cuc!$A$3:$AA$2089,G$3,FALSE) -> 0 | H12: =VLOOKUP($A12,cuc!$A$3:$AA$2089,H$3,FALSE) -> 0
A13: 141110 | B13: =PROPER(VLOOKUP($A13,cuc!$A$3:$AA$2089,B$3,FALSE)) -> Categoría B Riesgo Aceptable | C13: =VLOOKUP($A13,cuc!$A$3:$AA$2089,C$3,FALSE) -> 0 | D13: =VLOOKUP($A13,cuc!$A$3:$AA$2089,D$3,FALSE) -> 0 | E13: =VLOOKUP($A13,cuc!$A$3:$AA$2089,E$3,FALSE) -> 0 | F13: =VLOOKUP($A13,cuc!$A$3:$AA$2089,F$3,FALSE) -> 0 | G13: =VLOOKUP($A13,cuc!$A$3:$AA$2089,G$3,FALSE) -> 0 | H13: =VLOOKUP($A13,cuc!$A$3:$AA$2089,H$3,FALSE) -> 0
A14: 141115 | B14: =PROPER(VLOOKUP($A14,cuc!$A$3:$AA$2089,B$3,FALSE)) -> Categoría C Riesgo Apreciable | C14: =VLOOKUP($A14,cuc!$A$3:$AA$2089,C$3,FALSE) -> 0 | D14: =VLOOKUP($A14,cuc!$A$3:$AA$2089,D$3,FALSE) -> 0 | E14: =VLOOKUP($A14,cuc!$A$3:$AA$2089,E$3,FALSE) -> 0 | F14: =VLOOKUP($A14,cuc!$A$3:$AA$2089,F$3,FALSE) -> 0 | G14: =VLOOKUP($A14,cuc!$A$3:$AA$2089,G$3,FALSE) -> 0 | H14: =VLOOKUP($A14,cuc!$A$3:$AA$2089,H$3,FALSE) -> 0
A15: 141120 | B15: =PROPER(VLOOKUP($A15,cuc!$A$3:$AA$2089,B$3,FALSE)) -> Categoría D Riesgo Significativo | C15: =VLOOKUP($A15,cuc!$A$3:$AA$2089,C$3,FALSE) -> 0 | D15: =VLOOKUP($A15,cuc!$A$3:$AA$2089,D$3,FALSE) -> 0 | E15: =VLOOKUP($A15,cuc!$A$3:$AA$2089,E$3,FALSE) -> 0 | F15: =VLOOKUP($A15,cuc!$A$3:$AA$2089,F$3,FALSE) -> 0 | G15: =VLOOKUP($A15,cuc!$A$3:$AA$2089,G$3,FALSE) -> 0 | H15: =VLOOKUP($A15,cuc!$A$3:$AA$2089,H$3,FALSE) -> 0
A16: 141125 | B16: =PROPER(VLOOKUP($A16,cuc!$A$3:$AA$2089,B$3,FALSE)) -> Categoría E Riesgo De Incobrabilidad | C16: =VLOOKUP($A16,cuc!$A$3:$AA$2089,C$3,FALSE) -> 0 | D16: =VLOOKUP($A16,cuc!$A$3:$AA$2089,D$3,FALSE) -> 0 | E16: =VLOOKUP($A16,cuc!$A$3:$AA$2089,E$3,FALSE) -> 0 | F16: =VLOOKUP($A16,cuc!$A$3:$AA$2089,F$3,FALSE) -> 0 | G16: =VLOOKUP($A16,cuc!$A$3:$AA$2089,G$3,FALSE) -> 0 | H16: =VLOOKUP($A16,cuc!$A$3:$AA$2089,H$3,FALSE) -> 0
... A56: 146950 | B56: =PROPER(VLOOKUP($A56,cuc!$A$3:$AA$2089,B$3,FALSE)) -> Categoría E Riesgo De Incobrabilidad, Consumo | C56: =VLOOKUP($A56,cuc!$A$3:$AA$2089,C$3,FALSE) -> 0 | D56: =VLOOKUP($A56,cuc!$A$3:$AA$2089,D$3,FALSE) -> 0 | E56: =VLOOKUP($A56,cuc!$A$3:$AA$2089,E$3,FALSE) -> 0 | F56: =VLOOKUP($A56,cuc!$A$3:$AA$2089,F$3,FALSE) -> 0 | G56: =VLOOKUP($A56,cuc!$A$3:$AA$2089,G$3,FALSE) -> 0 | H56: =VLOOKUP($A56,cuc!$A$3:$AA$2089,H$3,FALSE) -> 0
A57: Mora | C57: =+SUM(C5:C56) -> 8.1836182e+09 | D57: =+SUM(D5:D56) -> 7.285403e+09 | E57: =+SUM(E5:E56) -> 7.4976904e+09 | F57: =+SUM(F5:F56) -> 11661036010 | G57: =+SUM(G5:G56) -> 15851690660 | H57: =+SUM(H5:H56) -> 13100453222
A59: Cuenta | B59: Descripción | C59: =+C$4 -> Año 16 | D59: =+D$4 -> Año 17 | E59: =+E$4 -> Año 18 | F59: =+F$4 -> Año 19 | G59: =+G$4 -> Año 20 | H59: =+H$4 -> Año 21 | BD59: 140400 | BE59: 140500 | BF59: 141100 | BG59: 141200 | BH59: 144100 | BI59: 144200 | BJ59: 144800 | BK59: 145400 | BL59: 145500 | BM59: 146100 | BN59: 146200 | BO59: 146900
A60: 140400 | B60: =PROPER(VLOOKUP($A60,cuc!$A$3:$AA$2089,B$3,FALSE)) -> Créditos De Vivienda - Con Libranza | C60: =VLOOKUP($A60,cuc!$A$3:$AA$2089,C$3,FALSE) -> 0 | D60: =VLOOKUP($A60,cuc!$A$3:$AA$2089,D$3,FALSE) -> 0 | E60: =VLOOKUP($A60,cuc!$A$3:$AA$2089,E$3,FALSE) -> 0 | F60: =VLOOKUP($A60,cuc!$A$3:$AA$2089,F$3,FALSE) -> 0 | G60: =VLOOKUP($A60,cuc!$A$3:$AA$2089,G$3,FALSE) -> 0 | H60: =VLOOKUP($A60,cuc!$A$3:$AA$2089,H$3,FALSE) -> 0
A61: 140500 | B61: =PROPER(VLOOKUP($A61,cuc!$A$3:$AA$2089,B$3,FALSE)) -> Créditos De Vivienda - Sin Libranza | C61: =VLOOKUP($A61,cuc!$A$3:$AA$2089,C$3,FALSE) -> 0 | D61: =VLOOKUP($A61,cuc!$A$3:$AA$2089,D$3,FALSE) -> 0 | E61: =VLOOKUP($A61,cuc!$A$3:$AA$2089,E$3,FALSE) -> 0 | F61: =VLOOKUP($A61,cuc!$A$3:$AA$2089,F$3,FALSE) -> 0 | G61: =VLOOKUP($A61,cuc!$A$3:$AA$2089,G$3,FALSE) -> 0 | H61: =VLOOKUP($A61,cuc!$A$3:$AA$2089,H$3,FALSE) -> 0
A62: 141100 | B62: =PROPER(VLOOKUP($A62,cuc!$A$3:$AA$2089,B$3,FALSE)) -> Créditos De Consumo, Garantía Admisible - Con Libranza | C62: =VLOOKUP($A62,cuc!$A$3:$AA$2089,C$3,FALSE) -> 0 | D62: =VLOOKUP($A62,cuc!$A$3:$AA$2089,D$3,FALSE) -> 0 | E62: =VLOOKUP($A62,cuc!$A$3:$AA$2089,E$3,FALSE) -> 0 | F62: =VLOOKUP($A62,cuc!$A$3:$AA$2089,F$3,FALSE) -> 0 | G62: =VLOOKUP($A62,cuc!$A$3:$AA$2089,G$3,FALSE) -> 0 | H62: =VLOOKUP($A62,cuc!$A$3:$AA$2089,H$3,FALSE) -> 0
A63: 141200 | B63: =PROPER(VLOOKUP($A63,cuc!$A$3:$AA$2089,B$3,FALSE)) -> Créditos De Consumo, Garantía Admisible - Sin Libranza | C63: =VLOOKUP($A63,cuc!$A$3:$AA$2089,C$3,FALSE) -> 0 | D63: =VLOOKUP($A63,cuc!$A$3:$AA$2089,D$3,FALSE) -> 0 | E63: =VLOOKUP($A63,cuc!$A$3:$AA$2089,E$3,FALSE) -> 0 | F63: =VLOOKUP($A63,cuc!$A$3:$AA$2089,F$3,FALSE) -> 0 | G63: =VLOOKUP($A63,cuc!$A$3:$AA$2089,G$3,FALSE) -> 0 | H63: =VLOOKUP($A63,cuc!$A$3:$AA$2089,H$3,FALSE) -> 0
A64: 144100 | B64: =PROPER(VLOOKUP($A64,cuc!$A$3:$AA$2089,B$3,FALSE)) -> Créditos De Consumo, Otras Garantías - Con Libranza | C64: =VLOOKUP($A64,cuc!$A$3:$AA$2089,C$3,FALSE) -> 1.4481448e+11 | D64: =VLOOKUP($A64,cuc!$A$3:$AA$2089,D$3,FALSE) -> 1.5811219e+11 | E64: =VLOOKUP($A64,cuc!$A$3:$AA$2089,E$3,FALSE) -> 1.7334364e+11 | F64: =VLOOKUP($A64,cuc!$A$3:$AA$2089,F$3,FALSE) -> 1.7299559e+11 | G64: =VLOOKUP($A64,cuc!$A$3:$AA$2089,G$3,FALSE) -> 2.1429509e+11 | H64: =VLOOKUP($A64,cuc!$A$3:$AA$2089,H$3,FALSE) -> 2.1770214e+11
A65: 144200 | B65: =PROPER(VLOOKUP($A65,cuc!$A$3:$AA$2089,B$3,FALSE)) -> Créditos De Consumo, Otras Garantías - Sin Libranza | C65: =VLOOKUP($A65,cuc!$A$3:$AA$2089,C$3,FALSE) -> 0 | D65: =VLOOKUP($A65,cuc!$A$3:$AA$2089,D$3,FALSE) -> 0 | E65: =VLOOKUP($A65,cuc!$A$3:$AA$2089,E$3,FALSE) -> 0 | F65: =VLOOKUP($A65,cuc!$A$3:$AA$2089,F$3,FALSE) -> 0 | G65: =VLOOKUP($A65,cuc!$A$3:$AA$2089,G$3,FALSE) -> 0 | H65: =VLOOKUP($A65,cuc!$A$3:$AA$2089,H$3,FALSE) -> 0
A66: 144800 | B66: =PROPER(VLOOKUP($A66,cuc!$A$3:$AA$2089,B$3,FALSE)) -> Microcrédito Inmobiliario | C66: =VLOOKUP($A66,cuc!$A$3:$AA$2089,C$3,FALSE) -> 0 | D66: =VLOOKUP($A66,cuc!$A$3:$AA$2089,D$3,FALSE) -> 0 | E66: =VLOOKUP($A66,cuc!$A$3:$AA$2089,E$3,FALSE) -> 0 | F66: =VLOOKUP($A66,cuc!$A$3:$AA$2089,F$3,FALSE) -> 0 | G66: =VLOOKUP($A66,cuc!$A$3:$AA$2089,G$3,FALSE) -> 0 | H66: =VLOOKUP($A66,cuc!$A$3:$AA$2089,H$3,FALSE) -> 0
